Workbook
Name CustCode: 'Top Sheet'!$B$6
Name DateEnd: 'Top Sheet'!$E$3
Name DateStart: 'Top Sheet'!$D$3
Name DealerName: 'Top Sheet'!$B$7
Name Plant: 'Top Sheet'!$B$8
Name TSCom: 'Top Sheet'!$B$15
Name TSDom: 'Top Sheet'!$B$16
Name WPPCom: 'Top Sheet'!$B$11
Name WPPDom: 'Top Sheet'!$B$12

Sheet Top Sheet
B2: Isla LPG Corporation | D2: FROM | E2: TO
B3: GMS Dealer Submission Template for the period: | D3: ='[1]TOP SHEET'!$D$8 -> 45962 | E3: ='[1]TOP SHEET'!$E$8 -> 45991
A6: Customer code: | B6: C2-0000748
A7: Dealer: | B7: ALJALANI SALES MARKETING | D7: Check: Dealer: | E7: =IF(INDEX('[2]Data out'!$B:$B,MATCH(CustCode,'[2]Data out'!$A:$A,0))=DealerName,"OK","Name does not match.") -> OK
A8: Plant: | B8: =INDEX('[2]Data out'!$C:$C,MATCH(CustCode,'[2]Data out'!$A:$A,0)) -> CAMSUR/Daraga
A10: WPP
A11: Commercial | B11: =VLOOKUP(CustCode,'[1]Data out'!$A:$N,14,FALSE) -> 86.5015
A12: Domestic | B12: =VLOOKUP(CustCode,'[1]Data out'!$A:$O,15,FALSE) -> 87.0515
A14: Tactical Support
A15: Commercial | B15: =VLOOKUP(CustCode,'[1]DOI FOR THE CLAIM MONTH'!$A:$O,15,FALSE) -> 15
A16: Domestic | B16: =VLOOKUP(CustCode,'[1]DOI FOR THE CLAIM MONTH'!$A:$E,5,FALSE) -> 20.72
A18: FBAM INSTRUCTIONS ON INVENTORY MONITORING WERE HERE

Sheet Commercial GMS
A1: Dealer: | C1: =DealerName -> ALJALANI SALES MARKETING | E1: BACK TO TOP SHEET
A2: Plant: | C2: =Plant -> CAMSUR/Daraga | D2: INSTRUCTIONS: | F2: 1. Only enrolled accounts can be claimed for the month. Enrolled Accounts together with the approved support can be seen in the Enrolled Account Sheet.
A3: Month of Claim | C3: =DateStart -> 45962 | F3: 2. Those that are not enrolled should be enrolled through the FBAM and will take effect in NEXT MONTH's SUBMISSION.
A4: Segment: | C4: COMMERCIAL | F4: 3. GMS will up to the approved limit only. Red Cells in Column L have approved support lower than the resulting support.
A5: Commercial GMS Amount | C5: =SUM($N$9:$N$5008) -> 64395.907 | E5: =D5-C5 -> -64395.907 | F5: 4. Those whose resulting GMS is higher than approved support should be re-enrolled but will only take effect in NEXT MONTH'S SUBMISSION.
A6: GMS Volume in kg | C6: =SUM($D$9:$D$5008) -> 6150 | E6: =D6-C6 -> -6150
A8: Date (INPUT) | B8: Invoice Number (INPUT) | C8: Account (INPUT AS DROPDOWN) | D8: Volume in kg (INPUT) | E8: VATEX End Customer Price PER KG (INPUT) | F8: WPP (P/kg) | G8: Tactical DOI (P/kg) | H8: Net WPP (P/kg) | I8: Dealer Margin (P/kg) | J8: GMS Rate (P/kg) | K8: Resulting Price Support (P/kg) | L8: Approved Price Support (P/kg) | M8: Should be Price Support Rate (P/kg) | N8: GMS Amount (Php)
A9: 45972 | B9: 38221 | C9: ABAN LAUNDRY | D9: 50 | E9: =84.82/1.12 -> 75.732143 | F9: =WPPCom -> 86.5015 | G9: =TSCom -> 15 | H9: =F9-G9 -> 71.5015 | I9: =E9-H9 -> 4.2306429 | J9: =IF(ISNA(VLOOKUP(C9,'Com Enrolled Accounts'!$A:$B,2,0))=TRUE,0,VLOOKUP(C9,'Com Enrolled Accounts'!$A:$B,2,0)) -> 8.27 | K9: =IF(J9=0,0,J9-I9) -> 4.0393571 | L9: =IF(ISNA(VLOOKUP(C9,'Com Enrolled Accounts'!$A:$C,3,0))=TRUE,0,VLOOKUP(C9,'Com Enrolled Accounts'!$A:$C,3,0)) -> 15.03 | M9: =IF(L9>K9,K9,L9) -> 4.0393571 | N9: =IF(M9<0,0,M9*D9) -> 201.96786
A10: 45989 | B10: 38726 | C10: ABAN LAUNDRY | D10: 50 | E10: =84.82/1.12 -> 75.732143 | F10: =WPPCom -> 86.5015 | G10: =TSCom -> 15 | H10: =F10-G10 -> 71.5015 | I10: =E10-H10 -> 4.2306429 | J10: =IF(ISNA(VLOOKUP(C10,'Com Enrolled Accounts'!$A:$B,2,0))=TRUE,0,VLOOKUP(C10,'Com Enrolled Accounts'!$A:$B,2,0)) -> 8.27 | K10: =IF(J10=0,0,J10-I10) -> 4.0393571 | L10: =IF(ISNA(VLOOKUP(C10,'Com Enrolled Accounts'!$A:$C,3,0))=TRUE,0,VLOOKUP(C10,'Com Enrolled Accounts'!$A:$C,3,0)) -> 15.03 | M10: =IF(L10>K10,K10,L10) -> 4.0393571 | N10: =IF(M10<0,0,M10*D10) -> 201.96786
A11: 45968 | B11: 38098 | C11: AVEGAIL'S LAUNDRY | D11: 50 | E11: =84.82/1.12 -> 75.732143 | F11: =WPPCom -> 86.5015 | G11: =TSCom -> 15 | H11: =F11-G11 -> 71.5015 | I11: =E11-H11 -> 4.2306429 | J11: =IF(ISNA(VLOOKUP(C11,'Com Enrolled Accounts'!$A:$B,2,0))=TRUE,0,VLOOKUP(C11,'Com Enrolled Accounts'!$A:$B,2,0)) -> 8.27 | K11: =IF(J11=0,0,J11-I11) -> 4.0393571 | L11: =IF(ISNA(VLOOKUP(C11,'Com Enrolled Accounts'!$A:$C,3,0))=TRUE,0,VLOOKUP(C11,'Com Enrolled Accounts'!$A:$C,3,0)) -> 25.23 | M11: =IF(L11>K11,K11,L11) -> 4.0393571 | N11: =IF(M11<0,0,M11*D11) -> 201.96786
A12: 45985 | B12: 38599 | C12: backyard edible Garden -Shiela Delos Reyes | D12: 50 | E12: =84.82/1.12 -> 75.732143 | F12: =WPPCom -> 86.5015 | G12: =TSCom -> 15 | H12: =F12-G12 -> 71.5015 | I12: =E12-H12 -> 4.2306429 | J12: =IF(ISNA(VLOOKUP(C12,'Com Enrolled Accounts'!$A:$B,2,0))=TRUE,0,VLOOKUP(C12,'Com Enrolled Accounts'!$A:$B,2,0)) -> 8.27 | K12: =IF(J12=0,0,J12-I12) -> 4.0393571 | L12: =IF(ISNA(VLOOKUP(C12,'Com Enrolled Accounts'!$A:$C,3,0))=TRUE,0,VLOOKUP(C12,'Com Enrolled Accounts'!$A:$C,3,0)) -> 8.84 | M12: =IF(L12>K12,K12,L12) -> 4.0393571 | N12: =IF(M12<0,0,M12*D12) -> 201.96786
A13: 45966 | B13: 38051 | C13: CHERISH RESORT | D13: 50 | E13: =73.82/1.12 -> 65.910714 | F13: =WPPCom -> 86.5015 | G13: =TSCom -> 15 | H13: =F13-G13 -> 71.5015 | I13: =E13-H13 -> -5.5907857 | J13: =IF(ISNA(VLOOKUP(C13,'Com Enrolled Accounts'!$A:$B,2,0))=TRUE,0,VLOOKUP(C13,'Com Enrolled Accounts'!$A:$B,2,0)) -> 8.27 | K13: =IF(J13=0,0,J13-I13) -> 13.860786 | L13: =IF(ISNA(VLOOKUP(C13,'Com Enrolled Accounts'!$A:$C,3,0))=TRUE,0,VLOOKUP(C13,'Com Enrolled Accounts'!$A:$C,3,0)) -> 15.03 | M13: =IF(L13>K13,K13,L13) -> 13.860786 | N13: =IF(M13<0,0,M13*D13) -> 693.03929
A14: 45971 | B14: 38199 | C14: CHERISH RESORT | D14: 50 | E14: =73.82/1.12 -> 65.910714 | F14: =WPPCom -> 86.5015 | G14: =TSCom -> 15 | H14: =F14-G14 -> 71.5015 | I14: =E14-H14 -> -5.5907857 | J14: =IF(ISNA(VLOOKUP(C14,'Com Enrolled Accounts'!$A:$B,2,0))=TRUE,0,VLOOKUP(C14,'Com Enrolled Accounts'!$A:$B,2,0)) -> 8.27 | K14: =IF(J14=0,0,J14-I14) -> 13.860786 | L14: =IF(ISNA(VLOOKUP(C14,'Com Enrolled Accounts'!$A:$C,3,0))=TRUE,0,VLOOKUP(C14,'Com Enrolled Accounts'!$A:$C,3,0)) -> 15.03 | M14: =IF(L14>K14,K14,L14) -> 13.860786 | N14: =IF(M14<0,0,M14*D14) -> 693.03929
A15: 45963 | B15: 37962 | C15: CHERISH RESORT | D15: 50 | E15: =73.82/1.12 -> 65.910714 | F15: =WPPCom -> 86.5015 | G15: =TSCom -> 15 | H15: =F15-G15 -> 71.5015 | I15: =E15-H15 -> -5.5907857 | J15: =IF(ISNA(VLOOKUP(C15,'Com Enrolled Accounts'!$A:$B,2,0))=TRUE,0,VLOOKUP(C15,'Com Enrolled Accounts'!$A:$B,2,0)) -> 8.27 | K15: =IF(J15=0,0,J15-I15) -> 13.860786 | L15: =IF(ISNA(VLOOKUP(C15,'Com Enrolled Accounts'!$A:$C,3,0))=TRUE,0,VLOOKUP(C15,'Com Enrolled Accounts'!$A:$C,3,0)) -> 15.03 | M15: =IF(L15>K15,K15,L15) -> 13.860786 | N15: =IF(M15<0,0,M15*D15) -> 693.03929
A16: 45975 | B16: 38330 | C16: CHERISH RESORT | D16: 50 | E16: =73.82/1.12 -> 65.910714 | F16: =WPPCom -> 86.5015 | G16: =TSCom -> 15 | H16: =F16-G16 -> 71.5015 | I16: =E16-H16 -> -5.5907857 | J16: =IF(ISNA(VLOOKUP(C16,'Com Enrolled Accounts'!$A:$B,2,0))=TRUE,0,VLOOKUP(C16,'Com Enrolled Accounts'!$A:$B,2,0)) -> 8.27 | K16: =IF(J16=0,0,J16-I16) -> 13.860786 | L16: =IF(ISNA(VLOOKUP(C16,'Com Enrolled Accounts'!$A:$C,3,0))=TRUE,0,VLOOKUP(C16,'Com Enrolled Accounts'!$A:$C,3,0)) -> 15.03 | M16: =IF(L16>K16,K16,L16) -> 13.860786 | N16: =IF(M16<0,0,M16*D16) -> 693.03929
A17: 45977 | B17: 38378 | C17: CHERISH RESORT | D17: 50 | E17: =73.82/1.12 -> 65.910714 | F17: =WPPCom -> 86.5015 | G17: =TSCom -> 15 | H17: =F17-G17 -> 71.5015 | I17: =E17-H17 -> -5.5907857 | J17: =IF(ISNA(VLOOKUP(C17,'Com Enrolled Accounts'!$A:$B,2,0))=TRUE,0,VLOOKUP(C17,'Com Enrolled Accounts'!$A:$B,2,0)) -> 8.27 | K17: =IF(J17=0,0,J17-I17) -> 13.860786 | L17: =IF(ISNA(VLOOKUP(C17,'Com Enrolled Accounts'!$A:$C,3,0))=TRUE,0,VLOOKUP(C17,'Com Enrolled Accounts'!$A:$C,3,0)) -> 15.03 | M17: =IF(L17>K17,K17,L17) -> 13.860786 | N17: =IF(M17<0,0,M17*D17) -> 693.03929
A18: 45979 | B18: 38448 | C18: CHERISH RESORT | D18: 50 | E18: =73.82/1.12 -> 65.910714 | F18: =WPPCom -> 86.5015 | G18: =TSCom -> 15 | H18: =F18-G18 -> 71.5015 | I18: =E18-H18 -> -5.5907857 | J18: =IF(ISNA(VLOOKUP(C18,'Com Enrolled Accounts'!$A:$B,2,0))=TRUE,0,VLOOKUP(C18,'Com Enrolled Accounts'!$A:$B,2,0)) -> 8.27 | K18: =IF(J18=0,0,J18-I18) -> 13.860786 | L18: =IF(ISNA(VLOOKUP(C18,'Com Enrolled Accounts'!$A:$C,3,0))=TRUE,0,VLOOKUP(C18,'Com Enrolled Accounts'!$A:$C,3,0)) -> 15.03 | M18: =IF(L18>K18,K18,L18) -> 13.860786 | N18: =IF(M18<0,0,M18*D18) -> 693.03929
A19: 45983 | B19: 38572 | C19: CHERISH RESORT | D19: 50 | E19: =73.82/1.12 -> 65.910714 | F19: =WPPCom -> 86.5015 | G19: =TSCom -> 15 | H19: =F19-G19 -> 71.5015 | I19: =E19-H19 -> -5.5907857 | J19: =IF(ISNA(VLOOKUP(C19,'Com Enrolled Accounts'!$A:$B,2,0))=TRUE,0,VLOOKUP(C19,'Com Enrolled Accounts'!$A:$B,2,0)) -> 8.27 | K19: =IF(J19=0,0,J19-I19) -> 13.860786 | L19: =IF(ISNA(VLOOKUP(C19,'Com Enrolled Accounts'!$A:$C,3,0))=TRUE,0,VLOOKUP(C19,'Com Enrolled Accounts'!$A:$C,3,0)) -> 15.03 | M19: =IF(L19>K19,K19,L19) -> 13.860786 | N19: =IF(M19<0,0,M19*D19) -> 693.03929
A20: 45986 | B20: 38649 | C20: CHERISH RESORT | D20: 50 | E20: =73.82/1.12 -> 65.910714 | F20: =WPPCom -> 86.5015 | G20: =TSCom -> 15 | H20: =F20-G20 -> 71.5015 | I20: =E20-H20 -> -5.5907857 | J20: =IF(ISNA(VLOOKUP(C20,'Com Enrolled Accounts'!$A:$B,2,0))=TRUE,0,VLOOKUP(C20,'Com Enrolled Accounts'!$A:$B,2,0)) -> 8.27 | K20: =IF(J20=0,0,J20-I20) -> 13.860786 | L20: =IF(ISNA(VLOOKUP(C20,'Com Enrolled Accounts'!$A:$C,3,0))=TRUE,0,VLOOKUP(C20,'Com Enrolled Accounts'!$A:$C,3,0)) -> 15.03 | M20: =IF(L20>K20,K20,L20) -> 13.860786 | N20: =IF(M20<0,0,M20*D20) -> 693.03929
A21: 45988 | B21: 38709 | C21: CHERISH RESORT | D21: 50 | E21: =73.82/1.12 -> 65.910714 | F21: =WPPCom -> 86.5015 | G21: =TSCom -> 15 | H21: =F21-G21 -> 71.5015 | I21: =E21-H21 -> -5.5907857 | J21: =IF(ISNA(VLOOKUP(C21,'Com Enrolled Accounts'!$A:$B,2,0))=TRUE,0,VLOOKUP(C21,'Com Enrolled Accounts'!$A:$B,2,0)) -> 8.27 | K21: =IF(J21=0,0,J21-I21) -> 13.860786 | L21: =IF(ISNA(VLOOKUP(C21,'Com Enrolled Accounts'!$A:$C,3,0))=TRUE,0,VLOOKUP(C21,'Com Enrolled Accounts'!$A:$C,3,0)) -> 15.03 | M21: =IF(L21>K21,K21,L21) -> 13.860786 | N21: =IF(M21<0,0,M21*D21) -> 693.03929
A22: 45991 | B22: 38800 | C22: CHERISH RESORT | D22: 50 | E22: =73.82/1.12 -> 65.910714 | F22: =WPPCom -> 86.5015 | G22: =TSCom -> 15 | H22: =F22-G22 -> 71.5015 | I22: =E22-H22 -> -5.5907857 | J22: =IF(ISNA(VLOOKUP(C22,'Com Enrolled Accounts'!$A:$B,2,0))=TRUE,0,VLOOKUP(C22,'Com Enrolled Accounts'!$A:$B,2,0)) -> 8.27 | K22: =IF(J22=0,0,J22-I22) -> 13.860786 | L22: =IF(ISNA(VLOOKUP(C22,'Com Enrolled Accounts'!$A:$C,3,0))=TRUE,0,VLOOKUP(C22,'Com Enrolled Accounts'!$A:$C,3,0)) -> 15.03 | M22: =IF(L22>K22,K22,L22) -> 13.860786 | N22: =IF(M22<0,0,M22*D22) -> 693.03929
A23: 45975 | B23: 38333 | C23: DAMPA RESTO BAR | D23: 50 | E23: =84.82/1.12 -> 75.732143 | F23: =WPPCom -> 86.5015 | G23: =TSCom -> 15 | H23: =F23-G23 -> 71.5015 | I23: =E23-H23 -> 4.2306429 | J23: =IF(ISNA(VLOOKUP(C23,'Com Enrolled Accounts'!$A:$B,2,0))=TRUE,0,VLOOKUP(C23,'Com Enrolled Accounts'!$A:$B,2,0)) -> 8.27 | K23: =IF(J23=0,0,J23-I23) -> 4.0393571 | L23: =IF(ISNA(VLOOKUP(C23,'Com Enrolled Accounts'!$A:$C,3,0))=TRUE,0,VLOOKUP(C23,'Com Enrolled Accounts'!$A:$C,3,0)) -> 4.04 | M23: =IF(L23>K23,K23,L23) -> 4.0393571 | N23: =IF(M23<0,0,M23*D23) -> 201.96786
A24: 45989 | B24: 38744 | C24: DAMPA RESTO BAR | D24: 50 | E24: =84.82/1.12 -> 75.732143 | F24: =WPPCom -> 86.5015 | G24: =TSCom -> 15 | H24: =F24-G24 -> 71.5015 | I24: =E24-H24 -> 4.2306429 | J24: =IF(ISNA(VLOOKUP(C24,'Com Enrolled Accounts'!$A:$B,2,0))=TRUE,0,VLOOKUP(C24,'Com Enrolled Accounts'!$A:$B,2,0)) -> 8.27 | K24: =IF(J24=0,0,J24-I24) -> 4.0393571 | L24: =IF(ISNA(VLOOKUP(C24,'Com Enrolled Accounts'!$A:$C,3,0))=TRUE,0,VLOOKUP(C24,'Com Enrolled Accounts'!$A:$C,3,0)) -> 4.04 | M24: =IF(L24>K24,K24,L24) -> 4.0393571 | N24: =IF(M24<0,0,M24*D24) -> 201.96786
A25: 45963 | B25: 37959 | C25: DJJM FOOD HUB | D25: 50 | E25: =74.82/1.12 -> 66.803571 | F25: =WPPCom -> 86.5015 | G25: =TSCom -> 15 | H25: =F25-G25 -> 71.5015 | I25: =E25-H25 -> -4.6979286 | J25: =IF(ISNA(VLOOKUP(C25,'Com Enrolled Accounts'!$A:$B,2,0))=TRUE,0,VLOOKUP(C25,'Com Enrolled Accounts'!$A:$B,2,0)) -> 8.27 | K25: =IF(J25=0,0,J25-I25) -> 12.967929 | L25: =IF(ISNA(VLOOKUP(C25,'Com Enrolled Accounts'!$A:$C,3,0))=TRUE,0,VLOOKUP(C25,'Com Enrolled Accounts'!$A:$C,3,0)) -> 12.97 | M25: =IF(L25>K25,K25,L25) -> 12.967929 | N25: =IF(M25<0,0,M25*D25) -> 648.39643
A26: 45966 | B26: 38041 | C26: DJJM FOOD HUB | D26: 50 | E26: =76.82/1.12 -> 68.589286 | F26: =WPPCom -> 86.5015 | G26: =TSCom -> 15 | H26: =F26-G26 -> 71.5015 | I26: =E26-H26 -> -2.9122143 | J26: =IF(ISNA(VLOOKUP(C26,'Com Enrolled Accounts'!$A:$B,2,0))=TRUE,0,VLOOKUP(C26,'Com Enrolled Accounts'!$A:$B,2,0)) -> 8.27 | K26: =IF(J26=0,0,J26-I26) -> 11.182214 | L26: =IF(ISNA(VLOOKUP(C26,'Com Enrolled Accounts'!$A:$C,3,0))=TRUE,0,VLOOKUP(C26,'Com Enrolled Accounts'!$A:$C,3,0)) -> 12.97 | M26: =IF(L26>K26,K26,L26) -> 11.182214 | N26: =IF(M26<0,0,M26*D26) -> 559.11071
A27: 45967 | B27: 38085 | C27: DJJM FOOD HUB | D27: 50 | E27: =75.82/1.12 -> 67.696429 | F27: =WPPCom -> 86.5015 | G27: =TSCom -> 15 | H27: =F27-G27 -> 71.5015 | I27: =E27-H27 -> -3.8050714 | J27: =IF(ISNA(VLOOKUP(C27,'Com Enrolled Accounts'!$A:$B,2,0))=TRUE,0,VLOOKUP(C27,'Com Enrolled Accounts'!$A:$B,2,0)) -> 8.27 | K27: =IF(J27=0,0,J27-I27) -> 12.075071 | L27: =IF(ISNA(VLOOKUP(C27,'Com Enrolled Accounts'!$A:$C,3,0))=TRUE,0,VLOOKUP(C27,'Com Enrolled Accounts'!$A:$C,3,0)) -> 12.97 | M27: =IF(L27>K27,K27,L27) -> 12.075071 | N27: =IF(M27<0,0,M27*D27) -> 603.75357
A28: 45968 | B28: 38095 | C28: DJJM FOOD HUB | D28: 50 | E28: =74.82/1.12 -> 66.803571 | F28: =WPPCom -> 86.5015 | G28: =TSCom -> 15 | H28: =F28-G28 -> 71.5015 | I28: =E28-H28 -> -4.6979286 | J28: =IF(ISNA(VLOOKUP(C28,'Com Enrolled Accounts'!$A:$B,2,0))=TRUE,0,VLOOKUP(C28,'Com Enrolled Accounts'!$A:$B,2,0)) -> 8.27 | K28: =IF(J28=0,0,J28-I28) -> 12.967929 | L28: =IF(ISNA(VLOOKUP(C28,'Com Enrolled Accounts'!$A:$C,3,0))=TRUE,0,VLOOKUP(C28,'Com Enrolled Accounts'!$A:$C,3,0)) -> 12.97 | M28: =IF(L28>K28,K28,L28) -> 12.967929 | N28: =IF(M28<0,0,M28*D28) -> 648.39643
A29: 45975 | B29: 38323 | C29: DJJM FOOD HUB | D29: 50 | E29: =76.82/1.12 -> 68.589286 | F29: =WPPCom -> 86.5015 | G29: =TSCom -> 15 | H29: =F29-G29 -> 71.5015 | I29: =E29-H29 -> -2.9122143 | J29: =IF(ISNA(VLOOKUP(C29,'Com Enrolled Accounts'!$A:$B,2,0))=TRUE,0,VLOOKUP(C29,'Com Enrolled Accounts'!$A:$B,2,0)) -> 8.27 | K29: =IF(J29=0,0,J29-I29) -> 11.182214 | L29: =IF(ISNA(VLOOKUP(C29,'Com Enrolled Accounts'!$A:$C,3,0))=TRUE,0,VLOOKUP(C29,'Com Enrolled Accounts'!$A:$C,3,0)) -> 12.97 | M29: =IF(L29>K29,K29,L29) -> 11.182214 | N29: =IF(M29<0,0,M29*D29) -> 559.11071
A30: 45979 | B30: 38426 | C30: DJJM FOOD HUB | D30: 50 | E30: =74.82/1.12 -> 66.803571 | F30: =WPPCom -> 86.5015 | G30: =TSCom -> 15 | H30: =F30-G30 -> 71.5015 | I30: =E30-H30 -> -4.6979286 | J30: =IF(ISNA(VLOOKUP(C30,'Com Enrolled Accounts'!$A:$B,2,0))=TRUE,0,VLOOKUP(C30,'Com Enrolled Accounts'!$A:$B,2,0)) -> 8.27 | K30: =IF(J30=0,0,J30-I30) -> 12.967929 | L30: =IF(ISNA(VLOOKUP(C30,'Com Enrolled Accounts'!$A:$C,3,0))=TRUE,0,VLOOKUP(C30,'Com Enrolled Accounts'!$A:$C,3,0)) -> 12.97 | M30: =IF(L30>K30,K30,L30) -> 12.967929 | N30: =IF(M30<0,0,M30*D30) -> 648.39643
A31: 45980 | B31: 38458 | C31: DJJM FOOD HUB | D31: 50 | E31: =76.82/1.12 -> 68.589286 | F31: =WPPCom -> 86.5015 | G31: =TSCom -> 15 | H31: =F31-G31 -> 71.5015 | I31: =E31-H31 -> -2.9122143 | J31: =IF(ISNA(VLOOKUP(C31,'Com Enrolled Accounts'!$A:$B,2,0))=TRUE,0,VLOOKUP(C31,'Com Enrolled Accounts'!$A:$B,2,0)) -> 8.27 | K31: =IF(J31=0,0,J31-I31) -> 11.182214 | L31: =IF(ISNA(VLOOKUP(C31,'Com Enrolled Accounts'!$A:$C,3,0))=TRUE,0,VLOOKUP(C31,'Com Enrolled Accounts'!$A:$C,3,0)) -> 12.97 | M31: =IF(L31>K31,K31,L31) -> 11.182214 | N31: =IF(M31<0,0,M31*D31) -> 559.11071
A32: 45985 | B32: 38600 | C32: DJJM FOOD HUB | D32: 50 | E32: =76.82/1.12 -> 68.589286 | F32: =WPPCom -> 86.5015 | G32: =TSCom -> 15 | H32: =F32-G32 -> 71.5015 | I32: =E32-H32 -> -2.9122143 | J32: =IF(ISNA(VLOOKUP(C32,'Com Enrolled Accounts'!$A:$B,2,0))=TRUE,0,VLOOKUP(C32,'Com Enrolled Accounts'!$A:$B,2,0)) -> 8.27 | K32: =IF(J32=0,0,J32-I32) -> 11.182214 | L32: =IF(ISNA(VLOOKUP(C32,'Com Enrolled Accounts'!$A:$C,3,0))=TRUE,0,VLOOKUP(C32,'Com Enrolled Accounts'!$A:$C,3,0)) -> 12.97 | M32: =IF(L32>K32,K32,L32) -> 11.182214 | N32: =IF(M32<0,0,M32*D32) -> 559.11071
A33: 45986 | B33: 38629 | C33: DJJM FOOD HUB | D33: 50 | E33: =74.82/1.12 -> 66.803571 | F33: =WPPCom -> 86.5015 | G33: =TSCom -> 15 | H33: =F33-G33 -> 71.5015 | I33: =E33-H33 -> -4.6979286 | J33: =IF(ISNA(VLOOKUP(C33,'Com Enrolled Accounts'!$A:$B,2,0))=TRUE,0,VLOOKUP(C33,'Com Enrolled Accounts'!$A:$B,2,0)) -> 8.27 | K33: =IF(J33=0,0,J33-I33) -> 12.967929 | L33: =IF(ISNA(VLOOKUP(C33,'Com Enrolled Accounts'!$A:$C,3,0))=TRUE,0,VLOOKUP(C33,'Com Enrolled Accounts'!$A:$C,3,0)) -> 12.97 | M33: =IF(L33>K33,K33,L33) -> 12.967929 | N33: =IF(M33<0,0,M33*D33) -> 648.39643
A34: 45990 | B34: 38758 | C34: DJJM FOOD HUB | D34: 50 | E34: =76.82/1.12 -> 68.589286 | F34: =WPPCom -> 86.5015 | G34: =TSCom -> 15 | H34: =F34-G34 -> 71.5015 | I34: =E34-H34 -> -2.9122143 | J34: =IF(ISNA(VLOOKUP(C34,'Com Enrolled Accounts'!$A:$B,2,0))=TRUE,0,VLOOKUP(C34,'Com Enrolled Accounts'!$A:$B,2,0)) -> 8.27 | K34: =IF(J34=0,0,J34-I34) -> 11.182214 | L34: =IF(ISNA(VLOOKUP(C34,'Com Enrolled Accounts'!$A:$C,3,0))=TRUE,0,VLOOKUP(C34,'Com Enrolled Accounts'!$A:$C,3,0)) -> 12.97 | M34: =IF(L34>K34,K34,L34) -> 11.182214 | N34: =IF(M34<0,0,M34*D34) -> 559.11071
A35: 45990 | B35: 38764 | C35: DJJM FOOD HUB | D35: 50 | E35: =74.82/1.12 -> 66.803571 | F35: =WPPCom -> 86.5015 | G35: =TSCom -> 15 | H35: =F35-G35 -> 71.5015 | I35: =E35-H35 -> -4.6979286 | J35: =IF(ISNA(VLOOKUP(C35,'Com Enrolled Accounts'!$A:$B,2,0))=TRUE,0,VLOOKUP(C35,'Com Enrolled Accounts'!$A:$B,2,0)) -> 8.27 | K35: =IF(J35=0,0,J35-I35) -> 12.967929 | L35: =IF(ISNA(VLOOKUP(C35,'Com Enrolled Accounts'!$A:$C,3,0))=TRUE,0,VLOOKUP(C35,'Com Enrolled Accounts'!$A:$C,3,0)) -> 12.97 | M35: =IF(L35>K35,K35,L35) -> 12.967929 | N35: =IF(M35<0,0,M35*D35) -> 648.39643
A36: 45987 | B36: 38662 | C36: EZ CAFÉ | D36: 50 | E36: =76.82/1.12 -> 68.589286 | F36: =WPPCom -> 86.5015 | G36: =TSCom -> 15 | H36: =F36-G36 -> 71.5015 | I36: =E36-H36 -> -2.9122143 | J36: =IF(ISNA(VLOOKUP(C36,'Com Enrolled Accounts'!$A:$B,2,0))=TRUE,0,VLOOKUP(C36,'Com Enrolled Accounts'!$A:$B,2,0)) -> 8.27 | K36: =IF(J36=0,0,J36-I36) -> 11.182214 | L36: =IF(ISNA(VLOOKUP(C36,'Com Enrolled Accounts'!$A:$C,3,0))=TRUE,0,VLOOKUP(C36,'Com Enrolled Accounts'!$A:$C,3,0)) -> 10.31 | M36: =IF(L36>K36,K36,L36) -> 10.31 | N36: =IF(M36<0,0,M36*D36) -> 515.5
A37: 45968 | B37: 38092 | C37: FRANCE LAUNDRY | D37: 50 | E37: =76.82/1.12 -> 68.589286 | F37: =WPPCom -> 86.5015 | G37: =TSCom -> 15 | H37: =F37-G37 -> 71.5015 | I37: =E37-H37 -> -2.9122143 | J37: =IF(ISNA(VLOOKUP(C37,'Com Enrolled Accounts'!$A:$B,2,0))=TRUE,0,VLOOKUP(C37,'Com Enrolled Accounts'!$A:$B,2,0)) -> 8.27 | K37: =IF(J37=0,0,J37-I37) -> 11.182214 | L37: =IF(ISNA(VLOOKUP(C37,'Com Enrolled Accounts'!$A:$C,3,0))=TRUE,0,VLOOKUP(C37,'Com Enrolled Accounts'!$A:$C,3,0)) -> 11.21 | M37: =IF(L37>K37,K37,L37) -> 11.182214 | N37: =IF(M37<0,0,M37*D37) -> 559.11071
A38: 45982 | B38: 38536 | C38: FRANCE LAUNDRY | D38: 50 | E38: =76.82/1.12 -> 68.589286 | F38: =WPPCom -> 86.5015 | G38: =TSCom -> 15 | H38: =F38-G38 -> 71.5015 | I38: =E38-H38 -> -2.9122143 | J38: =IF(ISNA(VLOOKUP(C38,'Com Enrolled Accounts'!$A:$B,2,0))=TRUE,0,VLOOKUP(C38,'Com Enrolled Accounts'!$A:$B,2,0)) -> 8.27 | K38: =IF(J38=0,0,J38-I38) -> 11.182214 | L38: =IF(ISNA(VLOOKUP(C38,'Com Enrolled Accounts'!$A:$C,3,0))=TRUE,0,VLOOKUP(C38,'Com Enrolled Accounts'!$A:$C,3,0)) -> 11.21 | M38: =IF(L38>K38,K38,L38) -> 11.182214 | N38: =IF(M38<0,0,M38*D38) -> 559.11071
F39: =WPPCom -> 86.5015 | G39: =TSCom -> 15 | H39: =F39-G39 -> 71.5015 | I39: =E39-H39 -> -71.5015 | J39: =IF(ISNA(VLOOKUP(C39,'Com Enrolled Accounts'!$A:$B,2,0))=TRUE,0,VLOOKUP(C39,'Com Enrolled Accounts'!$A:$B,2,0)) -> 0 | K39: =IF(J39=0,0,J39-I39) -> 0 | L39: =IF(ISNA(VLOOKUP(C39,'Com Enrolled Accounts'!$A:$C,3,0))=TRUE,0,VLOOKUP(C39,'Com Enrolled Accounts'!$A:$C,3,0)) -> 0 | M39: =IF(L39>K39,K39,L39) -> 0 | N39: =IF(M39<0,0,M39*D39) -> 0
A40: 45965 | B40: 38043 | C40: JUAN HOUR LAUNDRY | D40: 50 | E40: =72.82/1.12 -> 65.017857 | F40: =WPPCom -> 86.5015 | G40: =TSCom -> 15 | H40: =F40-G40 -> 71.5015 | I40: =E40-H40 -> -6.4836429 | J40: =IF(ISNA(VLOOKUP(C40,'Com Enrolled Accounts'!$A:$B,2,0))=TRUE,0,VLOOKUP(C40,'Com Enrolled Accounts'!$A:$B,2,0)) -> 8.27 | K40: =IF(J40=0,0,J40-I40) -> 14.753643 | L40: =IF(ISNA(VLOOKUP(C40,'Com Enrolled Accounts'!$A:$C,3,0))=TRUE,0,VLOOKUP(C40,'Com Enrolled Accounts'!$A:$C,3,0)) -> 15.03 | M40: =IF(L40>K40,K40,L40) -> 14.753643 | N40: =IF(M40<0,0,M40*D40) -> 737.68214
A41: 45969 | B41: 38151 | C41: JUAN HOUR LAUNDRY | D41: 50 | E41: =72.82/1.12 -> 65.017857 | F41: =WPPCom -> 86.5015 | G41: =TSCom -> 15 | H41: =F41-G41 -> 71.5015 | I41: =E41-H41 -> -6.4836429 | J41: =IF(ISNA(VLOOKUP(C41,'Com Enrolled Accounts'!$A:$B,2,0))=TRUE,0,VLOOKUP(C41,'Com Enrolled Accounts'!$A:$B,2,0)) -> 8.27 | K41: =IF(J41=0,0,J41-I41) -> 14.753643 | L41: =IF(ISNA(VLOOKUP(C41,'Com Enrolled Accounts'!$A:$C,3,0))=TRUE,0,VLOOKUP(C41,'Com Enrolled Accounts'!$A:$C,3,0)) -> 15.03 | M41: =IF(L41>K41,K41,L41) -> 14.753643 | N41: =IF(M41<0,0,M41*D41) -> 737.68214
A42: 45984 | B42: 38592 | C42: JUAN HOUR LAUNDRY | D42: 50 | E42: =72.82/1.12 -> 65.017857 | F42: =WPPCom -> 86.5015 | G42: =TSCom -> 15 | H42: =F42-G42 -> 71.5015 | I42: =E42-H42 -> -6.4836429 | J42: =IF(ISNA(VLOOKUP(C42,'Com Enrolled Accounts'!$A:$B,2,0))=TRUE,0,VLOOKUP(C42,'Com Enrolled Accounts'!$A:$B,2,0)) -> 8.27 | K42: =IF(J42=0,0,J42-I42) -> 14.753643 | L42: =IF(ISNA(VLOOKUP(C42,'Com Enrolled Accounts'!$A:$C,3,0))=TRUE,0,VLOOKUP(C42,'Com Enrolled Accounts'!$A:$C,3,0)) -> 15.03 | M42: =IF(L42>K42,K42,L42) -> 14.753643 | N42: =IF(M42<0,0,M42*D42) -> 737.68214
A43: 45988 | B43: 38692 | C43: JUAN HOUR LAUNDRY | D43: 50 | E43: =72.82/1.12 -> 65.017857 | F43: =WPPCom -> 86.5015 | G43: =TSCom -> 15 | H43: =F43-G43 -> 71.5015 | I43: =E43-H43 -> -6.4836429 | J43: =IF(ISNA(VLOOKUP(C43,'Com Enrolled Accounts'!$A:$B,2,0))=TRUE,0,VLOOKUP(C43,'Com Enrolled Accounts'!$A:$B,2,0)) -> 8.27 | K43: =IF(J43=0,0,J43-I43) -> 14.753643 | L43: =IF(ISNA(VLOOKUP(C43,'Com Enrolled Accounts'!$A:$C,3,0))=TRUE,0,VLOOKUP(C43,'Com Enrolled Accounts'!$A:$C,3,0)) -> 15.03 | M43: =IF(L43>K43,K43,L43) -> 14.753643 | N43: =IF(M43<0,0,M43*D43) -> 737.68214
A44: 45966 | B44: 38044 | C44: DR. CHESTER LEE | D44: 50 | E44: =72.82/1.12 -> 65.017857 | F44: =WPPCom -> 86.5015 | G44: =TSCom -> 15 | H44: =F44-G44 -> 71.5015 | I44: =E44-H44 -> -6.4836429 | J44: =IF(ISNA(VLOOKUP(C44,'Com Enrolled Accounts'!$A:$B,2,0))=TRUE,0,VLOOKUP(C44,'Com Enrolled Accounts'!$A:$B,2,0)) -> 8.27 | K44: =IF(J44=0,0,J44-I44) -> 14.753643 | L44: =IF(ISNA(VLOOKUP(C44,'Com Enrolled Accounts'!$A:$C,3,0))=TRUE,0,VLOOKUP(C44,'Com Enrolled Accounts'!$A:$C,3,0)) -> 14.76 | M44: =IF(L44>K44,K44,L44) -> 14.753643 | N44: =IF(M44<0,0,M44*D44) -> 737.68214
A45: 45973 | B45: 38268 | C45: DR. CHESTER LEE | D45: 50 | E45: =72.82/1.12 -> 65.017857 | F45: =WPPCom -> 86.5015 | G45: =TSCom -> 15 | H45: =F45-G45 -> 71.5015 | I45: =E45-H45 -> -6.4836429 | J45: =IF(ISNA(VLOOKUP(C45,'Com Enrolled Accounts'!$A:$B,2,0))=TRUE,0,VLOOKUP(C45,'Com Enrolled Accounts'!$A:$B,2,0)) -> 8.27 | K45: =IF(J45=0,0,J45-I45) -> 14.753643 | L45: =IF(ISNA(VLOOKUP(C45,'Com Enrolled Accounts'!$A:$C,3,0))=TRUE,0,VLOOKUP(C45,'Com Enrolled Accounts'!$A:$C,3,0)) -> 14.76 | M45: =IF(L45>K45,K45,L45) -> 14.753643 | N45: =IF(M45<0,0,M45*D45) -> 737.68214
A46: 45982 | B46: 38535 | C46: DR. CHESTER LEE | D46: 50 | E46: =72.82/1.12 -> 65.017857 | F46: =WPPCom -> 86.5015 | G46: =TSCom -> 15 | H46: =F46-G46 -> 71.5015 | I46: =E46-H46 -> -6.4836429 | J46: =IF(ISNA(VLOOKUP(C46,'Com Enrolled Accounts'!$A:$B,2,0))=TRUE,0,VLOOKUP(C46,'Com Enrolled Accounts'!$A:$B,2,0)) -> 8.27 | K46: =IF(J46=0,0,J46-I46) -> 14.753643 | L46: =IF(ISNA(VLOOKUP(C46,'Com Enrolled Accounts'!$A:$C,3,0))=TRUE,0,VLOOKUP(C46,'Com Enrolled Accounts'!$A:$C,3,0)) -> 14.76 | M46: =IF(L46>K46,K46,L46) -> 14.753643 | N46: =IF(M46<0,0,M46*D46) -> 737.68214
A47: 45985 | B47: 38610 | C47: DR. CHESTER LEE | D47: 50 | E47: =72.82/1.12 -> 65.017857 | F47: =WPPCom -> 86.5015 | G47: =TSCom -> 15 | H47: =F47-G47 -> 71.5015 | I47: =E47-H47 -> -6.4836429 | J47: =IF(ISNA(VLOOKUP(C47,'Com Enrolled Accounts'!$A:$B,2,0))=TRUE,0,VLOOKUP(C47,'Com Enrolled Accounts'!$A:$B,2,0)) -> 8.27 | K47: =IF(J47=0,0,J47-I47) -> 14.753643 | L47: =IF(ISNA(VLOOKUP(C47,'Com Enrolled Accounts'!$A:$C,3,0))=TRUE,0,VLOOKUP(C47,'Com Enrolled Accounts'!$A:$C,3,0)) -> 14.76 | M47: =IF(L47>K47,K47,L47) -> 14.753643 | N47: =IF(M47<0,0,M47*D47) -> 737.68214
A48: 45986 | B48: 38639 | C48: MARKY BIKOL RESTAURANT | D48: 50 | E48: =76.82/1.12 -> 68.589286 | F48: =WPPCom -> 86.5015 | G48: =TSCom -> 15 | H48: =F48-G48 -> 71.5015 | I48: =E48-H48 -> -2.9122143 | J48: =IF(ISNA(VLOOKUP(C48,'Com Enrolled Accounts'!$A:$B,2,0))=TRUE,0,VLOOKUP(C48,'Com Enrolled Accounts'!$A:$B,2,0)) -> 8.27 | K48: =IF(J48=0,0,J48-I48) -> 11.182214 | L48: =IF(ISNA(VLOOKUP(C48,'Com Enrolled Accounts'!$A:$C,3,0))=TRUE,0,VLOOKUP(C48,'Com Enrolled Accounts'!$A:$C,3,0)) -> 15.03 | M48: =IF(L48>K48,K48,L48) -> 11.182214 | N48: =IF(M48<0,0,M48*D48) -> 559.11071
A49: 45963 | B49: 37949 | C49: MASBATE LAUNDRY CENTER | D49: 50 | E49: =76.82/1.12 -> 68.589286 | F49: =WPPCom -> 86.5015 | G49: =TSCom -> 15 | H49: =F49-G49 -> 71.5015 | I49: =E49-H49 -> -2.9122143 | J49: =IF(ISNA(VLOOKUP(C49,'Com Enrolled Accounts'!$A:$B,2,0))=TRUE,0,VLOOKUP(C49,'Com Enrolled Accounts'!$A:$B,2,0)) -> 8.27 | K49: =IF(J49=0,0,J49-I49) -> 11.182214 | L49: =IF(ISNA(VLOOKUP(C49,'Com Enrolled Accounts'!$A:$C,3,0))=TRUE,0,VLOOKUP(C49,'Com Enrolled Accounts'!$A:$C,3,0)) -> 15.02 | M49: =IF(L49>K49,K49,L49) -> 11.182214 | N49: =IF(M49<0,0,M49*D49) -> 559.11071
A50: 45973 | B50: 38258 | C50: MASBATE LAUNDRY CENTER | D50: 50 | E50: =76.82/1.12 -> 68.589286 | F50: =WPPCom -> 86.5015 | G50: =TSCom -> 15 | H50: =F50-G50 -> 71.5015 | I50: =E50-H50 -> -2.9122143 | J50: =IF(ISNA(VLOOKUP(C50,'Com Enrolled Accounts'!$A:$B,2,0))=TRUE,0,VLOOKUP(C50,'Com Enrolled Accounts'!$A:$B,2,0)) -> 8.27 | K50: =IF(J50=0,0,J50-I50) -> 11.182214 | L50: =IF(ISNA(VLOOKUP(C50,'Com Enrolled Accounts'!$A:$C,3,0))=TRUE,0,VLOOKUP(C50,'Com Enrolled Accounts'!$A:$C,3,0)) -> 15.02 | M50: =IF(L50>K50,K50,L50) -> 11.182214 | N50: =IF(M50<0,0,M50*D50) -> 559.11071
A51: 45979 | B51: 38437 | C51: MASBATE LAUNDRY CENTER | D51: 50 | E51: =76.82/1.12 -> 68.589286 | F51: =WPPCom -> 86.5015 | G51: =TSCom -> 15 | H51: =F51-G51 -> 71.5015 | I51: =E51-H51 -> -2.9122143 | J51: =IF(ISNA(VLOOKUP(C51,'Com Enrolled Accounts'!$A:$B,2,0))=TRUE,0,VLOOKUP(C51,'Com Enrolled Accounts'!$A:$B,2,0)) -> 8.27 | K51: =IF(J51=0,0,J51-I51) -> 11.182214 | L51: =IF(ISNA(VLOOKUP(C51,'Com Enrolled Accounts'!$A:$C,3,0))=TRUE,0,VLOOKUP(C51,'Com Enrolled Accounts'!$A:$C,3,0)) -> 15.02 | M51: =IF(L51>K51,K51,L51) -> 11.182214 | N51: =IF(M51<0,0,M51*D51) -> 559.11071
A52: 45988 | B52: 38705 | C52: MASBATE LAUNDRY CENTER | D52: 50 | E52: =76.82/1.12 -> 68.589286 | F52: =WPPCom -> 86.5015 | G52: =TSCom -> 15 | H52: =F52-G52 -> 71.5015 | I52: =E52-H52 -> -2.9122143 | J52: =IF(ISNA(VLOOKUP(C52,'Com Enrolled Accounts'!$A:$B,2,0))=TRUE,0,VLOOKUP(C52,'Com Enrolled Accounts'!$A:$B,2,0)) -> 8.27 | K52: =IF(J52=0,0,J52-I52) -> 11.182214 | L52: =IF(ISNA(VLOOKUP(C52,'Com Enrolled Accounts'!$A:$C,3,0))=TRUE,0,VLOOKUP(C52,'Com Enrolled Accounts'!$A:$C,3,0)) -> 15.02 | M52: =IF(L52>K52,K52,L52) -> 11.182214 | N52: =IF(M52<0,0,M52*D52) -> 559.11071
A53: 45966 | B53: 38040 | C53: MR. LAUNDRY SHOP | D53: 50 | E53: =72.82/1.12 -> 65.017857 | F53: =WPPCom -> 86.5015 | G53: =TSCom -> 15 | H53: =F53-G53 -> 71.5015 | I53: =E53-H53 -> -6.4836429 | J53: =IF(ISNA(VLOOKUP(C53,'Com Enrolled Accounts'!$A:$B,2,0))=TRUE,0,VLOOKUP(C53,'Com Enrolled Accounts'!$A:$B,2,0)) -> 8.27 | K53: =IF(J53=0,0,J53-I53) -> 14.753643 | L53: =IF(ISNA(VLOOKUP(C53,'Com Enrolled Accounts'!$A:$C,3,0))=TRUE,0,VLOOKUP(C53,'Com Enrolled Accounts'!$A:$C,3,0)) -> 15.01 | M53: =IF(L53>K53,K53,L53) -> 14.753643 | N53: =IF(M53<0,0,M53*D53) -> 737.68214
A54: 45972 | B54: 38247 | C54: MR. LAUNDRY SHOP | D54: 50 | E54: =72.82/1.12 -> 65.017857 | F54: =WPPCom -> 86.5015 | G54: =TSCom -> 15 | H54: =F54-G54 -> 71.5015 | I54: =E54-H54 -> -6.4836429 | J54: =IF(ISNA(VLOOKUP(C54,'Com Enrolled Accounts'!$A:$B,2,0))=TRUE,0,VLOOKUP(C54,'Com Enrolled Accounts'!$A:$B,2,0)) -> 8.27 | K54: =IF(J54=0,0,J54-I54) -> 14.753643 | L54: =IF(ISNA(VLOOKUP(C54,'Com Enrolled Accounts'!$A:$C,3,0))=TRUE,0,VLOOKUP(C54,'Com Enrolled Accounts'!$A:$C,3,0)) -> 15.01 | M54: =IF(L54>K54,K54,L54) -> 14.753643 | N54: =IF(M54<0,0,M54*D54) -> 737.68214
A55: 45979 | B55: 38433 | C55: MR. LAUNDRY SHOP | D55: 50 | E55: =72.82/1.12 -> 65.017857 | F55: =WPPCom -> 86.5015 | G55: =TSCom -> 15 | H55: =F55-G55 -> 71.5015 | I55: =E55-H55 -> -6.4836429 | J55: =IF(ISNA(VLOOKUP(C55,'Com Enrolled Accounts'!$A:$B,2,0))=TRUE,0,VLOOKUP(C55,'Com Enrolled Accounts'!$A:$B,2,0)) -> 8.27 | K55: =IF(J55=0,0,J55-I55) -> 14.753643 | L55: =IF(ISNA(VLOOKUP(C55,'Com Enrolled Accounts'!$A:$C,3,0))=TRUE,0,VLOOKUP(C55,'Com Enrolled Accounts'!$A:$C,3,0)) -> 15.01 | M55: =IF(L55>K55,K55,L55) -> 14.753643 | N55: =IF(M55<0,0,M55*D55) -> 737.68214
A56: 45982 | B56: 38519 | C56: MR. LAUNDRY SHOP | D56: 50 | E56: =72.82/1.12 -> 65.017857 | F56: =WPPCom -> 86.5015 | G56: =TSCom -> 15 | H56: =F56-G56 -> 71.5015 | I56: =E56-H56 -> -6.4836429 | J56: =IF(ISNA(VLOOKUP(C56,'Com Enrolled Accounts'!$A:$B,2,0))=TRUE,0,VLOOKUP(C56,'Com Enrolled Accounts'!$A:$B,2,0)) -> 8.27 | K56: =IF(J56=0,0,J56-I56) -> 14.753643 | L56: =IF(ISNA(VLOOKUP(C56,'Com Enrolled Accounts'!$A:$C,3,0))=TRUE,0,VLOOKUP(C56,'Com Enrolled Accounts'!$A:$C,3,0)) -> 15.01 | M56: =IF(L56>K56,K56,L56) -> 14.753643 | N56: =IF(M56<0,0,M56*D56) -> 737.68214
A57: 45986 | B57: 38631 | C57: MR. LAUNDRY SHOP | D57: 50 | E57: =72.82/1.12 -> 65.017857 | F57: =WPPCom -> 86.5015 | G57: =TSCom -> 15 | H57: =F57-G57 -> 71.5015 | I57: =E57-H57 -> -6.4836429 | J57: =IF(ISNA(VLOOKUP(C57,'Com Enrolled Accounts'!$A:$B,2,0))=TRUE,0,VLOOKUP(C57,'Com Enrolled Accounts'!$A:$B,2,0)) -> 8.27 | K57: =IF(J57=0,0,J57-I57) -> 14.753643 | L57: =IF(ISNA(VLOOKUP(C57,'Com Enrolled Accounts'!$A:$C,3,0))=TRUE,0,VLOOKUP(C57,'Com Enrolled Accounts'!$A:$C,3,0)) -> 15.01 | M57: =IF(L57>K57,K57,L57) -> 14.753643 | N57: =IF(M57<0,0,M57*D57) -> 737.68214
A58: 45972 | B58: 38508 | C58: NESSAR YBANEZ | D58: 100 | E58: =7282/100/1.12 -> 65.017857 | F58: =WPPCom -> 86.5015 | G58: =TSCom -> 15 | H58: =F58-G58 -> 71.5015 | I58: =E58-H58 -> -6.4836429 | J58: =IF(ISNA(VLOOKUP(C58,'Com Enrolled Accounts'!$A:$B,2,0))=TRUE,0,VLOOKUP(C58,'Com Enrolled Accounts'!$A:$B,2,0)) -> 8.27 | K58: =IF(J58=0,0,J58-I58) -> 14.753643 | L58: =IF(ISNA(VLOOKUP(C58,'Com Enrolled Accounts'!$A:$C,3,0))=TRUE,0,VLOOKUP(C58,'Com Enrolled Accounts'!$A:$C,3,0)) -> 15.03 | M58: =IF(L58>K58,K58,L58) -> 14.753643 | N58: =IF(M58<0,0,M58*D58) -> 1475.3643
A59: 45983 | B59: 38543 | C59: NESSAR YBANEZ | D59: 100 | E59: =72.82/1.12 -> 65.017857 | F59: =WPPCom -> 86.5015 | G59: =TSCom -> 15 | H59: =F59-G59 -> 71.5015 | I59: =E59-H59 -> -6.4836429 | J59: =IF(ISNA(VLOOKUP(C59,'Com Enrolled Accounts'!$A:$B,2,0))=TRUE,0,VLOOKUP(C59,'Com Enrolled Accounts'!$A:$B,2,0)) -> 8.27 | K59: =IF(J59=0,0,J59-I59) -> 14.753643 | L59: =IF(ISNA(VLOOKUP(C59,'Com Enrolled Accounts'!$A:$C,3,0))=TRUE,0,VLOOKUP(C59,'Com Enrolled Accounts'!$A:$C,3,0)) -> 15.03 | M59: =IF(L59>K59,K59,L59) -> 14.753643 | N59: =IF(M59<0,0,M59*D59) -> 1475.3643
A60: 45990 | B60: 38766 | C60: Noel Bakery | D60: 50 | E60: =84.82/1.12 -> 75.732143 | F60: =WPPCom -> 86.5015 | G60: =TSCom -> 15 | H60: =F60-G60 -> 71.5015 | I60: =E60-H60 -> 4.2306429 | J60: =IF(ISNA(VLOOKUP(C60,'Com Enrolled Accounts'!$A:$B,2,0))=TRUE,0,VLOOKUP(C60,'Com Enrolled Accounts'!$A:$B,2,0)) -> 8.27 | K60: =IF(J60=0,0,J60-I60) -> 4.0393571 | L60: =IF(ISNA(VLOOKUP(C60,'Com Enrolled Accounts'!$A:$C,3,0))=TRUE,0,VLOOKUP(C60,'Com Enrolled Accounts'!$A:$C,3,0)) -> 15.03 | M60: =IF(L60>K60,K60,L60) -> 4.0393571 | N60: =IF(M60<0,0,M60*D60) -> 201.96786
A61: 45969 | B61: 38136 | C61: PANDE MASBATE | D61: 50 | E61: =84.82/1.12 -> 75.732143 | F61: =WPPCom -> 86.5015 | G61: =TSCom -> 15 | H61: =F61-G61 -> 71.5015 | I61: =E61-H61 -> 4.2306429 | J61: =IF(ISNA(VLOOKUP(C61,'Com Enrolled Accounts'!$A:$B,2,0))=TRUE,0,VLOOKUP(C61,'Com Enrolled Accounts'!$A:$B,2,0)) -> 8.27 | K61: =IF(J61=0,0,J61-I61) -> 4.0393571 | L61: =IF(ISNA(VLOOKUP(C61,'Com Enrolled Accounts'!$A:$C,3,0))=TRUE,0,VLOOKUP(C61,'Com Enrolled Accounts'!$A:$C,3,0)) -> 5.82 | M61: =IF(L61>K61,K61,L61) -> 4.0393571 | N61: =IF(M61<0,0,M61*D61) -> 201.96786
A62: 45977 | B62: 38380 | C62: PANDE MASBATE | D62: 50 | E62: =84.82/1.12 -> 75.732143 | F62: =WPPCom -> 86.5015 | G62: =TSCom -> 15 | H62: =F62-G62 -> 71.5015 | I62: =E62-H62 -> 4.2306429 | J62: =IF(ISNA(VLOOKUP(C62,'Com Enrolled Accounts'!$A:$B,2,0))=TRUE,0,VLOOKUP(C62,'Com Enrolled Accounts'!$A:$B,2,0)) -> 8.27 | K62: =IF(J62=0,0,J62-I62) -> 4.0393571 | L62: =IF(ISNA(VLOOKUP(C62,'Com Enrolled Accounts'!$A:$C,3,0))=TRUE,0,VLOOKUP(C62,'Com Enrolled Accounts'!$A:$C,3,0)) -> 5.82 | M62: =IF(L62>K62,K62,L62) -> 4.0393571 | N62: =IF(M62<0,0,M62*D62) -> 201.96786
A63: 45985 | B63: 38603 | C63: PANDE MASBATE | D63: 50 | E63: =84.82/1.12 -> 75.732143 | F63: =WPPCom -> 86.5015 | G63: =TSCom -> 15 | H63: =F63-G63 -> 71.5015 | I63: =E63-H63 -> 4.2306429 | J63: =IF(ISNA(VLOOKUP(C63,'Com Enrolled Accounts'!$A:$B,2,0))=TRUE,0,VLOOKUP(C63,'Com Enrolled Accounts'!$A:$B,2,0)) -> 8.27 | K63: =IF(J63=0,0,J63-I63) -> 4.0393571 | L63: =IF(ISNA(VLOOKUP(C63,'Com Enrolled Accounts'!$A:$C,3,0))=TRUE,0,VLOOKUP(C63,'Com Enrolled Accounts'!$A:$C,3,0)) -> 5.82 | M63: =IF(L63>K63,K63,L63) -> 4.0393571 | N63: =IF(M63<0,0,M63*D63) -> 201.96786
A64: 45990 | B64: 38754 | C64: PANDE MASBATE | D64: 50 | E64: =84.82/1.12 -> 75.732143 | F64: =WPPCom -> 86.5015 | G64: =TSCom -> 15 | H64: =F64-G64 -> 71.5015 | I64: =E64-H64 -> 4.2306429 | J64: =IF(ISNA(VLOOKUP(C64,'Com Enrolled Accounts'!$A:$B,2,0))=TRUE,0,VLOOKUP(C64,'Com Enrolled Accounts'!$A:$B,2,0)) -> 8.27 | K64: =IF(J64=0,0,J64-I64) -> 4.0393571 | L64: =IF(ISNA(VLOOKUP(C64,'Com Enrolled Accounts'!$A:$C,3,0))=TRUE,0,VLOOKUP(C64,'Com Enrolled Accounts'!$A:$C,3,0)) -> 5.82 | M64: =IF(L64>K64,K64,L64) -> 4.0393571 | N64: =IF(M64<0,0,M64*D64) -> 201.96786
A65: 45967 | B65: 38078 | C65: PARK N GO SAN JACINTO | D65: 50 | E65: =86.82/1.12 -> 77.517857 | F65: =WPPCom -> 86.5015 | G65: =TSCom -> 15 | H65: =F65-G65 -> 71.5015 | I65: =E65-H65 -> 6.0163571 | J65: =IF(ISNA(VLOOKUP(C65,'Com Enrolled Accounts'!$A:$B,2,0))=TRUE,0,VLOOKUP(C65,'Com Enrolled Accounts'!$A:$B,2,0)) -> 8.27 | K65: =IF(J65=0,0,J65-I65) -> 2.2536429 | L65: =IF(ISNA(VLOOKUP(C65,'Com Enrolled Accounts'!$A:$C,3,0))=TRUE,0,VLOOKUP(C65,'Com Enrolled Accounts'!$A:$C,3,0)) -> 14.75 | M65: =IF(L65>K65,K65,L65) -> 2.2536429 | N65: =IF(M65<0,0,M65*D65) -> 112.68214
A66: 45972 | B66: 38233 | C66: PARK N GO SAN JACINTO | D66: 50 | E66: =86.82/1.12 -> 77.517857 | F66: =WPPCom -> 86.5015 | G66: =TSCom -> 15 | H66: =F66-G66 -> 71.5015 | I66: =E66-H66 -> 6.0163571 | J66: =IF(ISNA(VLOOKUP(C66,'Com Enrolled Accounts'!$A:$B,2,0))=TRUE,0,VLOOKUP(C66,'Com Enrolled Accounts'!$A:$B,2,0)) -> 8.27 | K66: =IF(J66=0,0,J66-I66) -> 2.2536429 | L66: =IF(ISNA(VLOOKUP(C66,'Com Enrolled Accounts'!$A:$C,3,0))=TRUE,0,VLOOKUP(C66,'Com Enrolled Accounts'!$A:$C,3,0)) -> 14.75 | M66: =IF(L66>K66,K66,L66) -> 2.2536429 | N66: =IF(M66<0,0,M66*D66) -> 112.68214
A67: 45978 | B67: 38400 | C67: PARK N GO SAN JACINTO | D67: 50 | E67: =86.82/1.12 -> 77.517857 | F67: =WPPCom -> 86.5015 | G67: =TSCom -> 15 | H67: =F67-G67 -> 71.5015 | I67: =E67-H67 -> 6.0163571 | J67: =IF(ISNA(VLOOKUP(C67,'Com Enrolled Accounts'!$A:$B,2,0))=TRUE,0,VLOOKUP(C67,'Com Enrolled Accounts'!$A:$B,2,0)) -> 8.27 | K67: =IF(J67=0,0,J67-I67) -> 2.2536429 | L67: =IF(ISNA(VLOOKUP(C67,'Com Enrolled Accounts'!$A:$C,3,0))=TRUE,0,VLOOKUP(C67,'Com Enrolled Accounts'!$A:$C,3,0)) -> 14.75 | M67: =IF(L67>K67,K67,L67) -> 2.2536429 | N67: =IF(M67<0,0,M67*D67) -> 112.68214
A68: 45990 | B68: 38752 | C68: REMS LAUNDRY | D68: 50 | E68: =84.82/1.12 -> 75.732143 | F68: =WPPCom -> 86.5015 | G68: =TSCom -> 15 | H68: =F68-G68 -> 71.5015 | I68: =E68-H68 -> 4.2306429 | J68: =IF(ISNA(VLOOKUP(C68,'Com Enrolled Accounts'!$A:$B,2,0))=TRUE,0,VLOOKUP(C68,'Com Enrolled Accounts'!$A:$B,2,0)) -> 8.27 | K68: =IF(J68=0,0,J68-I68) -> 4.0393571 | L68: =IF(ISNA(VLOOKUP(C68,'Com Enrolled Accounts'!$A:$C,3,0))=TRUE,0,VLOOKUP(C68,'Com Enrolled Accounts'!$A:$C,3,0)) -> 25.23 | M68: =IF(L68>K68,K68,L68) -> 4.0393571 | N68: =IF(M68<0,0,M68*D68) -> 201.96786
A69: 45977 | B69: 38379 | C69: REMS LAUNDRY | D69: 50 | E69: =84.82/1.12 -> 75.732143 | F69: =WPPCom -> 86.5015 | G69: =TSCom -> 15 | H69: =F69-G69 -> 71.5015 | I69: =E69-H69 -> 4.2306429 | J69: =IF(ISNA(VLOOKUP(C69,'Com Enrolled Accounts'!$A:$B,2,0))=TRUE,0,VLOOKUP(C69,'Com Enrolled Accounts'!$A:$B,2,0)) -> 8.27 | K69: =IF(J69=0,0,J69-I69) -> 4.0393571 | L69: =IF(ISNA(VLOOKUP(C69,'Com Enrolled Accounts'!$A:$C,3,0))=TRUE,0,VLOOKUP(C69,'Com Enrolled Accounts'!$A:$C,3,0)) -> 25.23 | M69: =IF(L69>K69,K69,L69) -> 4.0393571 | N69: =IF(M69<0,0,M69*D69) -> 201.96786
A70: 45962 | B70: 37940 | C70: REYJOHN BAKERY | D70: 50 | E70: =76.82/1.12 -> 68.589286 | F70: =WPPCom -> 86.5015 | G70: =TSCom -> 15 | H70: =F70-G70 -> 71.5015 | I70: =E70-H70 -> -2.9122143 | J70: =IF(ISNA(VLOOKUP(C70,'Com Enrolled Accounts'!$A:$B,2,0))=TRUE,0,VLOOKUP(C70,'Com Enrolled Accounts'!$A:$B,2,0)) -> 8.27 | K70: =IF(J70=0,0,J70-I70) -> 11.182214 | L70: =IF(ISNA(VLOOKUP(C70,'Com Enrolled Accounts'!$A:$C,3,0))=TRUE,0,VLOOKUP(C70,'Com Enrolled Accounts'!$A:$C,3,0)) -> 15.02 | M70: =IF(L70>K70,K70,L70) -> 11.182214 | N70: =IF(M70<0,0,M70*D70) -> 559.11071
A71: 45965 | B71: 38005 | C71: REYJOHN BAKERY | D71: 50 | E71: =76.82/1.12 -> 68.589286 | F71: =WPPCom -> 86.5015 | G71: =TSCom -> 15 | H71: =F71-G71 -> 71.5015 | I71: =E71-H71 -> -2.9122143 | J71: =IF(ISNA(VLOOKUP(C71,'Com Enrolled Accounts'!$A:$B,2,0))=TRUE,0,VLOOKUP(C71,'Com Enrolled Accounts'!$A:$B,2,0)) -> 8.27 | K71: =IF(J71=0,0,J71-I71) -> 11.182214 | L71: =IF(ISNA(VLOOKUP(C71,'Com Enrolled Accounts'!$A:$C,3,0))=TRUE,0,VLOOKUP(C71,'Com Enrolled Accounts'!$A:$C,3,0)) -> 15.02 | M71: =IF(L71>K71,K71,L71) -> 11.182214 | N71: =IF(M71<0,0,M71*D71) -> 559.11071
A72: 45968 | B72: 38096 | C72: REYJOHN BAKERY | D72: 50 | E72: =76.82/1.12 -> 68.589286 | F72: =WPPCom -> 86.5015 | G72: =TSCom -> 15 | H72: =F72-G72 -> 71.5015 | I72: =E72-H72 -> -2.9122143 | J72: =IF(ISNA(VLOOKUP(C72,'Com Enrolled Accounts'!$A:$B,2,0))=TRUE,0,VLOOKUP(C72,'Com Enrolled Accounts'!$A:$B,2,0)) -> 8.27 | K72: =IF(J72=0,0,J72-I72) -> 11.182214 | L72: =IF(ISNA(VLOOKUP(C72,'Com Enrolled Accounts'!$A:$C,3,0))=TRUE,0,VLOOKUP(C72,'Com Enrolled Accounts'!$A:$C,3,0)) -> 15.02 | M72: =IF(L72>K72,K72,L72) -> 11.182214 | N72: =IF(M72<0,0,M72*D72) -> 559.11071
A73: 45972 | B73: 38222 | C73: REYJOHN BAKERY | D73: 50 | E73: =76.82/1.12 -> 68.589286 | F73: =WPPCom -> 86.5015 | G73: =TSCom -> 15 | H73: =F73-G73 -> 71.5015 | I73: =E73-H73 -> -2.9122143 | J73: =IF(ISNA(VLOOKUP(C73,'Com Enrolled Accounts'!$A:$B,2,0))=TRUE,0,VLOOKUP(C73,'Com Enrolled Accounts'!$A:$B,2,0)) -> 8.27 | K73: =IF(J73=0,0,J73-I73) -> 11.182214 | L73: =IF(ISNA(VLOOKUP(C73,'Com Enrolled Accounts'!$A:$C,3,0))=TRUE,0,VLOOKUP(C73,'Com Enrolled Accounts'!$A:$C,3,0)) -> 15.02 | M73: =IF(L73>K73,K73,L73) -> 11.182214 | N73: =IF(M73<0,0,M73*D73) -> 559.11071
A74: 45974 | B74: 38304 | C74: REYJOHN BAKERY | D74: 50 | E74: =76.82/1.12 -> 68.589286 | F74: =WPPCom -> 86.5015 | G74: =TSCom -> 15 | H74: =F74-G74 -> 71.5015 | I74: =E74-H74 -> -2.9122143 | J74: =IF(ISNA(VLOOKUP(C74,'Com Enrolled Accounts'!$A:$B,2,0))=TRUE,0,VLOOKUP(C74,'Com Enrolled Accounts'!$A:$B,2,0)) -> 8.27 | K74: =IF(J74=0,0,J74-I74) -> 11.182214 | L74: =IF(ISNA(VLOOKUP(C74,'Com Enrolled Accounts'!$A:$C,3,0))=TRUE,0,VLOOKUP(C74,'Com Enrolled Accounts'!$A:$C,3,0)) -> 15.02 | M74: =IF(L74>K74,K74,L74) -> 11.182214 | N74: =IF(M74<0,0,M74*D74) -> 559.11071
A75: 45978 | B75: 38409 | C75: REYJOHN BAKERY | D75: 50 | E75: =76.82/1.12 -> 68.589286 | F75: =WPPCom -> 86.5015 | G75: =TSCom -> 15 | H75: =F75-G75 -> 71.5015 | I75: =E75-H75 -> -2.9122143 | J75: =IF(ISNA(VLOOKUP(C75,'Com Enrolled Accounts'!$A:$B,2,0))=TRUE,0,VLOOKUP(C75,'Com Enrolled Accounts'!$A:$B,2,0)) -> 8.27 | K75: =IF(J75=0,0,J75-I75) -> 11.182214 | L75: =IF(ISNA(VLOOKUP(C75,'Com Enrolled Accounts'!$A:$C,3,0))=TRUE,0,VLOOKUP(C75,'Com Enrolled Accounts'!$A:$C,3,0)) -> 15.02 | M75: =IF(L75>K75,K75,L75) -> 11.182214 | N75: =IF(M75<0,0,M75*D75) -> 559.11071
A76: 45981 | B76: 38488 | C76: REYJOHN BAKERY | D76: 50 | E76: =76.82/1.12 -> 68.589286 | F76: =WPPCom -> 86.5015 | G76: =TSCom -> 15 | H76: =F76-G76 -> 71.5015 | I76: =E76-H76 -> -2.9122143 | J76: =IF(ISNA(VLOOKUP(C76,'Com Enrolled Accounts'!$A:$B,2,0))=TRUE,0,VLOOKUP(C76,'Com Enrolled Accounts'!$A:$B,2,0)) -> 8.27 | K76: =IF(J76=0,0,J76-I76) -> 11.182214 | L76: =IF(ISNA(VLOOKUP(C76,'Com Enrolled Accounts'!$A:$C,3,0))=TRUE,0,VLOOKUP(C76,'Com Enrolled Accounts'!$A:$C,3,0)) -> 15.02 | M76: =IF(L76>K76,K76,L76) -> 11.182214 | N76: =IF(M76<0,0,M76*D76) -> 559.11071
A77: 45984 | B77: 38584 | C77: REYJOHN BAKERY | D77: 50 | E77: =76.82/1.12 -> 68.589286 | F77: =WPPCom -> 86.5015 | G77: =TSCom -> 15 | H77: =F77-G77 -> 71.5015 | I77: =E77-H77 -> -2.9122143 | J77: =IF(ISNA(VLOOKUP(C77,'Com Enrolled Accounts'!$A:$B,2,0))=TRUE,0,VLOOKUP(C77,'Com Enrolled Accounts'!$A:$B,2,0)) -> 8.27 | K77: =IF(J77=0,0,J77-I77) -> 11.182214 | L77: =IF(ISNA(VLOOKUP(C77,'Com Enrolled Accounts'!$A:$C,3,0))=TRUE,0,VLOOKUP(C77,'Com Enrolled Accounts'!$A:$C,3,0)) -> 15.02 | M77: =IF(L77>K77,K77,L77) -> 11.182214 | N77: =IF(M77<0,0,M77*D77) -> 559.11071
A78: 45987 | B78: 38677 | C78: REYJOHN BAKERY | D78: 50 | E78: =76.82/1.12 -> 68.589286 | F78: =WPPCom -> 86.5015 | G78: =TSCom -> 15 | H78: =F78-G78 -> 71.5015 | I78: =E78-H78 -> -2.9122143 | J78: =IF(ISNA(VLOOKUP(C78,'Com Enrolled Accounts'!$A:$B,2,0))=TRUE,0,VLOOKUP(C78,'Com Enrolled Accounts'!$A:$B,2,0)) -> 8.27 | K78: =IF(J78=0,0,J78-I78) -> 11.182214 | L78: =IF(ISNA(VLOOKUP(C78,'Com Enrolled Accounts'!$A:$C,3,0))=TRUE,0,VLOOKUP(C78,'Com Enrolled Accounts'!$A:$C,3,0)) -> 15.02 | M78: =IF(L78>K78,K78,L78) -> 11.182214 | N78: =IF(M78<0,0,M78*D78) -> 559.11071
A79: 45991 | B79: 38794 | C79: REYJOHN BAKERY | D79: 50 | E79: =76.82/1.12 -> 68.589286 | F79: =WPPCom -> 86.5015 | G79: =TSCom -> 15 | H79: =F79-G79 -> 71.5015 | I79: =E79-H79 -> -2.9122143 | J79: =IF(ISNA(VLOOKUP(C79,'Com Enrolled Accounts'!$A:$B,2,0))=TRUE,0,VLOOKUP(C79,'Com Enrolled Accounts'!$A:$B,2,0)) -> 8.27 | K79: =IF(J79=0,0,J79-I79) -> 11.182214 | L79: =IF(ISNA(VLOOKUP(C79,'Com Enrolled Accounts'!$A:$C,3,0))=TRUE,0,VLOOKUP(C79,'Com Enrolled Accounts'!$A:$C,3,0)) -> 15.02 | M79: =IF(L79>K79,K79,L79) -> 11.182214 | N79: =IF(M79<0,0,M79*D79) -> 559.11071
A80: 45985 | B80: 38601 | C80: ROBERTO ROWIE AND ROBI FOOD OPC | D80: 100 | E80: =82.82/1.12 -> 73.946429 | F80: =WPPCom -> 86.5015 | G80: =TSCom -> 15 | H80: =F80-G80 -> 71.5015 | I80: =E80-H80 -> 2.4449286 | J80: =IF(ISNA(VLOOKUP(C80,'Com Enrolled Accounts'!$A:$B,2,0))=TRUE,0,VLOOKUP(C80,'Com Enrolled Accounts'!$A:$B,2,0)) -> 8.27 | K80: =IF(J80=0,0,J80-I80) -> 5.8250714 | L80: =IF(ISNA(VLOOKUP(C80,'Com Enrolled Accounts'!$A:$C,3,0))=TRUE,0,VLOOKUP(C80,'Com Enrolled Accounts'!$A:$C,3,0)) -> 5.83 | M80: =IF(L80>K80,K80,L80) -> 5.8250714 | N80: =IF(M80<0,0,M80*D80) -> 582.50714
A81: 45967 | B81: 38080 | C81: ROLLING BUBBLES LAUNDRY SHOP | D81: 50 | E81: =76.82/1.12 -> 68.589286 | F81: =WPPCom -> 86.5015 | G81: =TSCom -> 15 | H81: =F81-G81 -> 71.5015 | I81: =E81-H81 -> -2.9122143 | J81: =IF(ISNA(VLOOKUP(C81,'Com Enrolled Accounts'!$A:$B,2,0))=TRUE,0,VLOOKUP(C81,'Com Enrolled Accounts'!$A:$B,2,0)) -> 8.27 | K81: =IF(J81=0,0,J81-I81) -> 11.182214 | L81: =IF(ISNA(VLOOKUP(C81,'Com Enrolled Accounts'!$A:$C,3,0))=TRUE,0,VLOOKUP(C81,'Com Enrolled Accounts'!$A:$C,3,0)) -> 11.18 | M81: =IF(L81>K81,K81,L81) -> 11.18 | N81: =IF(M81<0,0,M81*D81) -> 559
A82: 45987 | B82: 38670 | C82: ROLLING BUBBLES LAUNDRY SHOP | D82: 50 | E82: =76.82/1.12 -> 68.589286 | F82: =WPPCom -> 86.5015 | G82: =TSCom -> 15 | H82: =F82-G82 -> 71.5015 | I82: =E82-H82 -> -2.9122143 | J82: =IF(ISNA(VLOOKUP(C82,'Com Enrolled Accounts'!$A:$B,2,0))=TRUE,0,VLOOKUP(C82,'Com Enrolled Accounts'!$A:$B,2,0)) -> 8.27 | K82: =IF(J82=0,0,J82-I82) -> 11.182214 | L82: =IF(ISNA(VLOOKUP(C82,'Com Enrolled Accounts'!$A:$C,3,0))=TRUE,0,VLOOKUP(C82,'Com Enrolled Accounts'!$A:$C,3,0)) -> 11.18 | M82: =IF(L82>K82,K82,L82) -> 11.18 | N82: =IF(M82<0,0,M82*D82) -> 559
A83: 45971 | B83: 38215 | C83: Teabox milktea corner | D83: 50 | E83: =82.82/1.12 -> 73.946429 | F83: =WPPCom -> 86.5015 | G83: =TSCom -> 15 | H83: =F83-G83 -> 71.5015 | I83: =E83-H83 -> 2.4449286 | J83: =IF(ISNA(VLOOKUP(C83,'Com Enrolled Accounts'!$A:$B,2,0))=TRUE,0,VLOOKUP(C83,'Com Enrolled Accounts'!$A:$B,2,0)) -> 8.27 | K83: =IF(J83=0,0,J83-I83) -> 5.8250714 | L83: =IF(ISNA(VLOOKUP(C83,'Com Enrolled Accounts'!$A:$C,3,0))=TRUE,0,VLOOKUP(C83,'Com Enrolled Accounts'!$A:$C,3,0)) -> 15.03 | M83: =IF(L83>K83,K83,L83) -> 5.8250714 | N83: =IF(M83<0,0,M83*D83) -> 291.25357
A84: 45987 | B84: 38672 | C84: Teabox milktea corner | D84: 50 | E84: =82.82/1.12 -> 73.946429 | F84: =WPPCom -> 86.5015 | G84: =TSCom -> 15 | H84: =F84-G84 -> 71.5015 | I84: =E84-H84 -> 2.4449286 | J84: =IF(ISNA(VLOOKUP(C84,'Com Enrolled Accounts'!$A:$B,2,0))=TRUE,0,VLOOKUP(C84,'Com Enrolled Accounts'!$A:$B,2,0)) -> 8.27 | K84: =IF(J84=0,0,J84-I84) -> 5.8250714 | L84: =IF(ISNA(VLOOKUP(C84,'Com Enrolled Accounts'!$A:$C,3,0))=TRUE,0,VLOOKUP(C84,'Com Enrolled Accounts'!$A:$C,3,0)) -> 15.03 | M84: =IF(L84>K84,K84,L84) -> 5.8250714 | N84: =IF(M84<0,0,M84*D84) -> 291.25357
A85: 45988 | B85: 38708 | C85: Teabox milktea corner | D85: 50 | E85: =82.82/1.12 -> 73.946429 | F85: =WPPCom -> 86.5015 | G85: =TSCom -> 15 | H85: =F85-G85 -> 71.5015 | I85: =E85-H85 -> 2.4449286 | J85: =IF(ISNA(VLOOKUP(C85,'Com Enrolled Accounts'!$A:$B,2,0))=TRUE,0,VLOOKUP(C85,'Com Enrolled Accounts'!$A:$B,2,0)) -> 8.27 | K85: =IF(J85=0,0,J85-I85) -> 5.8250714 | L85: =IF(ISNA(VLOOKUP(C85,'Com Enrolled Accounts'!$A:$C,3,0))=TRUE,0,VLOOKUP(C85,'Com Enrolled Accounts'!$A:$C,3,0)) -> 15.03 | M85: =IF(L85>K85,K85,L85) -> 5.8250714 | N85: =IF(M85<0,0,M85*D85) -> 291.25357
A86: 45971 | B86: 38176 | C86: MICHELLE TUMBAGA BAKESHOP | D86: 50 | E86: =86.82/1.12 -> 77.517857 | F86: =WPPCom -> 86.5015 | G86: =TSCom -> 15 | H86: =F86-G86 -> 71.5015 | I86: =E86-H86 -> 6.0163571 | J86: =IF(ISNA(VLOOKUP(C86,'Com Enrolled Accounts'!$A:$B,2,0))=TRUE,0,VLOOKUP(C86,'Com Enrolled Accounts'!$A:$B,2,0)) -> 8.27 | K86: =IF(J86=0,0,J86-I86) -> 2.2536429 | L86: =IF(ISNA(VLOOKUP(C86,'Com Enrolled Accounts'!$A:$C,3,0))=TRUE,0,VLOOKUP(C86,'Com Enrolled Accounts'!$A:$C,3,0)) -> 4.05 | M86: =IF(L86>K86,K86,L86) -> 2.2536429 | N86: =IF(M86<0,0,M86*D86) -> 112.68214
A87: 45965 | B87: 38013 | C87: MICHELLE TUMBAGA BAKESHOP | D87: 50 | E87: =86.82/1.12 -> 77.517857 | F87: =WPPCom -> 86.5015 | G87: =TSCom -> 15 | H87: =F87-G87 -> 71.5015 | I87: =E87-H87 -> 6.0163571 | J87: =IF(ISNA(VLOOKUP(C87,'Com Enrolled Accounts'!$A:$B,2,0))=TRUE,0,VLOOKUP(C87,'Com Enrolled Accounts'!$A:$B,2,0)) -> 8.27 | K87: =IF(J87=0,0,J87-I87) -> 2.2536429 | L87: =IF(ISNA(VLOOKUP(C87,'Com Enrolled Accounts'!$A:$C,3,0))=TRUE,0,VLOOKUP(C87,'Com Enrolled Accounts'!$A:$C,3,0)) -> 4.05 | M87: =IF(L87>K87,K87,L87) -> 2.2536429 | N87: =IF(M87<0,0,M87*D87) -> 112.68214
A88: 45973 | B88: 38260 | C88: MICHELLE TUMBAGA BAKESHOP | D88: 50 | E88: =86.82/1.12 -> 77.517857 | F88: =WPPCom -> 86.5015 | G88: =TSCom -> 15 | H88: =F88-G88 -> 71.5015 | I88: =E88-H88 -> 6.0163571 | J88: =IF(ISNA(VLOOKUP(C88,'Com Enrolled Accounts'!$A:$B,2,0))=TRUE,0,VLOOKUP(C88,'Com Enrolled Accounts'!$A:$B,2,0)) -> 8.27 | K88: =IF(J88=0,0,J88-I88) -> 2.2536429 | L88: =IF(ISNA(VLOOKUP(C88,'Com Enrolled Accounts'!$A:$C,3,0))=TRUE,0,VLOOKUP(C88,'Com Enrolled Accounts'!$A:$C,3,0)) -> 4.05 | M88: =IF(L88>K88,K88,L88) -> 2.2536429 | N88: =IF(M88<0,0,M88*D88) -> 112.68214
A89: 45989 | B89: 38737 | C89: MICHELLE TUMBAGA BAKESHOP | D89: 100 | E89: =84.82/1.12 -> 75.732143 | F89: =WPPCom -> 86.5015 | G89: =TSCom -> 15 | H89: =F89-G89 -> 71.5015 | I89: =E89-H89 -> 4.2306429 | J89: =IF(ISNA(VLOOKUP(C89,'Com Enrolled Accounts'!$A:$B,2,0))=TRUE,0,VLOOKUP(C89,'Com Enrolled Accounts'!$A:$B,2,0)) -> 8.27 | K89: =IF(J89=0,0,J89-I89) -> 4.0393571 | L89: =IF(ISNA(VLOOKUP(C89,'Com Enrolled Accounts'!$A:$C,3,0))=TRUE,0,VLOOKUP(C89,'Com Enrolled Accounts'!$A:$C,3,0)) -> 4.05 | M89: =IF(L89>K89,K89,L89) -> 4.0393571 | N89: =IF(M89<0,0,M89*D89) -> 403.93571
A90: 45964 | B90: 11917 | C90: ROLLING BUBBLES LAUNDRY SHOP | D90: 50 | E90: =76.82/1.12 -> 68.589286 | F90: =WPPCom -> 86.5015 | G90: =TSCom -> 15 | H90: =F90-G90 -> 71.5015 | I90: =E90-H90 -> -2.9122143 | J90: =IF(ISNA(VLOOKUP(C90,'Com Enrolled Accounts'!$A:$B,2,0))=TRUE,0,VLOOKUP(C90,'Com Enrolled Accounts'!$A:$B,2,0)) -> 8.27 | K90: =IF(J90=0,0,J90-I90) -> 11.182214 | L90: =IF(ISNA(VLOOKUP(C90,'Com Enrolled Accounts'!$A:$C,3,0))=TRUE,0,VLOOKUP(C90,'Com Enrolled Accounts'!$A:$C,3,0)) -> 11.18 | M90: =IF(L90>K90,K90,L90) -> 11.18 | N90: =IF(M90<0,0,M90*D90) -> 559
A91: 11/13/2025 | B91: 12034 | C91: ROLLING BUBBLES LAUNDRY SHOP | D91: 50 | E91: =76.82/1.12 -> 68.589286 | F91: =WPPCom -> 86.5015 | G91: =TSCom -> 15 | H91: =F91-G91 -> 71.5015 | I91: =E91-H91 -> -2.9122143 | J91: =IF(ISNA(VLOOKUP(C91,'Com Enrolled Accounts'!$A:$B,2,0))=TRUE,0,VLOOKUP(C91,'Com Enrolled Accounts'!$A:$B,2,0)) -> 8.27 | K91: =IF(J91=0,0,J91-I91) -> 11.182214 | L91: =IF(ISNA(VLOOKUP(C91,'Com Enrolled Accounts'!$A:$C,3,0))=TRUE,0,VLOOKUP(C91,'Com Enrolled Accounts'!$A:$C,3,0)) -> 11.18 | M91: =IF(L91>K91,K91,L91) -> 11.18 | N91: =IF(M91<0,0,M91*D91) -> 559
A92: 11/19/2025 | B92: 12116 | C92: ROLLING BUBBLES LAUNDRY SHOP | D92: 50 | E92: =76.82/1.12 -> 68.589286 | F92: =WPPCom -> 86.5015 | G92: =TSCom -> 15 | H92: =F92-G92 -> 71.5015 | I92: =E92-H92 -> -2.9122143 | J92: =IF(ISNA(VLOOKUP(C92,'Com Enrolled Accounts'!$A:$B,2,0))=TRUE,0,VLOOKUP(C92,'Com Enrolled Accounts'!$A:$B,2,0)) -> 8.27 | K92: =IF(J92=0,0,J92-I92) -> 11.182214 | L92: =IF(ISNA(VLOOKUP(C92,'Com Enrolled Accounts'!$A:$C,3,0))=TRUE,0,VLOOKUP(C92,'Com Enrolled Accounts'!$A:$C,3,0)) -> 11.18 | M92: =IF(L92>K92,K92,L92) -> 11.18 | N92: =IF(M92<0,0,M92*D92) -> 559
A93: 11/28/2025 | B93: 12220 | C93: ROLLING BUBBLES LAUNDRY SHOP | D93: 50 | E93: =76.82/1.12 -> 68.589286 | F93: =WPPCom -> 86.5015 | G93: =TSCom -> 15 | H93: =F93-G93 -> 71.5015 | I93: =E93-H93 -> -2.9122143 | J93: =IF(ISNA(VLOOKUP(C93,'Com Enrolled Accounts'!$A:$B,2,0))=TRUE,0,VLOOKUP(C93,'Com Enrolled Accounts'!$A:$B,2,0)) -> 8.27 | K93: =IF(J93=0,0,J93-I93) -> 11.182214 | L93: =IF(ISNA(VLOOKUP(C93,'Com Enrolled Accounts'!$A:$C,3,0))=TRUE,0,VLOOKUP(C93,'Com Enrolled Accounts'!$A:$C,3,0)) -> 11.18 | M93: =IF(L93>K93,K93,L93) -> 11.18 | N93: =IF(M93<0,0,M93*D93) -> 559
A94: 45964 | B94: 11918 | C94: Park N' Go - Arorory Branch | D94: 50 | E94: =72.82/1.12 -> 65.017857 | F94: =WPPCom -> 86.5015 | G94: =TSCom -> 15 | H94: =F94-G94 -> 71.5015 | I94: =E94-H94 -> -6.4836429 | J94: =IF(ISNA(VLOOKUP(C94,'Com Enrolled Accounts'!$A:$B,2,0))=TRUE,0,VLOOKUP(C94,'Com Enrolled Accounts'!$A:$B,2,0)) -> 8.27 | K94: =IF(J94=0,0,J94-I94) -> 14.753643 | L94: =IF(ISNA(VLOOKUP(C94,'Com Enrolled Accounts'!$A:$C,3,0))=TRUE,0,VLOOKUP(C94,'Com Enrolled Accounts'!$A:$C,3,0)) -> 15.03 | M94: =IF(L94>K94,K94,L94) -> 14.753643 | N94: =IF(M94<0,0,M94*D94) -> 737.68214
A95: 45819 | B95: 11948 | C95: Park N' Go - Arorory Branch | D95: 50 | E95: =72.82/1.12 -> 65.017857 | F95: =WPPCom -> 86.5015 | G95: =TSCom -> 15 | H95: =F95-G95 -> 71.5015 | I95: =E95-H95 -> -6.4836429 | J95: =IF(ISNA(VLOOKUP(C95,'Com Enrolled Accounts'!$A:$B,2,0))=TRUE,0,VLOOKUP(C95,'Com Enrolled Accounts'!$A:$B,2,0)) -> 8.27 | K95: =IF(J95=0,0,J95-I95) -> 14.753643 | L95: =IF(ISNA(VLOOKUP(C95,'Com Enrolled Accounts'!$A:$C,3,0))=TRUE,0,VLOOKUP(C95,'Com Enrolled Accounts'!$A:$C,3,0)) -> 15.03 | M95: =IF(L95>K95,K95,L95) -> 14.753643 | N95: =IF(M95<0,0,M95*D95) -> 737.68214
A96: 45971 | B96: 11988 | C96: Park N' Go - Arorory Branch | D96: 50 | E96: =72.82/1.12 -> 65.017857 | F96: =WPPCom -> 86.5015 | G96: =TSCom -> 15 | H96: =F96-G96 -> 71.5015 | I96: =E96-H96 -> -6.4836429 | J96: =IF(ISNA(VLOOKUP(C96,'Com Enrolled Accounts'!$A:$B,2,0))=TRUE,0,VLOOKUP(C96,'Com Enrolled Accounts'!$A:$B,2,0)) -> 8.27 | K96: =IF(J96=0,0,J96-I96) -> 14.753643 | L96: =IF(ISNA(VLOOKUP(C96,'Com Enrolled Accounts'!$A:$C,3,0))=TRUE,0,VLOOKUP(C96,'Com Enrolled Accounts'!$A:$C,3,0)) -> 15.03 | M96: =IF(L96>K96,K96,L96) -> 14.753643 | N96: =IF(M96<0,0,M96*D96) -> 737.68214
A97: 11/13/2025 | B97: 12030 | C97: Park N' Go - Arorory Branch | D97: 50 | E97: =72.82/1.12 -> 65.017857 | F97: =WPPCom -> 86.5015 | G97: =TSCom -> 15 | H97: =F97-G97 -> 71.5015 | I97: =E97-H97 -> -6.4836429 | J97: =IF(ISNA(VLOOKUP(C97,'Com Enrolled Accounts'!$A:$B,2,0))=TRUE,0,VLOOKUP(C97,'Com Enrolled Accounts'!$A:$B,2,0)) -> 8.27 | K97: =IF(J97=0,0,J97-I97) -> 14.753643 | L97: =IF(ISNA(VLOOKUP(C97,'Com Enrolled Accounts'!$A:$C,3,0))=TRUE,0,VLOOKUP(C97,'Com Enrolled Accounts'!$A:$C,3,0)) -> 15.03 | M97: =IF(L97>K97,K97,L97) -> 14.753643 | N97: =IF(M97<0,0,M97*D97) -> 737.68214
A98: 11/17/2025 | B98: 12083 | C98: Park N' Go - Arorory Branch | D98: 50 | E98: =72.82/1.12 -> 65.017857 | F98: =WPPCom -> 86.5015 | G98: =TSCom -> 15 | H98: =F98-G98 -> 71.5015 | I98: =E98-H98 -> -6.4836429 | J98: =IF(ISNA(VLOOKUP(C98,'Com Enrolled Accounts'!$A:$B,2,0))=TRUE,0,VLOOKUP(C98,'Com Enrolled Accounts'!$A:$B,2,0)) -> 8.27 | K98: =IF(J98=0,0,J98-I98) -> 14.753643 | L98: =IF(ISNA(VLOOKUP(C98,'Com Enrolled Accounts'!$A:$C,3,0))=TRUE,0,VLOOKUP(C98,'Com Enrolled Accounts'!$A:$C,3,0)) -> 15.03 | M98: =IF(L98>K98,K98,L98) -> 14.753643 | N98: =IF(M98<0,0,M98*D98) -> 737.68214
A99: 11/21/2025 | B99: 12131 | C99: Park N' Go - Arorory Branch | D99: 50 | E99: =72.82/1.12 -> 65.017857 | F99: =WPPCom -> 86.5015 | G99: =TSCom -> 15 | H99: =F99-G99 -> 71.5015 | I99: =E99-H99 -> -6.4836429 | J99: =IF(ISNA(VLOOKUP(C99,'Com Enrolled Accounts'!$A:$B,2,0))=TRUE,0,VLOOKUP(C99,'Com Enrolled Accounts'!$A:$B,2,0)) -> 8.27 | K99: =IF(J99=0,0,J99-I99) -> 14.753643 | L99: =IF(ISNA(VLOOKUP(C99,'Com Enrolled Accounts'!$A:$C,3,0))=TRUE,0,VLOOKUP(C99,'Com Enrolled Accounts'!$A:$C,3,0)) -> 15.03 | M99: =IF(L99>K99,K99,L99) -> 14.753643 | N99: =IF(M99<0,0,M99*D99) -> 737.68214
A100: 11/23/2025 | B100: 12170 | C100: Park N' Go - Arorory Branch | D100: 50 | E100: =72.82/1.12 -> 65.017857 | F100: =WPPCom -> 86.5015 | G100: =TSCom -> 15 | H100: =F100-G100 -> 71.5015 | I100: =E100-H100 -> -6.4836429 | J100: =IF(ISNA(VLOOKUP(C100,'Com Enrolled Accounts'!$A:$B,2,0))=TRUE,0,VLOOKUP(C100,'Com Enrolled Accounts'!$A:$B,2,0)) -> 8.27 | K100: =IF(J100=0,0,J100-I100) -> 14.753643 | L100: =IF(ISNA(VLOOKUP(C100,'Com Enrolled Accounts'!$A:$C,3,0))=TRUE,0,VLOOKUP(C100,'Com Enrolled Accounts'!$A:$C,3,0)) -> 15.03 | M100: =IF(L100>K100,K100,L100) -> 14.753643 | N100: =IF(M100<0,0,M100*D100) -> 737.68214
A101: 11/26/2025 | B101: 12200 | C101: Park N' Go - Arorory Branch | D101: 50 | E101: =72.82/1.12 -> 65.017857 | F101: =WPPCom -> 86.5015 | G101: =TSCom -> 15 | H101: =F101-G101 -> 71.5015 | I101: =E101-H101 -> -6.4836429 | J101: =IF(ISNA(VLOOKUP(C101,'Com Enrolled Accounts'!$A:$B,2,0))=TRUE,0,VLOOKUP(C101,'Com Enrolled Accounts'!$A:$B,2,0)) -> 8.27 | K101: =IF(J101=0,0,J101-I101) -> 14.753643 | L101: =IF(ISNA(VLOOKUP(C101,'Com Enrolled Accounts'!$A:$C,3,0))=TRUE,0,VLOOKUP(C101,'Com Enrolled Accounts'!$A:$C,3,0)) -> 15.03 | M101: =IF(L101>K101,K101,L101) -> 14.753643 | N101: =IF(M101<0,0,M101*D101) -> 737.68214
...

Sheet Domestic GMS
A1: Dealer: | C1: =DealerName -> ALJALANI SALES MARKETING | E1: BACK TO TOP SHEET
A2: Plant: | C2: =Plant -> CAMSUR/Daraga
A3: Month of Claim | C3: =DateStart -> 45962
A4: Segment: | C4: DOMESTIC
A5: Commercial GMS Amount | C5: =SUM($N$9:$N$5008) -> 10496.507 | E5: =D5-C5 -> -10496.507
A6: GMS Volume in kg | C6: =SUM($D$9:$D$5008) -> 5522 | E6: =D6-C6 -> -5522
A8: Date (INPUT) | B8: Invoice Number (INPUT) | C8: Account (INPUT AS DROPDOWN) | D8: Volume in kg (INPUT) | E8: VATEX End Customer Price PER KG (INPUT) | F8: WPP (P/kg) | G8: Tactical DOI (P/kg) | H8: Net WPP (P/kg) | I8: Dealer Margin (P/kg) | J8: GMS Rate (P/kg) | K8: Resulting Price Support (P/kg) | L8: Approved Price Support (P/kg) | M8: Should be Price Support Rate (P/kg) | N8: GMS Amount (Php)
A9: 45668 | B9: 37931 | C9: ALFREDOS CARINDERIA VENUS PASION | D9: 11 | E9: =995/D9/1.12 -> 80.762987 | F9: =WPPDom -> 87.0515 | G9: =TSDom -> 20.72 | H9: =F9-G9 -> 66.3315 | I9: =E9-H9 -> 14.431487 | J9: =IF(ISNA(VLOOKUP(C9,'Dom Enrolled Accounts'!$A:$B,2,0))=TRUE,0,VLOOKUP(C9,'Dom Enrolled Accounts'!$A:$B,2,0)) -> 15.6 | K9: =IF(J9=0,0,J9-I9) -> 1.168513 | L9: =IF(ISNA(VLOOKUP(C9,'Dom Enrolled Accounts'!$A:$C,3,0))=TRUE,0,VLOOKUP(C9,'Dom Enrolled Accounts'!$A:$C,3,0)) -> 2.05 | M9: =IF(L9>K9,K9,L9) -> 1.168513 | N9: =IF(M9<0,0,M9*D9) -> 12.853643
A10: 45699 | B10: 37966 | C10: ALFREDOS CARINDERIA VENUS PASION | D10: 11 | E10: =995/D10/1.12 -> 80.762987 | F10: =WPPDom -> 87.0515 | G10: =TSDom -> 20.72 | H10: =F10-G10 -> 66.3315 | I10: =E10-H10 -> 14.431487 | J10: =IF(ISNA(VLOOKUP(C10,'Dom Enrolled Accounts'!$A:$B,2,0))=TRUE,0,VLOOKUP(C10,'Dom Enrolled Accounts'!$A:$B,2,0)) -> 15.6 | K10: =IF(J10=0,0,J10-I10) -> 1.168513 | L10: =IF(ISNA(VLOOKUP(C10,'Dom Enrolled Accounts'!$A:$C,3,0))=TRUE,0,VLOOKUP(C10,'Dom Enrolled Accounts'!$A:$C,3,0)) -> 2.05 | M10: =IF(L10>K10,K10,L10) -> 1.168513 | N10: =IF(M10<0,0,M10*D10) -> 12.853643
A11: 45788 | B11: 38030 | C11: ALFREDOS CARINDERIA VENUS PASION | D11: 11 | E11: =995/D11/1.12 -> 80.762987 | F11: =WPPDom -> 87.0515 | G11: =TSDom -> 20.72 | H11: =F11-G11 -> 66.3315 | I11: =E11-H11 -> 14.431487 | J11: =IF(ISNA(VLOOKUP(C11,'Dom Enrolled Accounts'!$A:$B,2,0))=TRUE,0,VLOOKUP(C11,'Dom Enrolled Accounts'!$A:$B,2,0)) -> 15.6 | K11: =IF(J11=0,0,J11-I11) -> 1.168513 | L11: =IF(ISNA(VLOOKUP(C11,'Dom Enrolled Accounts'!$A:$C,3,0))=TRUE,0,VLOOKUP(C11,'Dom Enrolled Accounts'!$A:$C,3,0)) -> 2.05 | M11: =IF(L11>K11,K11,L11) -> 1.168513 | N11: =IF(M11<0,0,M11*D11) -> 12.853643
A12: 45941 | B12: 38174 | C12: ALFREDOS CARINDERIA VENUS PASION | D12: 11 | E12: =995/D12/1.12 -> 80.762987 | F12: =WPPDom -> 87.0515 | G12: =TSDom -> 20.72 | H12: =F12-G12 -> 66.3315 | I12: =E12-H12 -> 14.431487 | J12: =IF(ISNA(VLOOKUP(C12,'Dom Enrolled Accounts'!$A:$B,2,0))=TRUE,0,VLOOKUP(C12,'Dom Enrolled Accounts'!$A:$B,2,0)) -> 15.6 | K12: =IF(J12=0,0,J12-I12) -> 1.168513 | L12: =IF(ISNA(VLOOKUP(C12,'Dom Enrolled Accounts'!$A:$C,3,0))=TRUE,0,VLOOKUP(C12,'Dom Enrolled Accounts'!$A:$C,3,0)) -> 2.05 | M12: =IF(L12>K12,K12,L12) -> 1.168513 | N12: =IF(M12<0,0,M12*D12) -> 12.853643
A13: 45941 | B13: 38193 | C13: ALFREDOS CARINDERIA VENUS PASION | D13: 11 | E13: =995/D13/1.12 -> 80.762987 | F13: =WPPDom -> 87.0515 | G13: =TSDom -> 20.72 | H13: =F13-G13 -> 66.3315 | I13: =E13-H13 -> 14.431487 | J13: =IF(ISNA(VLOOKUP(C13,'Dom Enrolled Accounts'!$A:$B,2,0))=TRUE,0,VLOOKUP(C13,'Dom Enrolled Accounts'!$A:$B,2,0)) -> 15.6 | K13: =IF(J13=0,0,J13-I13) -> 1.168513 | L13: =IF(ISNA(VLOOKUP(C13,'Dom Enrolled Accounts'!$A:$C,3,0))=TRUE,0,VLOOKUP(C13,'Dom Enrolled Accounts'!$A:$C,3,0)) -> 2.05 | M13: =IF(L13>K13,K13,L13) -> 1.168513 | N13: =IF(M13<0,0,M13*D13) -> 12.853643
A14: 45972 | B14: 38229 | C14: ALFREDOS CARINDERIA VENUS PASION | D14: 11 | E14: =995/D14/1.12 -> 80.762987 | F14: =WPPDom -> 87.0515 | G14: =TSDom -> 20.72 | H14: =F14-G14 -> 66.3315 | I14: =E14-H14 -> 14.431487 | J14: =IF(ISNA(VLOOKUP(C14,'Dom Enrolled Accounts'!$A:$B,2,0))=TRUE,0,VLOOKUP(C14,'Dom Enrolled Accounts'!$A:$B,2,0)) -> 15.6 | K14: =IF(J14=0,0,J14-I14) -> 1.168513 | L14: =IF(ISNA(VLOOKUP(C14,'Dom Enrolled Accounts'!$A:$C,3,0))=TRUE,0,VLOOKUP(C14,'Dom Enrolled Accounts'!$A:$C,3,0)) -> 2.05 | M14: =IF(L14>K14,K14,L14) -> 1.168513 | N14: =IF(M14<0,0,M14*D14) -> 12.853643
A15: 45972 | B15: 38241 | C15: ALFREDOS CARINDERIA VENUS PASION | D15: 11 | E15: =995/D15/1.12 -> 80.762987 | F15: =WPPDom -> 87.0515 | G15: =TSDom -> 20.72 | H15: =F15-G15 -> 66.3315 | I15: =E15-H15 -> 14.431487 | J15: =IF(ISNA(VLOOKUP(C15,'Dom Enrolled Accounts'!$A:$B,2,0))=TRUE,0,VLOOKUP(C15,'Dom Enrolled Accounts'!$A:$B,2,0)) -> 15.6 | K15: =IF(J15=0,0,J15-I15) -> 1.168513 | L15: =IF(ISNA(VLOOKUP(C15,'Dom Enrolled Accounts'!$A:$C,3,0))=TRUE,0,VLOOKUP(C15,'Dom Enrolled Accounts'!$A:$C,3,0)) -> 2.05 | M15: =IF(L15>K15,K15,L15) -> 1.168513 | N15: =IF(M15<0,0,M15*D15) -> 12.853643
A16: 11 16 2025 | B16: 38356 | C16: ALFREDOS CARINDERIA VENUS PASION | D16: 11 | E16: =995/D16/1.12 -> 80.762987 | F16: =WPPDom -> 87.0515 | G16: =TSDom -> 20.72 | H16: =F16-G16 -> 66.3315 | I16: =E16-H16 -> 14.431487 | J16: =IF(ISNA(VLOOKUP(C16,'Dom Enrolled Accounts'!$A:$B,2,0))=TRUE,0,VLOOKUP(C16,'Dom Enrolled Accounts'!$A:$B,2,0)) -> 15.6 | K16: =IF(J16=0,0,J16-I16) -> 1.168513 | L16: =IF(ISNA(VLOOKUP(C16,'Dom Enrolled Accounts'!$A:$C,3,0))=TRUE,0,VLOOKUP(C16,'Dom Enrolled Accounts'!$A:$C,3,0)) -> 2.05 | M16: =IF(L16>K16,K16,L16) -> 1.168513 | N16: =IF(M16<0,0,M16*D16) -> 12.853643
A17: 11/16/2025 | B17: 38373 | C17: ALFREDOS CARINDERIA VENUS PASION | D17: 11 | E17: =995/D17/1.12 -> 80.762987 | F17: =WPPDom -> 87.0515 | G17: =TSDom -> 20.72 | H17: =F17-G17 -> 66.3315 | I17: =E17-H17 -> 14.431487 | J17: =IF(ISNA(VLOOKUP(C17,'Dom Enrolled Accounts'!$A:$B,2,0))=TRUE,0,VLOOKUP(C17,'Dom Enrolled Accounts'!$A:$B,2,0)) -> 15.6 | K17: =IF(J17=0,0,J17-I17) -> 1.168513 | L17: =IF(ISNA(VLOOKUP(C17,'Dom Enrolled Accounts'!$A:$C,3,0))=TRUE,0,VLOOKUP(C17,'Dom Enrolled Accounts'!$A:$C,3,0)) -> 2.05 | M17: =IF(L17>K17,K17,L17) -> 1.168513 | N17: =IF(M17<0,0,M17*D17) -> 12.853643
A18: 11/21/2025 | B18: 38503 | C18: ALFREDOS CARINDERIA VENUS PASION | D18: 11 | E18: =995/D18/1.12 -> 80.762987 | F18: =WPPDom -> 87.0515 | G18: =TSDom -> 20.72 | H18: =F18-G18 -> 66.3315 | I18: =E18-H18 -> 14.431487 | J18: =IF(ISNA(VLOOKUP(C18,'Dom Enrolled Accounts'!$A:$B,2,0))=TRUE,0,VLOOKUP(C18,'Dom Enrolled Accounts'!$A:$B,2,0)) -> 15.6 | K18: =IF(J18=0,0,J18-I18) -> 1.168513 | L18: =IF(ISNA(VLOOKUP(C18,'Dom Enrolled Accounts'!$A:$C,3,0))=TRUE,0,VLOOKUP(C18,'Dom Enrolled Accounts'!$A:$C,3,0)) -> 2.05 | M18: =IF(L18>K18,K18,L18) -> 1.168513 | N18: =IF(M18<0,0,M18*D18) -> 12.853643
A19: 11/21/2025 | B19: 38506 | C19: ALFREDOS CARINDERIA VENUS PASION | D19: 11 | E19: =995/D19/1.12 -> 80.762987 | F19: =WPPDom -> 87.0515 | G19: =TSDom -> 20.72 | H19: =F19-G19 -> 66.3315 | I19: =E19-H19 -> 14.431487 | J19: =IF(ISNA(VLOOKUP(C19,'Dom Enrolled Accounts'!$A:$B,2,0))=TRUE,0,VLOOKUP(C19,'Dom Enrolled Accounts'!$A:$B,2,0)) -> 15.6 | K19: =IF(J19=0,0,J19-I19) -> 1.168513 | L19: =IF(ISNA(VLOOKUP(C19,'Dom Enrolled Accounts'!$A:$C,3,0))=TRUE,0,VLOOKUP(C19,'Dom Enrolled Accounts'!$A:$C,3,0)) -> 2.05 | M19: =IF(L19>K19,K19,L19) -> 1.168513 | N19: =IF(M19<0,0,M19*D19) -> 12.853643
A20: 11/22/2025 | B20: 38558 | C20: ALFREDOS CARINDERIA VENUS PASION | D20: 11 | E20: =995/D20/1.12 -> 80.762987 | F20: =WPPDom -> 87.0515 | G20: =TSDom -> 20.72 | H20: =F20-G20 -> 66.3315 | I20: =E20-H20 -> 14.431487 | J20: =IF(ISNA(VLOOKUP(C20,'Dom Enrolled Accounts'!$A:$B,2,0))=TRUE,0,VLOOKUP(C20,'Dom Enrolled Accounts'!$A:$B,2,0)) -> 15.6 | K20: =IF(J20=0,0,J20-I20) -> 1.168513 | L20: =IF(ISNA(VLOOKUP(C20,'Dom Enrolled Accounts'!$A:$C,3,0))=TRUE,0,VLOOKUP(C20,'Dom Enrolled Accounts'!$A:$C,3,0)) -> 2.05 | M20: =IF(L20>K20,K20,L20) -> 1.168513 | N20: =IF(M20<0,0,M20*D20) -> 12.853643
A21: 11/26/2025 | B21: 38653 | C21: ALFREDOS CARINDERIA VENUS PASION | D21: 11 | E21: =995/D21/1.12 -> 80.762987 | F21: =WPPDom -> 87.0515 | G21: =TSDom -> 20.72 | H21: =F21-G21 -> 66.3315 | I21: =E21-H21 -> 14.431487 | J21: =IF(ISNA(VLOOKUP(C21,'Dom Enrolled Accounts'!$A:$B,2,0))=TRUE,0,VLOOKUP(C21,'Dom Enrolled Accounts'!$A:$B,2,0)) -> 15.6 | K21: =IF(J21=0,0,J21-I21) -> 1.168513 | L21: =IF(ISNA(VLOOKUP(C21,'Dom Enrolled Accounts'!$A:$C,3,0))=TRUE,0,VLOOKUP(C21,'Dom Enrolled Accounts'!$A:$C,3,0)) -> 2.05 | M21: =IF(L21>K21,K21,L21) -> 1.168513 | N21: =IF(M21<0,0,M21*D21) -> 12.853643
A22: 11/28/2025 | B22: 38717 | C22: ALFREDOS CARINDERIA VENUS PASION | D22: 11 | E22: =995/D22/1.12 -> 80.762987 | F22: =WPPDom -> 87.0515 | G22: =TSDom -> 20.72 | H22: =F22-G22 -> 66.3315 | I22: =E22-H22 -> 14.431487 | J22: =IF(ISNA(VLOOKUP(C22,'Dom Enrolled Accounts'!$A:$B,2,0))=TRUE,0,VLOOKUP(C22,'Dom Enrolled Accounts'!$A:$B,2,0)) -> 15.6 | K22: =IF(J22=0,0,J22-I22) -> 1.168513 | L22: =IF(ISNA(VLOOKUP(C22,'Dom Enrolled Accounts'!$A:$C,3,0))=TRUE,0,VLOOKUP(C22,'Dom Enrolled Accounts'!$A:$C,3,0)) -> 2.05 | M22: =IF(L22>K22,K22,L22) -> 1.168513 | N22: =IF(M22<0,0,M22*D22) -> 12.853643
A23: 11/30/2025 | B23: 38791 | C23: ALFREDOS CARINDERIA VENUS PASION | D23: 11 | E23: =995/D23/1.12 -> 80.762987 | F23: =WPPDom -> 87.0515 | G23: =TSDom -> 20.72 | H23: =F23-G23 -> 66.3315 | I23: =E23-H23 -> 14.431487 | J23: =IF(ISNA(VLOOKUP(C23,'Dom Enrolled Accounts'!$A:$B,2,0))=TRUE,0,VLOOKUP(C23,'Dom Enrolled Accounts'!$A:$B,2,0)) -> 15.6 | K23: =IF(J23=0,0,J23-I23) -> 1.168513 | L23: =IF(ISNA(VLOOKUP(C23,'Dom Enrolled Accounts'!$A:$C,3,0))=TRUE,0,VLOOKUP(C23,'Dom Enrolled Accounts'!$A:$C,3,0)) -> 2.05 | M23: =IF(L23>K23,K23,L23) -> 1.168513 | N23: =IF(M23<0,0,M23*D23) -> 12.853643
A24: 45819 | B24: 38064 | C24: CAPELLAN SONNY COMEDOR EATERY | D24: 11 | E24: =995/D24/1.12 -> 80.762987 | F24: =WPPDom -> 87.0515 | G24: =TSDom -> 20.72 | H24: =F24-G24 -> 66.3315 | I24: =E24-H24 -> 14.431487 | J24: =IF(ISNA(VLOOKUP(C24,'Dom Enrolled Accounts'!$A:$B,2,0))=TRUE,0,VLOOKUP(C24,'Dom Enrolled Accounts'!$A:$B,2,0)) -> 15.6 | K24: =IF(J24=0,0,J24-I24) -> 1.168513 | L24: =IF(ISNA(VLOOKUP(C24,'Dom Enrolled Accounts'!$A:$C,3,0))=TRUE,0,VLOOKUP(C24,'Dom Enrolled Accounts'!$A:$C,3,0)) -> 2.05 | M24: =IF(L24>K24,K24,L24) -> 1.168513 | N24: =IF(M24<0,0,M24*D24) -> 12.853643
A25: 45941 | B25: 38173 | C25: CAPELLAN SONNY COMEDOR EATERY | D25: 22 | E25: =1990/D25/1.12 -> 80.762987 | F25: =WPPDom -> 87.0515 | G25: =TSDom -> 20.72 | H25: =F25-G25 -> 66.3315 | I25: =E25-H25 -> 14.431487 | J25: =IF(ISNA(VLOOKUP(C25,'Dom Enrolled Accounts'!$A:$B,2,0))=TRUE,0,VLOOKUP(C25,'Dom Enrolled Accounts'!$A:$B,2,0)) -> 15.6 | K25: =IF(J25=0,0,J25-I25) -> 1.168513 | L25: =IF(ISNA(VLOOKUP(C25,'Dom Enrolled Accounts'!$A:$C,3,0))=TRUE,0,VLOOKUP(C25,'Dom Enrolled Accounts'!$A:$C,3,0)) -> 2.05 | M25: =IF(L25>K25,K25,L25) -> 1.168513 | N25: =IF(M25<0,0,M25*D25) -> 25.707286
A26: 11/25/2025 | B26: 38516 | C26: CAPELLAN SONNY COMEDOR EATERY | D26: 11 | E26: =90.4545454545455/1.12 -> 80.762987 | F26: =WPPDom -> 87.0515 | G26: =TSDom -> 20.72 | H26: =F26-G26 -> 66.3315 | I26: =E26-H26 -> 14.431487 | J26: =IF(ISNA(VLOOKUP(C26,'Dom Enrolled Accounts'!$A:$B,2,0))=TRUE,0,VLOOKUP(C26,'Dom Enrolled Accounts'!$A:$B,2,0)) -> 15.6 | K26: =IF(J26=0,0,J26-I26) -> 1.168513 | L26: =IF(ISNA(VLOOKUP(C26,'Dom Enrolled Accounts'!$A:$C,3,0))=TRUE,0,VLOOKUP(C26,'Dom Enrolled Accounts'!$A:$C,3,0)) -> 2.05 | M26: =IF(L26>K26,K26,L26) -> 1.168513 | N26: =IF(M26<0,0,M26*D26) -> 12.853643
A27: 11/28/2025 | B27: 38715 | C27: CAPELLAN SONNY COMEDOR EATERY | D27: 11 | E27: =90.4545454545455/1.12 -> 80.762987 | F27: =WPPDom -> 87.0515 | G27: =TSDom -> 20.72 | H27: =F27-G27 -> 66.3315 | I27: =E27-H27 -> 14.431487 | J27: =IF(ISNA(VLOOKUP(C27,'Dom Enrolled Accounts'!$A:$B,2,0))=TRUE,0,VLOOKUP(C27,'Dom Enrolled Accounts'!$A:$B,2,0)) -> 15.6 | K27: =IF(J27=0,0,J27-I27) -> 1.168513 | L27: =IF(ISNA(VLOOKUP(C27,'Dom Enrolled Accounts'!$A:$C,3,0))=TRUE,0,VLOOKUP(C27,'Dom Enrolled Accounts'!$A:$C,3,0)) -> 2.05 | M27: =IF(L27>K27,K27,L27) -> 1.168513 | N27: =IF(M27<0,0,M27*D27) -> 12.853643
A28: 45880 | B28: 38147 | C28: DELA PENA BAKERY ANALYN OSTED | D28: 11 | E28: =90.4545454545455/1.12 -> 80.762987 | F28: =WPPDom -> 87.0515 | G28: =TSDom -> 20.72 | H28: =F28-G28 -> 66.3315 | I28: =E28-H28 -> 14.431487 | J28: =IF(ISNA(VLOOKUP(C28,'Dom Enrolled Accounts'!$A:$B,2,0))=TRUE,0,VLOOKUP(C28,'Dom Enrolled Accounts'!$A:$B,2,0)) -> 15.6 | K28: =IF(J28=0,0,J28-I28) -> 1.168513 | L28: =IF(ISNA(VLOOKUP(C28,'Dom Enrolled Accounts'!$A:$C,3,0))=TRUE,0,VLOOKUP(C28,'Dom Enrolled Accounts'!$A:$C,3,0)) -> 2.05 | M28: =IF(L28>K28,K28,L28) -> 1.168513 | N28: =IF(M28<0,0,M28*D28) -> 12.853643
A29: 11/25/2025 | B29: 38642 | C29: DELA PENA BAKERY ANALYN OSTED | D29: 11 | E29: =90.4545454545455/1.12 -> 80.762987 | F29: =WPPDom -> 87.0515 | G29: =TSDom -> 20.72 | H29: =F29-G29 -> 66.3315 | I29: =E29-H29 -> 14.431487 | J29: =IF(ISNA(VLOOKUP(C29,'Dom Enrolled Accounts'!$A:$B,2,0))=TRUE,0,VLOOKUP(C29,'Dom Enrolled Accounts'!$A:$B,2,0)) -> 15.6 | K29: =IF(J29=0,0,J29-I29) -> 1.168513 | L29: =IF(ISNA(VLOOKUP(C29,'Dom Enrolled Accounts'!$A:$C,3,0))=TRUE,0,VLOOKUP(C29,'Dom Enrolled Accounts'!$A:$C,3,0)) -> 2.05 | M29: =IF(L29>K29,K29,L29) -> 1.168513 | N29: =IF(M29<0,0,M29*D29) -> 12.853643
A30: 11/26/2025 | B30: 38657 | C30: DELA PENA BAKERY ANALYN OSTED | D30: 11 | E30: =90.4545454545455/1.12 -> 80.762987 | F30: =WPPDom -> 87.0515 | G30: =TSDom -> 20.72 | H30: =F30-G30 -> 66.3315 | I30: =E30-H30 -> 14.431487 | J30: =IF(ISNA(VLOOKUP(C30,'Dom Enrolled Accounts'!$A:$B,2,0))=TRUE,0,VLOOKUP(C30,'Dom Enrolled Accounts'!$A:$B,2,0)) -> 15.6 | K30: =IF(J30=0,0,J30-I30) -> 1.168513 | L30: =IF(ISNA(VLOOKUP(C30,'Dom Enrolled Accounts'!$A:$C,3,0))=TRUE,0,VLOOKUP(C30,'Dom Enrolled Accounts'!$A:$C,3,0)) -> 2.05 | M30: =IF(L30>K30,K30,L30) -> 1.168513 | N30: =IF(M30<0,0,M30*D30) -> 12.853643
A31: 45668 | B31: 37927 | C31: EMR FOOD CART JENNY /FREDIE PANES | D31: 11 | E31: =90.4545454545455/1.12 -> 80.762987 | F31: =WPPDom -> 87.0515 | G31: =TSDom -> 20.72 | H31: =F31-G31 -> 66.3315 | I31: =E31-H31 -> 14.431487 | J31: =IF(ISNA(VLOOKUP(C31,'Dom Enrolled Accounts'!$A:$B,2,0))=TRUE,0,VLOOKUP(C31,'Dom Enrolled Accounts'!$A:$B,2,0)) -> 15.6 | K31: =IF(J31=0,0,J31-I31) -> 1.168513 | L31: =IF(ISNA(VLOOKUP(C31,'Dom Enrolled Accounts'!$A:$C,3,0))=TRUE,0,VLOOKUP(C31,'Dom Enrolled Accounts'!$A:$C,3,0)) -> 2.05 | M31: =IF(L31>K31,K31,L31) -> 1.168513 | N31: =IF(M31<0,0,M31*D31) -> 12.853643
A32: 45849 | B32: 38103 | C32: EMR FOOD CART JENNY /FREDIE PANES | D32: 11 | E32: =90.4545454545455/1.12 -> 80.762987 | F32: =WPPDom -> 87.0515 | G32: =TSDom -> 20.72 | H32: =F32-G32 -> 66.3315 | I32: =E32-H32 -> 14.431487 | J32: =IF(ISNA(VLOOKUP(C32,'Dom Enrolled Accounts'!$A:$B,2,0))=TRUE,0,VLOOKUP(C32,'Dom Enrolled Accounts'!$A:$B,2,0)) -> 15.6 | K32: =IF(J32=0,0,J32-I32) -> 1.168513 | L32: =IF(ISNA(VLOOKUP(C32,'Dom Enrolled Accounts'!$A:$C,3,0))=TRUE,0,VLOOKUP(C32,'Dom Enrolled Accounts'!$A:$C,3,0)) -> 2.05 | M32: =IF(L32>K32,K32,L32) -> 1.168513 | N32: =IF(M32<0,0,M32*D32) -> 12.853643
A33: 45880 | B33: 38144 | C33: EMR FOOD CART JENNY /FREDIE PANES | D33: 11 | E33: =90.4545454545455/1.12 -> 80.762987 | F33: =WPPDom -> 87.0515 | G33: =TSDom -> 20.72 | H33: =F33-G33 -> 66.3315 | I33: =E33-H33 -> 14.431487 | J33: =IF(ISNA(VLOOKUP(C33,'Dom Enrolled Accounts'!$A:$B,2,0))=TRUE,0,VLOOKUP(C33,'Dom Enrolled Accounts'!$A:$B,2,0)) -> 15.6 | K33: =IF(J33=0,0,J33-I33) -> 1.168513 | L33: =IF(ISNA(VLOOKUP(C33,'Dom Enrolled Accounts'!$A:$C,3,0))=TRUE,0,VLOOKUP(C33,'Dom Enrolled Accounts'!$A:$C,3,0)) -> 2.05 | M33: =IF(L33>K33,K33,L33) -> 1.168513 | N33: =IF(M33<0,0,M33*D33) -> 12.853643
A34: 11/15/2025 | B34: 38337 | C34: EMR FOOD CART JENNY /FREDIE PANES | D34: 11 | E34: =90.4545454545455/1.12 -> 80.762987 | F34: =WPPDom -> 87.0515 | G34: =TSDom -> 20.72 | H34: =F34-G34 -> 66.3315 | I34: =E34-H34 -> 14.431487 | J34: =IF(ISNA(VLOOKUP(C34,'Dom Enrolled Accounts'!$A:$B,2,0))=TRUE,0,VLOOKUP(C34,'Dom Enrolled Accounts'!$A:$B,2,0)) -> 15.6 | K34: =IF(J34=0,0,J34-I34) -> 1.168513 | L34: =IF(ISNA(VLOOKUP(C34,'Dom Enrolled Accounts'!$A:$C,3,0))=TRUE,0,VLOOKUP(C34,'Dom Enrolled Accounts'!$A:$C,3,0)) -> 2.05 | M34: =IF(L34>K34,K34,L34) -> 1.168513 | N34: =IF(M34<0,0,M34*D34) -> 12.853643
A35: 1/21/2025 | B35: 38532 | C35: EMR FOOD CART JENNY /FREDIE PANES | D35: 11 | E35: =90.4545454545455/1.12 -> 80.762987 | F35: =WPPDom -> 87.0515 | G35: =TSDom -> 20.72 | H35: =F35-G35 -> 66.3315 | I35: =E35-H35 -> 14.431487 | J35: =IF(ISNA(VLOOKUP(C35,'Dom Enrolled Accounts'!$A:$B,2,0))=TRUE,0,VLOOKUP(C35,'Dom Enrolled Accounts'!$A:$B,2,0)) -> 15.6 | K35: =IF(J35=0,0,J35-I35) -> 1.168513 | L35: =IF(ISNA(VLOOKUP(C35,'Dom Enrolled Accounts'!$A:$C,3,0))=TRUE,0,VLOOKUP(C35,'Dom Enrolled Accounts'!$A:$C,3,0)) -> 2.05 | M35: =IF(L35>K35,K35,L35) -> 1.168513 | N35: =IF(M35<0,0,M35*D35) -> 12.853643
A36: 46002 | B36: 38261 | C36: GIGANTE ROQUE VARGAS | D36: 11 | E36: =995/D36/1.12 -> 80.762987 | F36: =WPPDom -> 87.0515 | G36: =TSDom -> 20.72 | H36: =F36-G36 -> 66.3315 | I36: =E36-H36 -> 14.431487 | J36: =IF(ISNA(VLOOKUP(C36,'Dom Enrolled Accounts'!$A:$B,2,0))=TRUE,0,VLOOKUP(C36,'Dom Enrolled Accounts'!$A:$B,2,0)) -> 15.6 | K36: =IF(J36=0,0,J36-I36) -> 1.168513 | L36: =IF(ISNA(VLOOKUP(C36,'Dom Enrolled Accounts'!$A:$C,3,0))=TRUE,0,VLOOKUP(C36,'Dom Enrolled Accounts'!$A:$C,3,0)) -> 2.05 | M36: =IF(L36>K36,K36,L36) -> 1.168513 | N36: =IF(M36<0,0,M36*D36) -> 12.853643
A37: 11/13/2025 | B37: 38291 | C37: GIGANTE ROQUE VARGAS | D37: 11 | E37: =995/D37/1.12 -> 80.762987 | F37: =WPPDom -> 87.0515 | G37: =TSDom -> 20.72 | H37: =F37-G37 -> 66.3315 | I37: =E37-H37 -> 14.431487 | J37: =IF(ISNA(VLOOKUP(C37,'Dom Enrolled Accounts'!$A:$B,2,0))=TRUE,0,VLOOKUP(C37,'Dom Enrolled Accounts'!$A:$B,2,0)) -> 15.6 | K37: =IF(J37=0,0,J37-I37) -> 1.168513 | L37: =IF(ISNA(VLOOKUP(C37,'Dom Enrolled Accounts'!$A:$C,3,0))=TRUE,0,VLOOKUP(C37,'Dom Enrolled Accounts'!$A:$C,3,0)) -> 2.05 | M37: =IF(L37>K37,K37,L37) -> 1.168513 | N37: =IF(M37<0,0,M37*D37) -> 12.853643
A38: 11/19/2025 | B38: 38456 | C38: GIGANTE ROQUE VARGAS | D38: 11 | E38: =995/D38/1.12 -> 80.762987 | F38: =WPPDom -> 87.0515 | G38: =TSDom -> 20.72 | H38: =F38-G38 -> 66.3315 | I38: =E38-H38 -> 14.431487 | J38: =IF(ISNA(VLOOKUP(C38,'Dom Enrolled Accounts'!$A:$B,2,0))=TRUE,0,VLOOKUP(C38,'Dom Enrolled Accounts'!$A:$B,2,0)) -> 15.6 | K38: =IF(J38=0,0,J38-I38) -> 1.168513 | L38: =IF(ISNA(VLOOKUP(C38,'Dom Enrolled Accounts'!$A:$C,3,0))=TRUE,0,VLOOKUP(C38,'Dom Enrolled Accounts'!$A:$C,3,0)) -> 2.05 | M38: =IF(L38>K38,K38,L38) -> 1.168513 | N38: =IF(M38<0,0,M38*D38) -> 12.853643
A39: 11/28/2025 | B39: 38727 | C39: GIGANTE ROQUE VARGAS | D39: 11 | E39: =995/D39/1.12 -> 80.762987 | F39: =WPPDom -> 87.0515 | G39: =TSDom -> 20.72 | H39: =F39-G39 -> 66.3315 | I39: =E39-H39 -> 14.431487 | J39: =IF(ISNA(VLOOKUP(C39,'Dom Enrolled Accounts'!$A:$B,2,0))=TRUE,0,VLOOKUP(C39,'Dom Enrolled Accounts'!$A:$B,2,0)) -> 15.6 | K39: =IF(J39=0,0,J39-I39) -> 1.168513 | L39: =IF(ISNA(VLOOKUP(C39,'Dom Enrolled Accounts'!$A:$C,3,0))=TRUE,0,VLOOKUP(C39,'Dom Enrolled Accounts'!$A:$C,3,0)) -> 2.05 | M39: =IF(L39>K39,K39,L39) -> 1.168513 | N39: =IF(M39<0,0,M39*D39) -> 12.853643
A40: 45668 | B40: 37935 | C40: GONZAGA ANITA | D40: 22 | E40: =1990/D40/1.12 -> 80.762987 | F40: =WPPDom -> 87.0515 | G40: =TSDom -> 20.72 | H40: =F40-G40 -> 66.3315 | I40: =E40-H40 -> 14.431487 | J40: =IF(ISNA(VLOOKUP(C40,'Dom Enrolled Accounts'!$A:$B,2,0))=TRUE,0,VLOOKUP(C40,'Dom Enrolled Accounts'!$A:$B,2,0)) -> 15.6 | K40: =IF(J40=0,0,J40-I40) -> 1.168513 | L40: =IF(ISNA(VLOOKUP(C40,'Dom Enrolled Accounts'!$A:$C,3,0))=TRUE,0,VLOOKUP(C40,'Dom Enrolled Accounts'!$A:$C,3,0)) -> 2.05 | M40: =IF(L40>K40,K40,L40) -> 1.168513 | N40: =IF(M40<0,0,M40*D40) -> 25.707286
A41: 45941 | B41: 38204 | C41: GONZAGA ANITA | D41: 22 | E41: =1990/D41/1.12 -> 80.762987 | F41: =WPPDom -> 87.0515 | G41: =TSDom -> 20.72 | H41: =F41-G41 -> 66.3315 | I41: =E41-H41 -> 14.431487 | J41: =IF(ISNA(VLOOKUP(C41,'Dom Enrolled Accounts'!$A:$B,2,0))=TRUE,0,VLOOKUP(C41,'Dom Enrolled Accounts'!$A:$B,2,0)) -> 15.6 | K41: =IF(J41=0,0,J41-I41) -> 1.168513 | L41: =IF(ISNA(VLOOKUP(C41,'Dom Enrolled Accounts'!$A:$C,3,0))=TRUE,0,VLOOKUP(C41,'Dom Enrolled Accounts'!$A:$C,3,0)) -> 2.05 | M41: =IF(L41>K41,K41,L41) -> 1.168513 | N41: =IF(M41<0,0,M41*D41) -> 25.707286
A42: 11/17/2025 | B42: 38413 | C42: GONZAGA ANITA | D42: 22 | E42: =1990/D42/1.12 -> 80.762987 | F42: =WPPDom -> 87.0515 | G42: =TSDom -> 20.72 | H42: =F42-G42 -> 66.3315 | I42: =E42-H42 -> 14.431487 | J42: =IF(ISNA(VLOOKUP(C42,'Dom Enrolled Accounts'!$A:$B,2,0))=TRUE,0,VLOOKUP(C42,'Dom Enrolled Accounts'!$A:$B,2,0)) -> 15.6 | K42: =IF(J42=0,0,J42-I42) -> 1.168513 | L42: =IF(ISNA(VLOOKUP(C42,'Dom Enrolled Accounts'!$A:$C,3,0))=TRUE,0,VLOOKUP(C42,'Dom Enrolled Accounts'!$A:$C,3,0)) -> 2.05 | M42: =IF(L42>K42,K42,L42) -> 1.168513 | N42: =IF(M42<0,0,M42*D42) -> 25.707286
A43: 11/27/2025 | B43: 38690 | C43: GONZAGA ANITA | D43: 22 | E43: =1990/D43/1.12 -> 80.762987 | F43: =WPPDom -> 87.0515 | G43: =TSDom -> 20.72 | H43: =F43-G43 -> 66.3315 | I43: =E43-H43 -> 14.431487 | J43: =IF(ISNA(VLOOKUP(C43,'Dom Enrolled Accounts'!$A:$B,2,0))=TRUE,0,VLOOKUP(C43,'Dom Enrolled Accounts'!$A:$B,2,0)) -> 15.6 | K43: =IF(J43=0,0,J43-I43) -> 1.168513 | L43: =IF(ISNA(VLOOKUP(C43,'Dom Enrolled Accounts'!$A:$C,3,0))=TRUE,0,VLOOKUP(C43,'Dom Enrolled Accounts'!$A:$C,3,0)) -> 2.05 | M43: =IF(L43>K43,K43,L43) -> 1.168513 | N43: =IF(M43<0,0,M43*D43) -> 25.707286
A44: 45758 | B44: 38004 | C44: JEREMY SAMSON | D44: =25*11 -> 275 | E44: =23225/D44/1.12 -> 75.405844 | F44: =WPPDom -> 87.0515 | G44: =TSDom -> 20.72 | H44: =F44-G44 -> 66.3315 | I44: =E44-H44 -> 9.0743442 | J44: =IF(ISNA(VLOOKUP(C44,'Dom Enrolled Accounts'!$A:$B,2,0))=TRUE,0,VLOOKUP(C44,'Dom Enrolled Accounts'!$A:$B,2,0)) -> 13.46 | K44: =IF(J44=0,0,J44-I44) -> 4.3856558 | L44: =IF(ISNA(VLOOKUP(C44,'Dom Enrolled Accounts'!$A:$C,3,0))=TRUE,0,VLOOKUP(C44,'Dom Enrolled Accounts'!$A:$C,3,0)) -> 8.11 | M44: =IF(L44>K44,K44,L44) -> 4.3856558 | N44: =IF(M44<0,0,M44*D44) -> 1206.0554
A45: 45972 | B45: 38231 | C45: JEREMY SAMSON | D45: =25*11 -> 275 | E45: =23225/D45/1.12 -> 75.405844 | F45: =WPPDom -> 87.0515 | G45: =TSDom -> 20.72 | H45: =F45-G45 -> 66.3315 | I45: =E45-H45 -> 9.0743442 | J45: =IF(ISNA(VLOOKUP(C45,'Dom Enrolled Accounts'!$A:$B,2,0))=TRUE,0,VLOOKUP(C45,'Dom Enrolled Accounts'!$A:$B,2,0)) -> 13.46 | K45: =IF(J45=0,0,J45-I45) -> 4.3856558 | L45: =IF(ISNA(VLOOKUP(C45,'Dom Enrolled Accounts'!$A:$C,3,0))=TRUE,0,VLOOKUP(C45,'Dom Enrolled Accounts'!$A:$C,3,0)) -> 8.11 | M45: =IF(L45>K45,K45,L45) -> 4.3856558 | N45: =IF(M45<0,0,M45*D45) -> 1206.0554
A46: 11/17/2025 | B46: 38412 | C46: JEREMY SAMSON | D46: =25*11 -> 275 | E46: =23225/D46/1.12 -> 75.405844 | F46: =WPPDom -> 87.0515 | G46: =TSDom -> 20.72 | H46: =F46-G46 -> 66.3315 | I46: =E46-H46 -> 9.0743442 | J46: =IF(ISNA(VLOOKUP(C46,'Dom Enrolled Accounts'!$A:$B,2,0))=TRUE,0,VLOOKUP(C46,'Dom Enrolled Accounts'!$A:$B,2,0)) -> 13.46 | K46: =IF(J46=0,0,J46-I46) -> 4.3856558 | L46: =IF(ISNA(VLOOKUP(C46,'Dom Enrolled Accounts'!$A:$C,3,0))=TRUE,0,VLOOKUP(C46,'Dom Enrolled Accounts'!$A:$C,3,0)) -> 8.11 | M46: =IF(L46>K46,K46,L46) -> 4.3856558 | N46: =IF(M46<0,0,M46*D46) -> 1206.0554
A47: 11/24/2025 | B47: 38618 | C47: JEREMY SAMSON | D47: =20*11 -> 220 | E47: =18580/D47/1.12 -> 75.405844 | F47: =WPPDom -> 87.0515 | G47: =TSDom -> 20.72 | H47: =F47-G47 -> 66.3315 | I47: =E47-H47 -> 9.0743442 | J47: =IF(ISNA(VLOOKUP(C47,'Dom Enrolled Accounts'!$A:$B,2,0))=TRUE,0,VLOOKUP(C47,'Dom Enrolled Accounts'!$A:$B,2,0)) -> 13.46 | K47: =IF(J47=0,0,J47-I47) -> 4.3856558 | L47: =IF(ISNA(VLOOKUP(C47,'Dom Enrolled Accounts'!$A:$C,3,0))=TRUE,0,VLOOKUP(C47,'Dom Enrolled Accounts'!$A:$C,3,0)) -> 8.11 | M47: =IF(L47>K47,K47,L47) -> 4.3856558 | N47: =IF(M47<0,0,M47*D47) -> 964.84429
A48: 11/29/2025 | B48: 38783 | C48: JEREMY SAMSON | D48: =20*11 -> 220 | E48: =18580/D48/1.12 -> 75.405844 | F48: =WPPDom -> 87.0515 | G48: =TSDom -> 20.72 | H48: =F48-G48 -> 66.3315 | I48: =E48-H48 -> 9.0743442 | J48: =IF(ISNA(VLOOKUP(C48,'Dom Enrolled Accounts'!$A:$B,2,0))=TRUE,0,VLOOKUP(C48,'Dom Enrolled Accounts'!$A:$B,2,0)) -> 13.46 | K48: =IF(J48=0,0,J48-I48) -> 4.3856558 | L48: =IF(ISNA(VLOOKUP(C48,'Dom Enrolled Accounts'!$A:$C,3,0))=TRUE,0,VLOOKUP(C48,'Dom Enrolled Accounts'!$A:$C,3,0)) -> 8.11 | M48: =IF(L48>K48,K48,L48) -> 4.3856558 | N48: =IF(M48<0,0,M48*D48) -> 964.84429
A49: 45788 | B49: 38035 | C49: JODAN EATERY JOSIE DELAROSA | D49: 11 | E49: =995/D49/1.12 -> 80.762987 | F49: =WPPDom -> 87.0515 | G49: =TSDom -> 20.72 | H49: =F49-G49 -> 66.3315 | I49: =E49-H49 -> 14.431487 | J49: =IF(ISNA(VLOOKUP(C49,'Dom Enrolled Accounts'!$A:$B,2,0))=TRUE,0,VLOOKUP(C49,'Dom Enrolled Accounts'!$A:$B,2,0)) -> 15.6 | K49: =IF(J49=0,0,J49-I49) -> 1.168513 | L49: =IF(ISNA(VLOOKUP(C49,'Dom Enrolled Accounts'!$A:$C,3,0))=TRUE,0,VLOOKUP(C49,'Dom Enrolled Accounts'!$A:$C,3,0)) -> 2.05 | M49: =IF(L49>K49,K49,L49) -> 1.168513 | N49: =IF(M49<0,0,M49*D49) -> 12.853643
A50: 45819 | B50: 38065 | C50: JODAN EATERY JOSIE DELAROSA | D50: 11 | E50: =995/D50/1.12 -> 80.762987 | F50: =WPPDom -> 87.0515 | G50: =TSDom -> 20.72 | H50: =F50-G50 -> 66.3315 | I50: =E50-H50 -> 14.431487 | J50: =IF(ISNA(VLOOKUP(C50,'Dom Enrolled Accounts'!$A:$B,2,0))=TRUE,0,VLOOKUP(C50,'Dom Enrolled Accounts'!$A:$B,2,0)) -> 15.6 | K50: =IF(J50=0,0,J50-I50) -> 1.168513 | L50: =IF(ISNA(VLOOKUP(C50,'Dom Enrolled Accounts'!$A:$C,3,0))=TRUE,0,VLOOKUP(C50,'Dom Enrolled Accounts'!$A:$C,3,0)) -> 2.05 | M50: =IF(L50>K50,K50,L50) -> 1.168513 | N50: =IF(M50<0,0,M50*D50) -> 12.853643
A51: 11/19/2025 | B51: 38449 | C51: JODAN EATERY JOSIE DELAROSA | D51: 11 | E51: =995/D51/1.12 -> 80.762987 | F51: =WPPDom -> 87.0515 | G51: =TSDom -> 20.72 | H51: =F51-G51 -> 66.3315 | I51: =E51-H51 -> 14.431487 | J51: =IF(ISNA(VLOOKUP(C51,'Dom Enrolled Accounts'!$A:$B,2,0))=TRUE,0,VLOOKUP(C51,'Dom Enrolled Accounts'!$A:$B,2,0)) -> 15.6 | K51: =IF(J51=0,0,J51-I51) -> 1.168513 | L51: =IF(ISNA(VLOOKUP(C51,'Dom Enrolled Accounts'!$A:$C,3,0))=TRUE,0,VLOOKUP(C51,'Dom Enrolled Accounts'!$A:$C,3,0)) -> 2.05 | M51: =IF(L51>K51,K51,L51) -> 1.168513 | N51: =IF(M51<0,0,M51*D51) -> 12.853643
A52: 11/27/2025 | B52: 38699 | C52: JODAN EATERY JOSIE DELAROSA | D52: 11 | E52: =995/D52/1.12 -> 80.762987 | F52: =WPPDom -> 87.0515 | G52: =TSDom -> 20.72 | H52: =F52-G52 -> 66.3315 | I52: =E52-H52 -> 14.431487 | J52: =IF(ISNA(VLOOKUP(C52,'Dom Enrolled Accounts'!$A:$B,2,0))=TRUE,0,VLOOKUP(C52,'Dom Enrolled Accounts'!$A:$B,2,0)) -> 15.6 | K52: =IF(J52=0,0,J52-I52) -> 1.168513 | L52: =IF(ISNA(VLOOKUP(C52,'Dom Enrolled Accounts'!$A:$C,3,0))=TRUE,0,VLOOKUP(C52,'Dom Enrolled Accounts'!$A:$C,3,0)) -> 2.05 | M52: =IF(L52>K52,K52,L52) -> 1.168513 | N52: =IF(M52<0,0,M52*D52) -> 12.853643
A53: 11/29/2025 | B53: 38776 | C53: JODAN EATERY JOSIE DELAROSA | D53: 11 | E53: =995/D53/1.12 -> 80.762987 | F53: =WPPDom -> 87.0515 | G53: =TSDom -> 20.72 | H53: =F53-G53 -> 66.3315 | I53: =E53-H53 -> 14.431487 | J53: =IF(ISNA(VLOOKUP(C53,'Dom Enrolled Accounts'!$A:$B,2,0))=TRUE,0,VLOOKUP(C53,'Dom Enrolled Accounts'!$A:$B,2,0)) -> 15.6 | K53: =IF(J53=0,0,J53-I53) -> 1.168513 | L53: =IF(ISNA(VLOOKUP(C53,'Dom Enrolled Accounts'!$A:$C,3,0))=TRUE,0,VLOOKUP(C53,'Dom Enrolled Accounts'!$A:$C,3,0)) -> 2.05 | M53: =IF(L53>K53,K53,L53) -> 1.168513 | N53: =IF(M53<0,0,M53*D53) -> 12.853643
A54: 45699 | B54: 37956 | C54: LAWODNON LEA MARGALLO | D54: 22 | E54: =1990/D54/1.12 -> 80.762987 | F54: =WPPDom -> 87.0515 | G54: =TSDom -> 20.72 | H54: =F54-G54 -> 66.3315 | I54: =E54-H54 -> 14.431487 | J54: =IF(ISNA(VLOOKUP(C54,'Dom Enrolled Accounts'!$A:$B,2,0))=TRUE,0,VLOOKUP(C54,'Dom Enrolled Accounts'!$A:$B,2,0)) -> 15.6 | K54: =IF(J54=0,0,J54-I54) -> 1.168513 | L54: =IF(ISNA(VLOOKUP(C54,'Dom Enrolled Accounts'!$A:$C,3,0))=TRUE,0,VLOOKUP(C54,'Dom Enrolled Accounts'!$A:$C,3,0)) -> 2.05 | M54: =IF(L54>K54,K54,L54) -> 1.168513 | N54: =IF(M54<0,0,M54*D54) -> 25.707286
A55: 45758 | B55: 57440 | C55: LAWODNON LEA MARGALLO | D55: 22 | E55: =1990/D55/1.12 -> 80.762987 | F55: =WPPDom -> 87.0515 | G55: =TSDom -> 20.72 | H55: =F55-G55 -> 66.3315 | I55: =E55-H55 -> 14.431487 | J55: =IF(ISNA(VLOOKUP(C55,'Dom Enrolled Accounts'!$A:$B,2,0))=TRUE,0,VLOOKUP(C55,'Dom Enrolled Accounts'!$A:$B,2,0)) -> 15.6 | K55: =IF(J55=0,0,J55-I55) -> 1.168513 | L55: =IF(ISNA(VLOOKUP(C55,'Dom Enrolled Accounts'!$A:$C,3,0))=TRUE,0,VLOOKUP(C55,'Dom Enrolled Accounts'!$A:$C,3,0)) -> 2.05 | M55: =IF(L55>K55,K55,L55) -> 1.168513 | N55: =IF(M55<0,0,M55*D55) -> 25.707286
A56: 45849 | B56: 38088 | C56: LAWODNON LEA MARGALLO | D56: 22 | E56: =1990/D56/1.12 -> 80.762987 | F56: =WPPDom -> 87.0515 | G56: =TSDom -> 20.72 | H56: =F56-G56 -> 66.3315 | I56: =E56-H56 -> 14.431487 | J56: =IF(ISNA(VLOOKUP(C56,'Dom Enrolled Accounts'!$A:$B,2,0))=TRUE,0,VLOOKUP(C56,'Dom Enrolled Accounts'!$A:$B,2,0)) -> 15.6 | K56: =IF(J56=0,0,J56-I56) -> 1.168513 | L56: =IF(ISNA(VLOOKUP(C56,'Dom Enrolled Accounts'!$A:$C,3,0))=TRUE,0,VLOOKUP(C56,'Dom Enrolled Accounts'!$A:$C,3,0)) -> 2.05 | M56: =IF(L56>K56,K56,L56) -> 1.168513 | N56: =IF(M56<0,0,M56*D56) -> 25.707286
A57: 45941 | B57: 38189 | C57: LAWODNON LEA MARGALLO | D57: 22 | E57: =1990/D57/1.12 -> 80.762987 | F57: =WPPDom -> 87.0515 | G57: =TSDom -> 20.72 | H57: =F57-G57 -> 66.3315 | I57: =E57-H57 -> 14.431487 | J57: =IF(ISNA(VLOOKUP(C57,'Dom Enrolled Accounts'!$A:$B,2,0))=TRUE,0,VLOOKUP(C57,'Dom Enrolled Accounts'!$A:$B,2,0)) -> 15.6 | K57: =IF(J57=0,0,J57-I57) -> 1.168513 | L57: =IF(ISNA(VLOOKUP(C57,'Dom Enrolled Accounts'!$A:$C,3,0))=TRUE,0,VLOOKUP(C57,'Dom Enrolled Accounts'!$A:$C,3,0)) -> 2.05 | M57: =IF(L57>K57,K57,L57) -> 1.168513 | N57: =IF(M57<0,0,M57*D57) -> 25.707286
A58: 11/14/2025 | B58: 38331 | C58: LAWODNON LEA MARGALLO | D58: 22 | E58: =1990/D58/1.12 -> 80.762987 | F58: =WPPDom -> 87.0515 | G58: =TSDom -> 20.72 | H58: =F58-G58 -> 66.3315 | I58: =E58-H58 -> 14.431487 | J58: =IF(ISNA(VLOOKUP(C58,'Dom Enrolled Accounts'!$A:$B,2,0))=TRUE,0,VLOOKUP(C58,'Dom Enrolled Accounts'!$A:$B,2,0)) -> 15.6 | K58: =IF(J58=0,0,J58-I58) -> 1.168513 | L58: =IF(ISNA(VLOOKUP(C58,'Dom Enrolled Accounts'!$A:$C,3,0))=TRUE,0,VLOOKUP(C58,'Dom Enrolled Accounts'!$A:$C,3,0)) -> 2.05 | M58: =IF(L58>K58,K58,L58) -> 1.168513 | N58: =IF(M58<0,0,M58*D58) -> 25.707286
A59: 11/17/2025 | B59: 38390 | C59: LAWODNON LEA MARGALLO | D59: 22 | E59: =1990/D59/1.12 -> 80.762987 | F59: =WPPDom -> 87.0515 | G59: =TSDom -> 20.72 | H59: =F59-G59 -> 66.3315 | I59: =E59-H59 -> 14.431487 | J59: =IF(ISNA(VLOOKUP(C59,'Dom Enrolled Accounts'!$A:$B,2,0))=TRUE,0,VLOOKUP(C59,'Dom Enrolled Accounts'!$A:$B,2,0)) -> 15.6 | K59: =IF(J59=0,0,J59-I59) -> 1.168513 | L59: =IF(ISNA(VLOOKUP(C59,'Dom Enrolled Accounts'!$A:$C,3,0))=TRUE,0,VLOOKUP(C59,'Dom Enrolled Accounts'!$A:$C,3,0)) -> 2.05 | M59: =IF(L59>K59,K59,L59) -> 1.168513 | N59: =IF(M59<0,0,M59*D59) -> 25.707286
A60: 11/20/2025 | B60: 38477 | C60: LAWODNON LEA MARGALLO | D60: 22 | E60: =1990/D60/1.12 -> 80.762987 | F60: =WPPDom -> 87.0515 | G60: =TSDom -> 20.72 | H60: =F60-G60 -> 66.3315 | I60: =E60-H60 -> 14.431487 | J60: =IF(ISNA(VLOOKUP(C60,'Dom Enrolled Accounts'!$A:$B,2,0))=TRUE,0,VLOOKUP(C60,'Dom Enrolled Accounts'!$A:$B,2,0)) -> 15.6 | K60: =IF(J60=0,0,J60-I60) -> 1.168513 | L60: =IF(ISNA(VLOOKUP(C60,'Dom Enrolled Accounts'!$A:$C,3,0))=TRUE,0,VLOOKUP(C60,'Dom Enrolled Accounts'!$A:$C,3,0)) -> 2.05 | M60: =IF(L60>K60,K60,L60) -> 1.168513 | N60: =IF(M60<0,0,M60*D60) -> 25.707286
A61: 11/22/2025 | B61: 38551 | C61: LAWODNON LEA MARGALLO | D61: 22 | E61: =1990/D61/1.12 -> 80.762987 | F61: =WPPDom -> 87.0515 | G61: =TSDom -> 20.72 | H61: =F61-G61 -> 66.3315 | I61: =E61-H61 -> 14.431487 | J61: =IF(ISNA(VLOOKUP(C61,'Dom Enrolled Accounts'!$A:$B,2,0))=TRUE,0,VLOOKUP(C61,'Dom Enrolled Accounts'!$A:$B,2,0)) -> 15.6 | K61: =IF(J61=0,0,J61-I61) -> 1.168513 | L61: =IF(ISNA(VLOOKUP(C61,'Dom Enrolled Accounts'!$A:$C,3,0))=TRUE,0,VLOOKUP(C61,'Dom Enrolled Accounts'!$A:$C,3,0)) -> 2.05 | M61: =IF(L61>K61,K61,L61) -> 1.168513 | N61: =IF(M61<0,0,M61*D61) -> 25.707286
A62: 11/25/2025 | B62: 38579 | C62: LAWODNON LEA MARGALLO | D62: 22 | E62: =1990/D62/1.12 -> 80.762987 | F62: =WPPDom -> 87.0515 | G62: =TSDom -> 20.72 | H62: =F62-G62 -> 66.3315 | I62: =E62-H62 -> 14.431487 | J62: =IF(ISNA(VLOOKUP(C62,'Dom Enrolled Accounts'!$A:$B,2,0))=TRUE,0,VLOOKUP(C62,'Dom Enrolled Accounts'!$A:$B,2,0)) -> 15.6 | K62: =IF(J62=0,0,J62-I62) -> 1.168513 | L62: =IF(ISNA(VLOOKUP(C62,'Dom Enrolled Accounts'!$A:$C,3,0))=TRUE,0,VLOOKUP(C62,'Dom Enrolled Accounts'!$A:$C,3,0)) -> 2.05 | M62: =IF(L62>K62,K62,L62) -> 1.168513 | N62: =IF(M62<0,0,M62*D62) -> 25.707286
A63: 11/26/2025 | B63: 38654 | C63: LAWODNON LEA MARGALLO | D63: 22 | E63: =1990/D63/1.12 -> 80.762987 | F63: =WPPDom -> 87.0515 | G63: =TSDom -> 20.72 | H63: =F63-G63 -> 66.3315 | I63: =E63-H63 -> 14.431487 | J63: =IF(ISNA(VLOOKUP(C63,'Dom Enrolled Accounts'!$A:$B,2,0))=TRUE,0,VLOOKUP(C63,'Dom Enrolled Accounts'!$A:$B,2,0)) -> 15.6 | K63: =IF(J63=0,0,J63-I63) -> 1.168513 | L63: =IF(ISNA(VLOOKUP(C63,'Dom Enrolled Accounts'!$A:$C,3,0))=TRUE,0,VLOOKUP(C63,'Dom Enrolled Accounts'!$A:$C,3,0)) -> 2.05 | M63: =IF(L63>K63,K63,L63) -> 1.168513 | N63: =IF(M63<0,0,M63*D63) -> 25.707286
A64: 11/29/2025 | B64: 38786 | C64: LAWODNON LEA MARGALLO | D64: 22 | E64: =1990/D64/1.12 -> 80.762987 | F64: =WPPDom -> 87.0515 | G64: =TSDom -> 20.72 | H64: =F64-G64 -> 66.3315 | I64: =E64-H64 -> 14.431487 | J64: =IF(ISNA(VLOOKUP(C64,'Dom Enrolled Accounts'!$A:$B,2,0))=TRUE,0,VLOOKUP(C64,'Dom Enrolled Accounts'!$A:$B,2,0)) -> 15.6 | K64: =IF(J64=0,0,J64-I64) -> 1.168513 | L64: =IF(ISNA(VLOOKUP(C64,'Dom Enrolled Accounts'!$A:$C,3,0))=TRUE,0,VLOOKUP(C64,'Dom Enrolled Accounts'!$A:$C,3,0)) -> 2.05 | M64: =IF(L64>K64,K64,L64) -> 1.168513 | N64: =IF(M64<0,0,M64*D64) -> 25.707286
A65: 45758 | B65: 57433 | C65: LOCILLO AILLYN | D65: 11 | E65: =995/D65/1.12 -> 80.762987 | F65: =WPPDom -> 87.0515 | G65: =TSDom -> 20.72 | H65: =F65-G65 -> 66.3315 | I65: =E65-H65 -> 14.431487 | J65: =IF(ISNA(VLOOKUP(C65,'Dom Enrolled Accounts'!$A:$B,2,0))=TRUE,0,VLOOKUP(C65,'Dom Enrolled Accounts'!$A:$B,2,0)) -> 15.6 | K65: =IF(J65=0,0,J65-I65) -> 1.168513 | L65: =IF(ISNA(VLOOKUP(C65,'Dom Enrolled Accounts'!$A:$C,3,0))=TRUE,0,VLOOKUP(C65,'Dom Enrolled Accounts'!$A:$C,3,0)) -> 2.05 | M65: =IF(L65>K65,K65,L65) -> 1.168513 | N65: =IF(M65<0,0,M65*D65) -> 12.853643
A66: 45819 | B66: 38067 | C66: LOCILLO AILLYN | D66: 11 | E66: =995/D66/1.12 -> 80.762987 | F66: =WPPDom -> 87.0515 | G66: =TSDom -> 20.72 | H66: =F66-G66 -> 66.3315 | I66: =E66-H66 -> 14.431487 | J66: =IF(ISNA(VLOOKUP(C66,'Dom Enrolled Accounts'!$A:$B,2,0))=TRUE,0,VLOOKUP(C66,'Dom Enrolled Accounts'!$A:$B,2,0)) -> 15.6 | K66: =IF(J66=0,0,J66-I66) -> 1.168513 | L66: =IF(ISNA(VLOOKUP(C66,'Dom Enrolled Accounts'!$A:$C,3,0))=TRUE,0,VLOOKUP(C66,'Dom Enrolled Accounts'!$A:$C,3,0)) -> 2.05 | M66: =IF(L66>K66,K66,L66) -> 1.168513 | N66: =IF(M66<0,0,M66*D66) -> 12.853643
A67: 46002 | B67: 38265 | C67: LOCILLO AILLYN | D67: 11 | E67: =995/D67/1.12 -> 80.762987 | F67: =WPPDom -> 87.0515 | G67: =TSDom -> 20.72 | H67: =F67-G67 -> 66.3315 | I67: =E67-H67 -> 14.431487 | J67: =IF(ISNA(VLOOKUP(C67,'Dom Enrolled Accounts'!$A:$B,2,0))=TRUE,0,VLOOKUP(C67,'Dom Enrolled Accounts'!$A:$B,2,0)) -> 15.6 | K67: =IF(J67=0,0,J67-I67) -> 1.168513 | L67: =IF(ISNA(VLOOKUP(C67,'Dom Enrolled Accounts'!$A:$C,3,0))=TRUE,0,VLOOKUP(C67,'Dom Enrolled Accounts'!$A:$C,3,0)) -> 2.05 | M67: =IF(L67>K67,K67,L67) -> 1.168513 | N67: =IF(M67<0,0,M67*D67) -> 12.853643
A68: 11/16/2025 | B68: 38357 | C68: LOCILLO AILLYN | D68: 11 | E68: =995/D68/1.12 -> 80.762987 | F68: =WPPDom -> 87.0515 | G68: =TSDom -> 20.72 | H68: =F68-G68 -> 66.3315 | I68: =E68-H68 -> 14.431487 | J68: =IF(ISNA(VLOOKUP(C68,'Dom Enrolled Accounts'!$A:$B,2,0))=TRUE,0,VLOOKUP(C68,'Dom Enrolled Accounts'!$A:$B,2,0)) -> 15.6 | K68: =IF(J68=0,0,J68-I68) -> 1.168513 | L68: =IF(ISNA(VLOOKUP(C68,'Dom Enrolled Accounts'!$A:$C,3,0))=TRUE,0,VLOOKUP(C68,'Dom Enrolled Accounts'!$A:$C,3,0)) -> 2.05 | M68: =IF(L68>K68,K68,L68) -> 1.168513 | N68: =IF(M68<0,0,M68*D68) -> 12.853643
A69: 11/21/2025 | B69: 38515 | C69: LOCILLO AILLYN | D69: 11 | E69: =995/D69/1.12 -> 80.762987 | F69: =WPPDom -> 87.0515 | G69: =TSDom -> 20.72 | H69: =F69-G69 -> 66.3315 | I69: =E69-H69 -> 14.431487 | J69: =IF(ISNA(VLOOKUP(C69,'Dom Enrolled Accounts'!$A:$B,2,0))=TRUE,0,VLOOKUP(C69,'Dom Enrolled Accounts'!$A:$B,2,0)) -> 15.6 | K69: =IF(J69=0,0,J69-I69) -> 1.168513 | L69: =IF(ISNA(VLOOKUP(C69,'Dom Enrolled Accounts'!$A:$C,3,0))=TRUE,0,VLOOKUP(C69,'Dom Enrolled Accounts'!$A:$C,3,0)) -> 2.05 | M69: =IF(L69>K69,K69,L69) -> 1.168513 | N69: =IF(M69<0,0,M69*D69) -> 12.853643
A70: 11/27/2025 | B70: 57659 | C70: LOCILLO AILLYN | D70: 11 | E70: =995/D70/1.12 -> 80.762987 | F70: =WPPDom -> 87.0515 | G70: =TSDom -> 20.72 | H70: =F70-G70 -> 66.3315 | I70: =E70-H70 -> 14.431487 | J70: =IF(ISNA(VLOOKUP(C70,'Dom Enrolled Accounts'!$A:$B,2,0))=TRUE,0,VLOOKUP(C70,'Dom Enrolled Accounts'!$A:$B,2,0)) -> 15.6 | K70: =IF(J70=0,0,J70-I70) -> 1.168513 | L70: =IF(ISNA(VLOOKUP(C70,'Dom Enrolled Accounts'!$A:$C,3,0))=TRUE,0,VLOOKUP(C70,'Dom Enrolled Accounts'!$A:$C,3,0)) -> 2.05 | M70: =IF(L70>K70,K70,L70) -> 1.168513 | N70: =IF(M70<0,0,M70*D70) -> 12.853643
A71: 11/14/2025 | B71: 38328 | C71: MARISTELA EMERALD | D71: 11 | E71: =995/D71/1.12 -> 80.762987 | F71: =WPPDom -> 87.0515 | G71: =TSDom -> 20.72 | H71: =F71-G71 -> 66.3315 | I71: =E71-H71 -> 14.431487 | J71: =IF(ISNA(VLOOKUP(C71,'Dom Enrolled Accounts'!$A:$B,2,0))=TRUE,0,VLOOKUP(C71,'Dom Enrolled Accounts'!$A:$B,2,0)) -> 15.6 | K71: =IF(J71=0,0,J71-I71) -> 1.168513 | L71: =IF(ISNA(VLOOKUP(C71,'Dom Enrolled Accounts'!$A:$C,3,0))=TRUE,0,VLOOKUP(C71,'Dom Enrolled Accounts'!$A:$C,3,0)) -> 2.05 | M71: =IF(L71>K71,K71,L71) -> 1.168513 | N71: =IF(M71<0,0,M71*D71) -> 12.853643
A72: 45668 | B72: 37926 | C72: ARCOS THELMA MIEKOYS PIZZA | D72: 11 | E72: =995/D72/1.12 -> 80.762987 | F72: =WPPDom -> 87.0515 | G72: =TSDom -> 20.72 | H72: =F72-G72 -> 66.3315 | I72: =E72-H72 -> 14.431487 | J72: =IF(ISNA(VLOOKUP(C72,'Dom Enrolled Accounts'!$A:$B,2,0))=TRUE,0,VLOOKUP(C72,'Dom Enrolled Accounts'!$A:$B,2,0)) -> 15.6 | K72: =IF(J72=0,0,J72-I72) -> 1.168513 | L72: =IF(ISNA(VLOOKUP(C72,'Dom Enrolled Accounts'!$A:$C,3,0))=TRUE,0,VLOOKUP(C72,'Dom Enrolled Accounts'!$A:$C,3,0)) -> 2.05 | M72: =IF(L72>K72,K72,L72) -> 1.168513 | N72: =IF(M72<0,0,M72*D72) -> 12.853643
A73: 45849 | B73: 38099 | C73: ARCOS THELMA MIEKOYS PIZZA | D73: 11 | E73: =995/D73/1.12 -> 80.762987 | F73: =WPPDom -> 87.0515 | G73: =TSDom -> 20.72 | H73: =F73-G73 -> 66.3315 | I73: =E73-H73 -> 14.431487 | J73: =IF(ISNA(VLOOKUP(C73,'Dom Enrolled Accounts'!$A:$B,2,0))=TRUE,0,VLOOKUP(C73,'Dom Enrolled Accounts'!$A:$B,2,0)) -> 15.6 | K73: =IF(J73=0,0,J73-I73) -> 1.168513 | L73: =IF(ISNA(VLOOKUP(C73,'Dom Enrolled Accounts'!$A:$C,3,0))=TRUE,0,VLOOKUP(C73,'Dom Enrolled Accounts'!$A:$C,3,0)) -> 2.05 | M73: =IF(L73>K73,K73,L73) -> 1.168513 | N73: =IF(M73<0,0,M73*D73) -> 12.853643
A74: 11/14/2025 | B74: 57542 | C74: ARCOS THELMA MIEKOYS PIZZA | D74: 11 | E74: =995/D74/1.12 -> 80.762987 | F74: =WPPDom -> 87.0515 | G74: =TSDom -> 20.72 | H74: =F74-G74 -> 66.3315 | I74: =E74-H74 -> 14.431487 | J74: =IF(ISNA(VLOOKUP(C74,'Dom Enrolled Accounts'!$A:$B,2,0))=TRUE,0,VLOOKUP(C74,'Dom Enrolled Accounts'!$A:$B,2,0)) -> 15.6 | K74: =IF(J74=0,0,J74-I74) -> 1.168513 | L74: =IF(ISNA(VLOOKUP(C74,'Dom Enrolled Accounts'!$A:$C,3,0))=TRUE,0,VLOOKUP(C74,'Dom Enrolled Accounts'!$A:$C,3,0)) -> 2.05 | M74: =IF(L74>K74,K74,L74) -> 1.168513 | N74: =IF(M74<0,0,M74*D74) -> 12.853643
A75: 11/24/2025 | B75: 38614 | C75: ARCOS THELMA MIEKOYS PIZZA | D75: 11 | E75: =995/D75/1.12 -> 80.762987 | F75: =WPPDom -> 87.0515 | G75: =TSDom -> 20.72 | H75: =F75-G75 -> 66.3315 | I75: =E75-H75 -> 14.431487 | J75: =IF(ISNA(VLOOKUP(C75,'Dom Enrolled Accounts'!$A:$B,2,0))=TRUE,0,VLOOKUP(C75,'Dom Enrolled Accounts'!$A:$B,2,0)) -> 15.6 | K75: =IF(J75=0,0,J75-I75) -> 1.168513 | L75: =IF(ISNA(VLOOKUP(C75,'Dom Enrolled Accounts'!$A:$C,3,0))=TRUE,0,VLOOKUP(C75,'Dom Enrolled Accounts'!$A:$C,3,0)) -> 2.05 | M75: =IF(L75>K75,K75,L75) -> 1.168513 | N75: =IF(M75<0,0,M75*D75) -> 12.853643
A76: 11/27/2025 | B76: 38701 | C76: ARCOS THELMA MIEKOYS PIZZA | D76: 11 | E76: =995/D76/1.12 -> 80.762987 | F76: =WPPDom -> 87.0515 | G76: =TSDom -> 20.72 | H76: =F76-G76 -> 66.3315 | I76: =E76-H76 -> 14.431487 | J76: =IF(ISNA(VLOOKUP(C76,'Dom Enrolled Accounts'!$A:$B,2,0))=TRUE,0,VLOOKUP(C76,'Dom Enrolled Accounts'!$A:$B,2,0)) -> 15.6 | K76: =IF(J76=0,0,J76-I76) -> 1.168513 | L76: =IF(ISNA(VLOOKUP(C76,'Dom Enrolled Accounts'!$A:$C,3,0))=TRUE,0,VLOOKUP(C76,'Dom Enrolled Accounts'!$A:$C,3,0)) -> 2.05 | M76: =IF(L76>K76,K76,L76) -> 1.168513 | N76: =IF(M76<0,0,M76*D76) -> 12.853643
A77: 11/30/2025 | B77: 38798 | C77: ARCOS THELMA MIEKOYS PIZZA | D77: 11 | E77: =995/D77/1.12 -> 80.762987 | F77: =WPPDom -> 87.0515 | G77: =TSDom -> 20.72 | H77: =F77-G77 -> 66.3315 | I77: =E77-H77 -> 14.431487 | J77: =IF(ISNA(VLOOKUP(C77,'Dom Enrolled Accounts'!$A:$B,2,0))=TRUE,0,VLOOKUP(C77,'Dom Enrolled Accounts'!$A:$B,2,0)) -> 15.6 | K77: =IF(J77=0,0,J77-I77) -> 1.168513 | L77: =IF(ISNA(VLOOKUP(C77,'Dom Enrolled Accounts'!$A:$C,3,0))=TRUE,0,VLOOKUP(C77,'Dom Enrolled Accounts'!$A:$C,3,0)) -> 2.05 | M77: =IF(L77>K77,K77,L77) -> 1.168513 | N77: =IF(M77<0,0,M77*D77) -> 12.853643
A78: 45668 | B78: 37932 | C78: MIGGYS BAKERY AILENE HERMOGENES | D78: 55 | E78: =4975/D78/1.12 -> 80.762987 | F78: =WPPDom -> 87.0515 | G78: =TSDom -> 20.72 | H78: =F78-G78 -> 66.3315 | I78: =E78-H78 -> 14.431487 | J78: =IF(ISNA(VLOOKUP(C78,'Dom Enrolled Accounts'!$A:$B,2,0))=TRUE,0,VLOOKUP(C78,'Dom Enrolled Accounts'!$A:$B,2,0)) -> 15.6 | K78: =IF(J78=0,0,J78-I78) -> 1.168513 | L78: =IF(ISNA(VLOOKUP(C78,'Dom Enrolled Accounts'!$A:$C,3,0))=TRUE,0,VLOOKUP(C78,'Dom Enrolled Accounts'!$A:$C,3,0)) -> 2.05 | M78: =IF(L78>K78,K78,L78) -> 1.168513 | N78: =IF(M78<0,0,M78*D78) -> 64.268214
A79: 45758 | B79: 38000 | C79: MIGGYS BAKERY AILENE HERMOGENES | D79: 55 | E79: =4975/D79/1.12 -> 80.762987 | F79: =WPPDom -> 87.0515 | G79: =TSDom -> 20.72 | H79: =F79-G79 -> 66.3315 | I79: =E79-H79 -> 14.431487 | J79: =IF(ISNA(VLOOKUP(C79,'Dom Enrolled Accounts'!$A:$B,2,0))=TRUE,0,VLOOKUP(C79,'Dom Enrolled Accounts'!$A:$B,2,0)) -> 15.6 | K79: =IF(J79=0,0,J79-I79) -> 1.168513 | L79: =IF(ISNA(VLOOKUP(C79,'Dom Enrolled Accounts'!$A:$C,3,0))=TRUE,0,VLOOKUP(C79,'Dom Enrolled Accounts'!$A:$C,3,0)) -> 2.05 | M79: =IF(L79>K79,K79,L79) -> 1.168513 | N79: =IF(M79<0,0,M79*D79) -> 64.268214
A80: 45849 | B80: 38093 | C80: MIGGYS BAKERY AILENE HERMOGENES | D80: 55 | E80: =4975/D80/1.12 -> 80.762987 | F80: =WPPDom -> 87.0515 | G80: =TSDom -> 20.72 | H80: =F80-G80 -> 66.3315 | I80: =E80-H80 -> 14.431487 | J80: =IF(ISNA(VLOOKUP(C80,'Dom Enrolled Accounts'!$A:$B,2,0))=TRUE,0,VLOOKUP(C80,'Dom Enrolled Accounts'!$A:$B,2,0)) -> 15.6 | K80: =IF(J80=0,0,J80-I80) -> 1.168513 | L80: =IF(ISNA(VLOOKUP(C80,'Dom Enrolled Accounts'!$A:$C,3,0))=TRUE,0,VLOOKUP(C80,'Dom Enrolled Accounts'!$A:$C,3,0)) -> 2.05 | M80: =IF(L80>K80,K80,L80) -> 1.168513 | N80: =IF(M80<0,0,M80*D80) -> 64.268214
A81: 45880 | B81: 38158 | C81: MIGGYS BAKERY AILENE HERMOGENES | D81: 44 | E81: =3980/D81/1.12 -> 80.762987 | F81: =WPPDom -> 87.0515 | G81: =TSDom -> 20.72 | H81: =F81-G81 -> 66.3315 | I81: =E81-H81 -> 14.431487 | J81: =IF(ISNA(VLOOKUP(C81,'Dom Enrolled Accounts'!$A:$B,2,0))=TRUE,0,VLOOKUP(C81,'Dom Enrolled Accounts'!$A:$B,2,0)) -> 15.6 | K81: =IF(J81=0,0,J81-I81) -> 1.168513 | L81: =IF(ISNA(VLOOKUP(C81,'Dom Enrolled Accounts'!$A:$C,3,0))=TRUE,0,VLOOKUP(C81,'Dom Enrolled Accounts'!$A:$C,3,0)) -> 2.05 | M81: =IF(L81>K81,K81,L81) -> 1.168513 | N81: =IF(M81<0,0,M81*D81) -> 51.414571
A82: 45941 | B82: 38212 | C82: MIGGYS BAKERY AILENE HERMOGENES | D82: 55 | E82: =4975/D82/1.12 -> 80.762987 | F82: =WPPDom -> 87.0515 | G82: =TSDom -> 20.72 | H82: =F82-G82 -> 66.3315 | I82: =E82-H82 -> 14.431487 | J82: =IF(ISNA(VLOOKUP(C82,'Dom Enrolled Accounts'!$A:$B,2,0))=TRUE,0,VLOOKUP(C82,'Dom Enrolled Accounts'!$A:$B,2,0)) -> 15.6 | K82: =IF(J82=0,0,J82-I82) -> 1.168513 | L82: =IF(ISNA(VLOOKUP(C82,'Dom Enrolled Accounts'!$A:$C,3,0))=TRUE,0,VLOOKUP(C82,'Dom Enrolled Accounts'!$A:$C,3,0)) -> 2.05 | M82: =IF(L82>K82,K82,L82) -> 1.168513 | N82: =IF(M82<0,0,M82*D82) -> 64.268214
A83: 11/13/2025 | B83: 38303 | C83: MIGGYS BAKERY AILENE HERMOGENES | D83: 22 | E83: =1990/D83/1.12 -> 80.762987 | F83: =WPPDom -> 87.0515 | G83: =TSDom -> 20.72 | H83: =F83-G83 -> 66.3315 | I83: =E83-H83 -> 14.431487 | J83: =IF(ISNA(VLOOKUP(C83,'Dom Enrolled Accounts'!$A:$B,2,0))=TRUE,0,VLOOKUP(C83,'Dom Enrolled Accounts'!$A:$B,2,0)) -> 15.6 | K83: =IF(J83=0,0,J83-I83) -> 1.168513 | L83: =IF(ISNA(VLOOKUP(C83,'Dom Enrolled Accounts'!$A:$C,3,0))=TRUE,0,VLOOKUP(C83,'Dom Enrolled Accounts'!$A:$C,3,0)) -> 2.05 | M83: =IF(L83>K83,K83,L83) -> 1.168513 | N83: =IF(M83<0,0,M83*D83) -> 25.707286
A84: 11/14/2025 | B84: 38311 | C84: MIGGYS BAKERY AILENE HERMOGENES | D84: 55 | E84: =4975/D84/1.12 -> 80.762987 | F84: =WPPDom -> 87.0515 | G84: =TSDom -> 20.72 | H84: =F84-G84 -> 66.3315 | I84: =E84-H84 -> 14.431487 | J84: =IF(ISNA(VLOOKUP(C84,'Dom Enrolled Accounts'!$A:$B,2,0))=TRUE,0,VLOOKUP(C84,'Dom Enrolled Accounts'!$A:$B,2,0)) -> 15.6 | K84: =IF(J84=0,0,J84-I84) -> 1.168513 | L84: =IF(ISNA(VLOOKUP(C84,'Dom Enrolled Accounts'!$A:$C,3,0))=TRUE,0,VLOOKUP(C84,'Dom Enrolled Accounts'!$A:$C,3,0)) -> 2.05 | M84: =IF(L84>K84,K84,L84) -> 1.168513 | N84: =IF(M84<0,0,M84*D84) -> 64.268214
A85: 1/16/2025 | B85: 38374 | C85: MIGGYS BAKERY AILENE HERMOGENES | D85: 22 | E85: =1990/D85/1.12 -> 80.762987 | F85: =WPPDom -> 87.0515 | G85: =TSDom -> 20.72 | H85: =F85-G85 -> 66.3315 | I85: =E85-H85 -> 14.431487 | J85: =IF(ISNA(VLOOKUP(C85,'Dom Enrolled Accounts'!$A:$B,2,0))=TRUE,0,VLOOKUP(C85,'Dom Enrolled Accounts'!$A:$B,2,0)) -> 15.6 | K85: =IF(J85=0,0,J85-I85) -> 1.168513 | L85: =IF(ISNA(VLOOKUP(C85,'Dom Enrolled Accounts'!$A:$C,3,0))=TRUE,0,VLOOKUP(C85,'Dom Enrolled Accounts'!$A:$C,3,0)) -> 2.05 | M85: =IF(L85>K85,K85,L85) -> 1.168513 | N85: =IF(M85<0,0,M85*D85) -> 25.707286
A86: 11/16/2025 | B86: 38375 | C86: MIGGYS BAKERY AILENE HERMOGENES | D86: 55 | E86: =4975/D86/1.12 -> 80.762987 | F86: =WPPDom -> 87.0515 | G86: =TSDom -> 20.72 | H86: =F86-G86 -> 66.3315 | I86: =E86-H86 -> 14.431487 | J86: =IF(ISNA(VLOOKUP(C86,'Dom Enrolled Accounts'!$A:$B,2,0))=TRUE,0,VLOOKUP(C86,'Dom Enrolled Accounts'!$A:$B,2,0)) -> 15.6 | K86: =IF(J86=0,0,J86-I86) -> 1.168513 | L86: =IF(ISNA(VLOOKUP(C86,'Dom Enrolled Accounts'!$A:$C,3,0))=TRUE,0,VLOOKUP(C86,'Dom Enrolled Accounts'!$A:$C,3,0)) -> 2.05 | M86: =IF(L86>K86,K86,L86) -> 1.168513 | N86: =IF(M86<0,0,M86*D86) -> 64.268214
A87: 11/19/2025 | B87: 38465 | C87: MIGGYS BAKERY AILENE HERMOGENES | D87: 22 | E87: =1990/D87/1.12 -> 80.762987 | F87: =WPPDom -> 87.0515 | G87: =TSDom -> 20.72 | H87: =F87-G87 -> 66.3315 | I87: =E87-H87 -> 14.431487 | J87: =IF(ISNA(VLOOKUP(C87,'Dom Enrolled Accounts'!$A:$B,2,0))=TRUE,0,VLOOKUP(C87,'Dom Enrolled Accounts'!$A:$B,2,0)) -> 15.6 | K87: =IF(J87=0,0,J87-I87) -> 1.168513 | L87: =IF(ISNA(VLOOKUP(C87,'Dom Enrolled Accounts'!$A:$C,3,0))=TRUE,0,VLOOKUP(C87,'Dom Enrolled Accounts'!$A:$C,3,0)) -> 2.05 | M87: =IF(L87>K87,K87,L87) -> 1.168513 | N87: =IF(M87<0,0,M87*D87) -> 25.707286
A88: 11/19/2025 | B88: 38471 | C88: MIGGYS BAKERY AILENE HERMOGENES | D88: 55 | E88: =4975/D88/1.12 -> 80.762987 | F88: =WPPDom -> 87.0515 | G88: =TSDom -> 20.72 | H88: =F88-G88 -> 66.3315 | I88: =E88-H88 -> 14.431487 | J88: =IF(ISNA(VLOOKUP(C88,'Dom Enrolled Accounts'!$A:$B,2,0))=TRUE,0,VLOOKUP(C88,'Dom Enrolled Accounts'!$A:$B,2,0)) -> 15.6 | K88: =IF(J88=0,0,J88-I88) -> 1.168513 | L88: =IF(ISNA(VLOOKUP(C88,'Dom Enrolled Accounts'!$A:$C,3,0))=TRUE,0,VLOOKUP(C88,'Dom Enrolled Accounts'!$A:$C,3,0)) -> 2.05 | M88: =IF(L88>K88,K88,L88) -> 1.168513 | N88: =IF(M88<0,0,M88*D88) -> 64.268214
A89: 11/22/2025 | B89: 38542 | C89: MIGGYS BAKERY AILENE HERMOGENES | D89: 55 | E89: =4975/D89/1.12 -> 80.762987 | F89: =WPPDom -> 87.0515 | G89: =TSDom -> 20.72 | H89: =F89-G89 -> 66.3315 | I89: =E89-H89 -> 14.431487 | J89: =IF(ISNA(VLOOKUP(C89,'Dom Enrolled Accounts'!$A:$B,2,0))=TRUE,0,VLOOKUP(C89,'Dom Enrolled Accounts'!$A:$B,2,0)) -> 15.6 | K89: =IF(J89=0,0,J89-I89) -> 1.168513 | L89: =IF(ISNA(VLOOKUP(C89,'Dom Enrolled Accounts'!$A:$C,3,0))=TRUE,0,VLOOKUP(C89,'Dom Enrolled Accounts'!$A:$C,3,0)) -> 2.05 | M89: =IF(L89>K89,K89,L89) -> 1.168513 | N89: =IF(M89<0,0,M89*D89) -> 64.268214
A90: 11/22/2025 | B90: 38547 | C90: MIGGYS BAKERY AILENE HERMOGENES | D90: 22 | E90: =1990/D90/1.12 -> 80.762987 | F90: =WPPDom -> 87.0515 | G90: =TSDom -> 20.72 | H90: =F90-G90 -> 66.3315 | I90: =E90-H90 -> 14.431487 | J90: =IF(ISNA(VLOOKUP(C90,'Dom Enrolled Accounts'!$A:$B,2,0))=TRUE,0,VLOOKUP(C90,'Dom Enrolled Accounts'!$A:$B,2,0)) -> 15.6 | K90: =IF(J90=0,0,J90-I90) -> 1.168513 | L90: =IF(ISNA(VLOOKUP(C90,'Dom Enrolled Accounts'!$A:$C,3,0))=TRUE,0,VLOOKUP(C90,'Dom Enrolled Accounts'!$A:$C,3,0)) -> 2.05 | M90: =IF(L90>K90,K90,L90) -> 1.168513 | N90: =IF(M90<0,0,M90*D90) -> 25.707286
A91: 11/24/2025 | B91: 38620 | C91: MIGGYS BAKERY AILENE HERMOGENES | D91: 22 | E91: =1990/D91/1.12 -> 80.762987 | F91: =WPPDom -> 87.0515 | G91: =TSDom -> 20.72 | H91: =F91-G91 -> 66.3315 | I91: =E91-H91 -> 14.431487 | J91: =IF(ISNA(VLOOKUP(C91,'Dom Enrolled Accounts'!$A:$B,2,0))=TRUE,0,VLOOKUP(C91,'Dom Enrolled Accounts'!$A:$B,2,0)) -> 15.6 | K91: =IF(J91=0,0,J91-I91) -> 1.168513 | L91: =IF(ISNA(VLOOKUP(C91,'Dom Enrolled Accounts'!$A:$C,3,0))=TRUE,0,VLOOKUP(C91,'Dom Enrolled Accounts'!$A:$C,3,0)) -> 2.05 | M91: =IF(L91>K91,K91,L91) -> 1.168513 | N91: =IF(M91<0,0,M91*D91) -> 25.707286
A92: 11/26/2025 | B92: 38655 | C92: MIGGYS BAKERY AILENE HERMOGENES | D92: 55 | E92: =4975/D92/1.12 -> 80.762987 | F92: =WPPDom -> 87.0515 | G92: =TSDom -> 20.72 | H92: =F92-G92 -> 66.3315 | I92: =E92-H92 -> 14.431487 | J92: =IF(ISNA(VLOOKUP(C92,'Dom Enrolled Accounts'!$A:$B,2,0))=TRUE,0,VLOOKUP(C92,'Dom Enrolled Accounts'!$A:$B,2,0)) -> 15.6 | K92: =IF(J92=0,0,J92-I92) -> 1.168513 | L92: =IF(ISNA(VLOOKUP(C92,'Dom Enrolled Accounts'!$A:$C,3,0))=TRUE,0,VLOOKUP(C92,'Dom Enrolled Accounts'!$A:$C,3,0)) -> 2.05 | M92: =IF(L92>K92,K92,L92) -> 1.168513 | N92: =IF(M92<0,0,M92*D92) -> 64.268214
A93: 11/27/2025 | B93: 38710 | C93: MIGGYS BAKERY AILENE HERMOGENES | D93: 33 | E93: =2985/D93/1.12 -> 80.762987 | F93: =WPPDom -> 87.0515 | G93: =TSDom -> 20.72 | H93: =F93-G93 -> 66.3315 | I93: =E93-H93 -> 14.431487 | J93: =IF(ISNA(VLOOKUP(C93,'Dom Enrolled Accounts'!$A:$B,2,0))=TRUE,0,VLOOKUP(C93,'Dom Enrolled Accounts'!$A:$B,2,0)) -> 15.6 | K93: =IF(J93=0,0,J93-I93) -> 1.168513 | L93: =IF(ISNA(VLOOKUP(C93,'Dom Enrolled Accounts'!$A:$C,3,0))=TRUE,0,VLOOKUP(C93,'Dom Enrolled Accounts'!$A:$C,3,0)) -> 2.05 | M93: =IF(L93>K93,K93,L93) -> 1.168513 | N93: =IF(M93<0,0,M93*D93) -> 38.560929
A94: 11/28/2025 | B94: 38742 | C94: MIGGYS BAKERY AILENE HERMOGENES | D94: 55 | E94: =4975/D94/1.12 -> 80.762987 | F94: =WPPDom -> 87.0515 | G94: =TSDom -> 20.72 | H94: =F94-G94 -> 66.3315 | I94: =E94-H94 -> 14.431487 | J94: =IF(ISNA(VLOOKUP(C94,'Dom Enrolled Accounts'!$A:$B,2,0))=TRUE,0,VLOOKUP(C94,'Dom Enrolled Accounts'!$A:$B,2,0)) -> 15.6 | K94: =IF(J94=0,0,J94-I94) -> 1.168513 | L94: =IF(ISNA(VLOOKUP(C94,'Dom Enrolled Accounts'!$A:$C,3,0))=TRUE,0,VLOOKUP(C94,'Dom Enrolled Accounts'!$A:$C,3,0)) -> 2.05 | M94: =IF(L94>K94,K94,L94) -> 1.168513 | N94: =IF(M94<0,0,M94*D94) -> 64.268214
A95: 45699 | B95: 37958 | C95: OSTED LEBERTY LIBERTY BAKERY | D95: 11 | E95: =995/D95/1.12 -> 80.762987 | F95: =WPPDom -> 87.0515 | G95: =TSDom -> 20.72 | H95: =F95-G95 -> 66.3315 | I95: =E95-H95 -> 14.431487 | J95: =IF(ISNA(VLOOKUP(C95,'Dom Enrolled Accounts'!$A:$B,2,0))=TRUE,0,VLOOKUP(C95,'Dom Enrolled Accounts'!$A:$B,2,0)) -> 15.6 | K95: =IF(J95=0,0,J95-I95) -> 1.168513 | L95: =IF(ISNA(VLOOKUP(C95,'Dom Enrolled Accounts'!$A:$C,3,0))=TRUE,0,VLOOKUP(C95,'Dom Enrolled Accounts'!$A:$C,3,0)) -> 2.05 | M95: =IF(L95>K95,K95,L95) -> 1.168513 | N95: =IF(M95<0,0,M95*D95) -> 12.853643
A96: 45849 | B96: 38112 | C96: OSTED LEBERTY LIBERTY BAKERY | D96: 22 | E96: =1990/D96/1.12 -> 80.762987 | F96: =WPPDom -> 87.0515 | G96: =TSDom -> 20.72 | H96: =F96-G96 -> 66.3315 | I96: =E96-H96 -> 14.431487 | J96: =IF(ISNA(VLOOKUP(C96,'Dom Enrolled Accounts'!$A:$B,2,0))=TRUE,0,VLOOKUP(C96,'Dom Enrolled Accounts'!$A:$B,2,0)) -> 15.6 | K96: =IF(J96=0,0,J96-I96) -> 1.168513 | L96: =IF(ISNA(VLOOKUP(C96,'Dom Enrolled Accounts'!$A:$C,3,0))=TRUE,0,VLOOKUP(C96,'Dom Enrolled Accounts'!$A:$C,3,0)) -> 2.05 | M96: =IF(L96>K96,K96,L96) -> 1.168513 | N96: =IF(M96<0,0,M96*D96) -> 25.707286
A97: 11/16/2025 | B97: 38371 | C97: OSTED LEBERTY LIBERTY BAKERY | D97: 22 | E97: =1990/D97/1.12 -> 80.762987 | F97: =WPPDom -> 87.0515 | G97: =TSDom -> 20.72 | H97: =F97-G97 -> 66.3315 | I97: =E97-H97 -> 14.431487 | J97: =IF(ISNA(VLOOKUP(C97,'Dom Enrolled Accounts'!$A:$B,2,0))=TRUE,0,VLOOKUP(C97,'Dom Enrolled Accounts'!$A:$B,2,0)) -> 15.6 | K97: =IF(J97=0,0,J97-I97) -> 1.168513 | L97: =IF(ISNA(VLOOKUP(C97,'Dom Enrolled Accounts'!$A:$C,3,0))=TRUE,0,VLOOKUP(C97,'Dom Enrolled Accounts'!$A:$C,3,0)) -> 2.05 | M97: =IF(L97>K97,K97,L97) -> 1.168513 | N97: =IF(M97<0,0,M97*D97) -> 25.707286
A98: 45727 | B98: 37990 | C98: DECANO BRYAN OVERTYM LUTONG BAHAY | D98: 11 | E98: =995/D98/1.12 -> 80.762987 | F98: =WPPDom -> 87.0515 | G98: =TSDom -> 20.72 | H98: =F98-G98 -> 66.3315 | I98: =E98-H98 -> 14.431487 | J98: =IF(ISNA(VLOOKUP(C98,'Dom Enrolled Accounts'!$A:$B,2,0))=TRUE,0,VLOOKUP(C98,'Dom Enrolled Accounts'!$A:$B,2,0)) -> 15.6 | K98: =IF(J98=0,0,J98-I98) -> 1.168513 | L98: =IF(ISNA(VLOOKUP(C98,'Dom Enrolled Accounts'!$A:$C,3,0))=TRUE,0,VLOOKUP(C98,'Dom Enrolled Accounts'!$A:$C,3,0)) -> 2.05 | M98: =IF(L98>K98,K98,L98) -> 1.168513 | N98: =IF(M98<0,0,M98*D98) -> 12.853643
A99: 45819 | B99: 38059 | C99: DECANO BRYAN OVERTYM LUTONG BAHAY | D99: 11 | E99: =995/D99/1.12 -> 80.762987 | F99: =WPPDom -> 87.0515 | G99: =TSDom -> 20.72 | H99: =F99-G99 -> 66.3315 | I99: =E99-H99 -> 14.431487 | J99: =IF(ISNA(VLOOKUP(C99,'Dom Enrolled Accounts'!$A:$B,2,0))=TRUE,0,VLOOKUP(C99,'Dom Enrolled Accounts'!$A:$B,2,0)) -> 15.6 | K99: =IF(J99=0,0,J99-I99) -> 1.168513 | L99: =IF(ISNA(VLOOKUP(C99,'Dom Enrolled Accounts'!$A:$C,3,0))=TRUE,0,VLOOKUP(C99,'Dom Enrolled Accounts'!$A:$C,3,0)) -> 2.05 | M99: =IF(L99>K99,K99,L99) -> 1.168513 | N99: =IF(M99<0,0,M99*D99) -> 12.853643
A100: 45880 | B100: 38124 | C100: DECANO BRYAN OVERTYM LUTONG BAHAY | D100: 11 | E100: =995/D100/1.12 -> 80.762987 | F100: =WPPDom -> 87.0515 | G100: =TSDom -> 20.72 | H100: =F100-G100 -> 66.3315 | I100: =E100-H100 -> 14.431487 | J100: =IF(ISNA(VLOOKUP(C100,'Dom Enrolled Accounts'!$A:$B,2,0))=TRUE,0,VLOOKUP(C100,'Dom Enrolled Accounts'!$A:$B,2,0)) -> 15.6 | K100: =IF(J100=0,0,J100-I100) -> 1.168513 | L100: =IF(ISNA(VLOOKUP(C100,'Dom Enrolled Accounts'!$A:$C,3,0))=TRUE,0,VLOOKUP(C100,'Dom Enrolled Accounts'!$A:$C,3,0)) -> 2.05 | M100: =IF(L100>K100,K100,L100) -> 1.168513 | N100: =IF(M100<0,0,M100*D100) -> 12.853643
A101: 11/13/2025 | B101: 38289 | C101: DECANO BRYAN OVERTYM LUTONG BAHAY | D101: 11 | E101: =995/D101/1.12 -> 80.762987 | F101: =WPPDom -> 87.0515 | G101: =TSDom -> 20.72 | H101: =F101-G101 -> 66.3315 | I101: =E101-H101 -> 14.431487 | J101: =IF(ISNA(VLOOKUP(C101,'Dom Enrolled Accounts'!$A:$B,2,0))=TRUE,0,VLOOKUP(C101,'Dom Enrolled Accounts'!$A:$B,2,0)) -> 15.6 | K101: =IF(J101=0,0,J101-I101) -> 1.168513 | L101: =IF(ISNA(VLOOKUP(C101,'Dom Enrolled Accounts'!$A:$C,3,0))=TRUE,0,VLOOKUP(C101,'Dom Enrolled Accounts'!$A:$C,3,0)) -> 2.05 | M101: =IF(L101>K101,K101,L101) -> 1.168513 | N101: =IF(M101<0,0,M101*D101) -> 12.853643
...

Sheet Com Enrolled Accounts
A2: Account Name | B2: GMS Rate | C2: Approved Support | D2: Volume per month (kg) | E2: Deadline for repair | F2: Date enrolled
A3: =INDEX('[3]Enrolled accounts Com'!$A3:$M3,MATCH(A$2,'[3]Enrolled accounts Com'!$A$2:$M$2,0)) -> ABAN LAUNDRY | B3: =INDEX('[3]Enrolled accounts Com'!$A3:$M3,MATCH(B$2,'[3]Enrolled accounts Com'!$A$2:$M$2,0)) -> 8.27 | C3: =INDEX('[3]Enrolled accounts Com'!$A3:$M3,MATCH(C$2,'[3]Enrolled accounts Com'!$A$2:$M$2,0)) -> 15.03 | D3: =INDEX('[3]Enrolled accounts Com'!$A3:$M3,MATCH(D$2,'[3]Enrolled accounts Com'!$A$2:$M$2,0)) -> 50 | E3: =INDEX('[3]Enrolled accounts Com'!$A3:$M3,MATCH(E$2,'[3]Enrolled accounts Com'!$A$2:$M$2,0)) -> 0 | F3: =INDEX('[3]Enrolled accounts Com'!$A3:$M3,MATCH(F$2,'[3]Enrolled accounts Com'!$A$2:$M$2,0)) -> 45195
A4: =INDEX('[3]Enrolled accounts Com'!$A4:$M4,MATCH(A3,'[3]Enrolled accounts Com'!$A3:$M3,0)) -> AC LAUNDRY SHOP | B4: =INDEX('[3]Enrolled accounts Com'!$A4:$M4,MATCH(B$2,'[3]Enrolled accounts Com'!$A$2:$M$2,0)) -> 8.27 | C4: =INDEX('[3]Enrolled accounts Com'!$A4:$M4,MATCH(C$2,'[3]Enrolled accounts Com'!$A$2:$M$2,0)) -> 4.05 | D4: =INDEX('[3]Enrolled accounts Com'!$A4:$M4,MATCH(D$2,'[3]Enrolled accounts Com'!$A$2:$M$2,0)) -> 150 | E4: =INDEX('[3]Enrolled accounts Com'!$A4:$M4,MATCH(E$2,'[3]Enrolled accounts Com'!$A$2:$M$2,0)) -> 0 | F4: =INDEX('[3]Enrolled accounts Com'!$A4:$M4,MATCH(F$2,'[3]Enrolled accounts Com'!$A$2:$M$2,0)) -> 45895
A5: =INDEX('[3]Enrolled accounts Com'!$A5:$M5,MATCH(A4,'[3]Enrolled accounts Com'!$A4:$M4,0)) -> ANGEL & MAE RESTAURANT | B5: =INDEX('[3]Enrolled accounts Com'!$A5:$M5,MATCH(B$2,'[3]Enrolled accounts Com'!$A$2:$M$2,0)) -> 8.27 | C5: =INDEX('[3]Enrolled accounts Com'!$A5:$M5,MATCH(C$2,'[3]Enrolled accounts Com'!$A$2:$M$2,0)) -> 15.03 | D5: =INDEX('[3]Enrolled accounts Com'!$A5:$M5,MATCH(D$2,'[3]Enrolled accounts Com'!$A$2:$M$2,0)) -> 50 | E5: =INDEX('[3]Enrolled accounts Com'!$A5:$M5,MATCH(E$2,'[3]Enrolled accounts Com'!$A$2:$M$2,0)) -> 0 | F5: =INDEX('[3]Enrolled accounts Com'!$A5:$M5,MATCH(F$2,'[3]Enrolled accounts Com'!$A$2:$M$2,0)) -> 45195
A6: =INDEX('[3]Enrolled accounts Com'!$A6:$M6,MATCH(A5,'[3]Enrolled accounts Com'!$A5:$M5,0)) -> AVEGAIL'S LAUNDRY | B6: =INDEX('[3]Enrolled accounts Com'!$A6:$M6,MATCH(B$2,'[3]Enrolled accounts Com'!$A$2:$M$2,0)) -> 8.27 | C6: =INDEX('[3]Enrolled accounts Com'!$A6:$M6,MATCH(C$2,'[3]Enrolled accounts Com'!$A$2:$M$2,0)) -> 25.23 | D6: =INDEX('[3]Enrolled accounts Com'!$A6:$M6,MATCH(D$2,'[3]Enrolled accounts Com'!$A$2:$M$2,0)) -> 300 | E6: =INDEX('[3]Enrolled accounts Com'!$A6:$M6,MATCH(E$2,'[3]Enrolled accounts Com'!$A$2:$M$2,0)) -> 0 | F6: =INDEX('[3]Enrolled accounts Com'!$A6:$M6,MATCH(F$2,'[3]Enrolled accounts Com'!$A$2:$M$2,0)) -> 44530
A7: =INDEX('[3]Enrolled accounts Com'!$A7:$M7,MATCH(A6,'[3]Enrolled accounts Com'!$A6:$M6,0)) -> backyard edible Garden -Shiela Delos Reyes | B7: =INDEX('[3]Enrolled accounts Com'!$A7:$M7,MATCH(B$2,'[3]Enrolled accounts Com'!$A$2:$M$2,0)) -> 8.27 | C7: =INDEX('[3]Enrolled accounts Com'!$A7:$M7,MATCH(C$2,'[3]Enrolled accounts Com'!$A$2:$M$2,0)) -> 8.84 | D7: =INDEX('[3]Enrolled accounts Com'!$A7:$M7,MATCH(D$2,'[3]Enrolled accounts Com'!$A$2:$M$2,0)) -> 200 | E7: =INDEX('[3]Enrolled accounts Com'!$A7:$M7,MATCH(E$2,'[3]Enrolled accounts Com'!$A$2:$M$2,0)) -> 0 | F7: =INDEX('[3]Enrolled accounts Com'!$A7:$M7,MATCH(F$2,'[3]Enrolled accounts Com'!$A$2:$M$2,0)) -> 44738
A8: =INDEX('[3]Enrolled accounts Com'!$A8:$M8,MATCH(A7,'[3]Enrolled accounts Com'!$A7:$M7,0)) -> CHERISH RESORT | B8: =INDEX('[3]Enrolled accounts Com'!$A8:$M8,MATCH(B$2,'[3]Enrolled accounts Com'!$A$2:$M$2,0)) -> 8.27 | C8: =INDEX('[3]Enrolled accounts Com'!$A8:$M8,MATCH(C$2,'[3]Enrolled accounts Com'!$A$2:$M$2,0)) -> 15.03 | D8: =INDEX('[3]Enrolled accounts Com'!$A8:$M8,MATCH(D$2,'[3]Enrolled accounts Com'!$A$2:$M$2,0)) -> 200 | E8: =INDEX('[3]Enrolled accounts Com'!$A8:$M8,MATCH(E$2,'[3]Enrolled accounts Com'!$A$2:$M$2,0)) -> 0 | F8: =INDEX('[3]Enrolled accounts Com'!$A8:$M8,MATCH(F$2,'[3]Enrolled accounts Com'!$A$2:$M$2,0)) -> 45501
A9: =INDEX('[3]Enrolled accounts Com'!$A9:$M9,MATCH(A8,'[3]Enrolled accounts Com'!$A8:$M8,0)) -> CJSCJ OPC CRISPY KING | B9: =INDEX('[3]Enrolled accounts Com'!$A9:$M9,MATCH(B$2,'[3]Enrolled accounts Com'!$A$2:$M$2,0)) -> 8.27 | C9: =INDEX('[3]Enrolled accounts Com'!$A9:$M9,MATCH(C$2,'[3]Enrolled accounts Com'!$A$2:$M$2,0)) -> 14.75 | D9: =INDEX('[3]Enrolled accounts Com'!$A9:$M9,MATCH(D$2,'[3]Enrolled accounts Com'!$A$2:$M$2,0)) -> 300 | E9: =INDEX('[3]Enrolled accounts Com'!$A9:$M9,MATCH(E$2,'[3]Enrolled accounts Com'!$A$2:$M$2,0)) -> 0 | F9: =INDEX('[3]Enrolled accounts Com'!$A9:$M9,MATCH(F$2,'[3]Enrolled accounts Com'!$A$2:$M$2,0)) -> 45864
A10: =INDEX('[3]Enrolled accounts Com'!$A10:$M10,MATCH(A9,'[3]Enrolled accounts Com'!$A9:$M9,0)) -> DAMPA RESTO BAR | B10: =INDEX('[3]Enrolled accounts Com'!$A10:$M10,MATCH(B$2,'[3]Enrolled accounts Com'!$A$2:$M$2,0)) -> 8.27 | C10: =INDEX('[3]Enrolled accounts Com'!$A10:$M10,MATCH(C$2,'[3]Enrolled accounts Com'!$A$2:$M$2,0)) -> 4.04 | D10: =INDEX('[3]Enrolled accounts Com'!$A10:$M10,MATCH(D$2,'[3]Enrolled accounts Com'!$A$2:$M$2,0)) -> 100 | E10: =INDEX('[3]Enrolled accounts Com'!$A10:$M10,MATCH(E$2,'[3]Enrolled accounts Com'!$A$2:$M$2,0)) -> 0 | F10: =INDEX('[3]Enrolled accounts Com'!$A10:$M10,MATCH(F$2,'[3]Enrolled accounts Com'!$A$2:$M$2,0)) -> 45634
A11: =INDEX('[3]Enrolled accounts Com'!$A11:$M11,MATCH(A10,'[3]Enrolled accounts Com'!$A10:$M10,0)) -> DJA CATERING SERVICES CRISPY KING | B11: =INDEX('[3]Enrolled accounts Com'!$A11:$M11,MATCH(B$2,'[3]Enrolled accounts Com'!$A$2:$M$2,0)) -> 8.27 | C11: =INDEX('[3]Enrolled accounts Com'!$A11:$M11,MATCH(C$2,'[3]Enrolled accounts Com'!$A$2:$M$2,0)) -> 12.97 | D11: =INDEX('[3]Enrolled accounts Com'!$A11:$M11,MATCH(D$2,'[3]Enrolled accounts Com'!$A$2:$M$2,0)) -> 300 | E11: =INDEX('[3]Enrolled accounts Com'!$A11:$M11,MATCH(E$2,'[3]Enrolled accounts Com'!$A$2:$M$2,0)) -> 0 | F11: =INDEX('[3]Enrolled accounts Com'!$A11:$M11,MATCH(F$2,'[3]Enrolled accounts Com'!$A$2:$M$2,0)) -> 45730
A12: =INDEX('[3]Enrolled accounts Com'!$A12:$M12,MATCH(A11,'[3]Enrolled accounts Com'!$A11:$M11,0)) -> DJJM CRISPY KING NOY BIGOL | B12: =INDEX('[3]Enrolled accounts Com'!$A12:$M12,MATCH(B$2,'[3]Enrolled accounts Com'!$A$2:$M$2,0)) -> 8.27 | C12: =INDEX('[3]Enrolled accounts Com'!$A12:$M12,MATCH(C$2,'[3]Enrolled accounts Com'!$A$2:$M$2,0)) -> 12.96 | D12: =INDEX('[3]Enrolled accounts Com'!$A12:$M12,MATCH(D$2,'[3]Enrolled accounts Com'!$A$2:$M$2,0)) -> 250 | E12: =INDEX('[3]Enrolled accounts Com'!$A12:$M12,MATCH(E$2,'[3]Enrolled accounts Com'!$A$2:$M$2,0)) -> 0 | F12: =INDEX('[3]Enrolled accounts Com'!$A12:$M12,MATCH(F$2,'[3]Enrolled accounts Com'!$A$2:$M$2,0)) -> 45803
A13: =INDEX('[3]Enrolled accounts Com'!$A13:$M13,MATCH(A12,'[3]Enrolled accounts Com'!$A12:$M12,0)) -> DJJM FOOD HUB | B13: =INDEX('[3]Enrolled accounts Com'!$A13:$M13,MATCH(B$2,'[3]Enrolled accounts Com'!$A$2:$M$2,0)) -> 8.27 | C13: =INDEX('[3]Enrolled accounts Com'!$A13:$M13,MATCH(C$2,'[3]Enrolled accounts Com'!$A$2:$M$2,0)) -> 12.97 | D13: =INDEX('[3]Enrolled accounts Com'!$A13:$M13,MATCH(D$2,'[3]Enrolled accounts Com'!$A$2:$M$2,0)) -> 50 | E13: =INDEX('[3]Enrolled accounts Com'!$A13:$M13,MATCH(E$2,'[3]Enrolled accounts Com'!$A$2:$M$2,0)) -> 0 | F13: =INDEX('[3]Enrolled accounts Com'!$A13:$M13,MATCH(F$2,'[3]Enrolled accounts Com'!$A$2:$M$2,0)) -> 45730
A14: =INDEX('[3]Enrolled accounts Com'!$A14:$M14,MATCH(A13,'[3]Enrolled accounts Com'!$A13:$M13,0)) -> DR. CHESTER LEE | B14: =INDEX('[3]Enrolled accounts Com'!$A14:$M14,MATCH(B$2,'[3]Enrolled accounts Com'!$A$2:$M$2,0)) -> 8.27 | C14: =INDEX('[3]Enrolled accounts Com'!$A14:$M14,MATCH(C$2,'[3]Enrolled accounts Com'!$A$2:$M$2,0)) -> 14.76 | D14: =INDEX('[3]Enrolled accounts Com'!$A14:$M14,MATCH(D$2,'[3]Enrolled accounts Com'!$A$2:$M$2,0)) -> 150 | E14: =INDEX('[3]Enrolled accounts Com'!$A14:$M14,MATCH(E$2,'[3]Enrolled accounts Com'!$A$2:$M$2,0)) -> 0 | F14: =INDEX('[3]Enrolled accounts Com'!$A14:$M14,MATCH(F$2,'[3]Enrolled accounts Com'!$A$2:$M$2,0)) -> 45653
A15: =INDEX('[3]Enrolled accounts Com'!$A15:$M15,MATCH(A14,'[3]Enrolled accounts Com'!$A14:$M14,0)) -> EZ CAFÉ | B15: =INDEX('[3]Enrolled accounts Com'!$A15:$M15,MATCH(B$2,'[3]Enrolled accounts Com'!$A$2:$M$2,0)) -> 8.27 | C15: =INDEX('[3]Enrolled accounts Com'!$A15:$M15,MATCH(C$2,'[3]Enrolled accounts Com'!$A$2:$M$2,0)) -> 10.31 | D15: =INDEX('[3]Enrolled accounts Com'!$A15:$M15,MATCH(D$2,'[3]Enrolled accounts Com'!$A$2:$M$2,0)) -> 100 | E15: =INDEX('[3]Enrolled accounts Com'!$A15:$M15,MATCH(E$2,'[3]Enrolled accounts Com'!$A$2:$M$2,0)) -> 0 | F15: =INDEX('[3]Enrolled accounts Com'!$A15:$M15,MATCH(F$2,'[3]Enrolled accounts Com'!$A$2:$M$2,0)) -> 45501
A16: =INDEX('[3]Enrolled accounts Com'!$A16:$M16,MATCH(A$15,'[3]Enrolled accounts Com'!$A15:$M15,0)) -> FRANCE LAUNDRY | B16: =INDEX('[3]Enrolled accounts Com'!$A16:$M16,MATCH(B$2,'[3]Enrolled accounts Com'!$A$2:$M$2,0)) -> 8.27 | C16: =INDEX('[3]Enrolled accounts Com'!$A16:$M16,MATCH(C$2,'[3]Enrolled accounts Com'!$A$2:$M$2,0)) -> 11.21 | D16: =INDEX('[3]Enrolled accounts Com'!$A16:$M16,MATCH(D$2,'[3]Enrolled accounts Com'!$A$2:$M$2,0)) -> 100 | E16: =INDEX('[3]Enrolled accounts Com'!$A16:$M16,MATCH(E$2,'[3]Enrolled accounts Com'!$A$2:$M$2,0)) -> 0 | F16: =INDEX('[3]Enrolled accounts Com'!$A16:$M16,MATCH(F$2,'[3]Enrolled accounts Com'!$A$2:$M$2,0)) -> 45501
A17: =INDEX('[3]Enrolled accounts Com'!$A17:$M17,MATCH(A16,'[3]Enrolled accounts Com'!$A16:$M16,0)) -> GAACT CONSTRUCTION AND SUPPLY | B17: =INDEX('[3]Enrolled accounts Com'!$A17:$M17,MATCH(B$2,'[3]Enrolled accounts Com'!$A$2:$M$2,0)) -> 8.27 | C17: =INDEX('[3]Enrolled accounts Com'!$A17:$M17,MATCH(C$2,'[3]Enrolled accounts Com'!$A$2:$M$2,0)) -> 4.06 | D17: =INDEX('[3]Enrolled accounts Com'!$A17:$M17,MATCH(D$2,'[3]Enrolled accounts Com'!$A$2:$M$2,0)) -> 100 | E17: =INDEX('[3]Enrolled accounts Com'!$A17:$M17,MATCH(E$2,'[3]Enrolled accounts Com'!$A$2:$M$2,0)) -> 45991 | F17: =INDEX('[3]Enrolled accounts Com'!$A17:$M17,MATCH(F$2,'[3]Enrolled accounts Com'!$A$2:$M$2,0)) -> 45501
A18: =INDEX('[3]Enrolled accounts Com'!$A18:$M18,MATCH(A17,'[3]Enrolled accounts Com'!$A17:$M17,0)) -> HIGHWAYS LAUNDRY SHOP | B18: =INDEX('[3]Enrolled accounts Com'!$A18:$M18,MATCH(B$2,'[3]Enrolled accounts Com'!$A$2:$M$2,0)) -> 8.27 | C18: =INDEX('[3]Enrolled accounts Com'!$A18:$M18,MATCH(C$2,'[3]Enrolled accounts Com'!$A$2:$M$2,0)) -> 12.97 | D18: =INDEX('[3]Enrolled accounts Com'!$A18:$M18,MATCH(D$2,'[3]Enrolled accounts Com'!$A$2:$M$2,0)) -> 50 | E18: =INDEX('[3]Enrolled accounts Com'!$A18:$M18,MATCH(E$2,'[3]Enrolled accounts Com'!$A$2:$M$2,0)) -> 0 | F18: =INDEX('[3]Enrolled accounts Com'!$A18:$M18,MATCH(F$2,'[3]Enrolled accounts Com'!$A$2:$M$2,0)) -> 45730
A19: =INDEX('[3]Enrolled accounts Com'!$A19:$M19,MATCH(A18,'[3]Enrolled accounts Com'!$A18:$M18,0)) -> ISAIAH 4319 FOOD SERVICES(CRISPY KING) | B19: =INDEX('[3]Enrolled accounts Com'!$A19:$M19,MATCH(B$2,'[3]Enrolled accounts Com'!$A$2:$M$2,0)) -> 8.27 | C19: =INDEX('[3]Enrolled accounts Com'!$A19:$M19,MATCH(C$2,'[3]Enrolled accounts Com'!$A$2:$M$2,0)) -> 15.02 | D19: =INDEX('[3]Enrolled accounts Com'!$A19:$M19,MATCH(D$2,'[3]Enrolled accounts Com'!$A$2:$M$2,0)) -> 250 | E19: =INDEX('[3]Enrolled accounts Com'!$A19:$M19,MATCH(E$2,'[3]Enrolled accounts Com'!$A$2:$M$2,0)) -> 0 | F19: =INDEX('[3]Enrolled accounts Com'!$A19:$M19,MATCH(F$2,'[3]Enrolled accounts Com'!$A$2:$M$2,0)) -> 45260
A20: =INDEX('[3]Enrolled accounts Com'!$A20:$M20,MATCH(A19,'[3]Enrolled accounts Com'!$A19:$M19,0)) -> JUAN HOUR LAUNDRY | B20: =INDEX('[3]Enrolled accounts Com'!$A20:$M20,MATCH(B$2,'[3]Enrolled accounts Com'!$A$2:$M$2,0)) -> 8.27 | C20: =INDEX('[3]Enrolled accounts Com'!$A20:$M20,MATCH(C$2,'[3]Enrolled accounts Com'!$A$2:$M$2,0)) -> 15.03 | D20: =INDEX('[3]Enrolled accounts Com'!$A20:$M20,MATCH(D$2,'[3]Enrolled accounts Com'!$A$2:$M$2,0)) -> 400 | E20: =INDEX('[3]Enrolled accounts Com'!$A20:$M20,MATCH(E$2,'[3]Enrolled accounts Com'!$A$2:$M$2,0)) -> 0 | F20: =INDEX('[3]Enrolled accounts Com'!$A20:$M20,MATCH(F$2,'[3]Enrolled accounts Com'!$A$2:$M$2,0)) -> 45501
A21: =INDEX('[3]Enrolled accounts Com'!$A21:$M21,MATCH(A20,'[3]Enrolled accounts Com'!$A20:$M20,0)) -> JUAN HOUR LAUNDRY SHOP | B21: =INDEX('[3]Enrolled accounts Com'!$A21:$M21,MATCH(B$2,'[3]Enrolled accounts Com'!$A$2:$M$2,0)) -> 8.27 | C21: =INDEX('[3]Enrolled accounts Com'!$A21:$M21,MATCH(C$2,'[3]Enrolled accounts Com'!$A$2:$M$2,0)) -> 15.02 | D21: =INDEX('[3]Enrolled accounts Com'!$A21:$M21,MATCH(D$2,'[3]Enrolled accounts Com'!$A$2:$M$2,0)) -> 150 | E21: =INDEX('[3]Enrolled accounts Com'!$A21:$M21,MATCH(E$2,'[3]Enrolled accounts Com'!$A$2:$M$2,0)) -> 0 | F21: =INDEX('[3]Enrolled accounts Com'!$A21:$M21,MATCH(F$2,'[3]Enrolled accounts Com'!$A$2:$M$2,0)) -> 45260
A22: =INDEX('[3]Enrolled accounts Com'!$A22:$M22,MATCH(A21,'[3]Enrolled accounts Com'!$A21:$M21,0)) -> JUNI DELAVIN | B22: =INDEX('[3]Enrolled accounts Com'!$A22:$M22,MATCH(B$2,'[3]Enrolled accounts Com'!$A$2:$M$2,0)) -> 8.27 | C22: =INDEX('[3]Enrolled accounts Com'!$A22:$M22,MATCH(C$2,'[3]Enrolled accounts Com'!$A$2:$M$2,0)) -> 7.6015 | D22: =INDEX('[3]Enrolled accounts Com'!$A22:$M22,MATCH(D$2,'[3]Enrolled accounts Com'!$A$2:$M$2,0)) -> 100 | E22: =INDEX('[3]Enrolled accounts Com'!$A22:$M22,MATCH(E$2,'[3]Enrolled accounts Com'!$A$2:$M$2,0)) -> 46022 | F22: =INDEX('[3]Enrolled accounts Com'!$A22:$M22,MATCH(F$2,'[3]Enrolled accounts Com'!$A$2:$M$2,0)) -> 45758
A23: =INDEX('[3]Enrolled accounts Com'!$A23:$M23,MATCH(A22,'[3]Enrolled accounts Com'!$A22:$M22,0)) -> KAIZEN LAUNDRY SHOP | B23: =INDEX('[3]Enrolled accounts Com'!$A23:$M23,MATCH(B$2,'[3]Enrolled accounts Com'!$A$2:$M$2,0)) -> 8.27 | C23: =INDEX('[3]Enrolled accounts Com'!$A23:$M23,MATCH(C$2,'[3]Enrolled accounts Com'!$A$2:$M$2,0)) -> 7.63 | D23: =INDEX('[3]Enrolled accounts Com'!$A23:$M23,MATCH(D$2,'[3]Enrolled accounts Com'!$A$2:$M$2,0)) -> 100 | E23: =INDEX('[3]Enrolled accounts Com'!$A23:$M23,MATCH(E$2,'[3]Enrolled accounts Com'!$A$2:$M$2,0)) -> 0 | F23: =INDEX('[3]Enrolled accounts Com'!$A23:$M23,MATCH(F$2,'[3]Enrolled accounts Com'!$A$2:$M$2,0)) -> 45501
A24: =INDEX('[3]Enrolled accounts Com'!$A24:$M24,MATCH(A23,'[3]Enrolled accounts Com'!$A23:$M23,0)) -> LA ARTIANNA HOTEL AND RESTAURANT | B24: =INDEX('[3]Enrolled accounts Com'!$A24:$M24,MATCH(B$2,'[3]Enrolled accounts Com'!$A$2:$M$2,0)) -> 8.27 | C24: =INDEX('[3]Enrolled accounts Com'!$A24:$M24,MATCH(C$2,'[3]Enrolled accounts Com'!$A$2:$M$2,0)) -> 4.05 | D24: =INDEX('[3]Enrolled accounts Com'!$A24:$M24,MATCH(D$2,'[3]Enrolled accounts Com'!$A$2:$M$2,0)) -> 200 | E24: =INDEX('[3]Enrolled accounts Com'!$A24:$M24,MATCH(E$2,'[3]Enrolled accounts Com'!$A$2:$M$2,0)) -> 0 | F24: =INDEX('[3]Enrolled accounts Com'!$A24:$M24,MATCH(F$2,'[3]Enrolled accounts Com'!$A$2:$M$2,0)) -> 45895
A25: =INDEX('[3]Enrolled accounts Com'!$A25:$M25,MATCH(A24,'[3]Enrolled accounts Com'!$A24:$M24,0)) -> LAUNDRULOX LAUNDRY SHOP | B25: =INDEX('[3]Enrolled accounts Com'!$A25:$M25,MATCH(B$2,'[3]Enrolled accounts Com'!$A$2:$M$2,0)) -> 8.27 | C25: =INDEX('[3]Enrolled accounts Com'!$A25:$M25,MATCH(C$2,'[3]Enrolled accounts Com'!$A$2:$M$2,0)) -> 11.1715 | D25: =INDEX('[3]Enrolled accounts Com'!$A25:$M25,MATCH(D$2,'[3]Enrolled accounts Com'!$A$2:$M$2,0)) -> 100 | E25: =INDEX('[3]Enrolled accounts Com'!$A25:$M25,MATCH(E$2,'[3]Enrolled accounts Com'!$A$2:$M$2,0)) -> 0 | F25: =INDEX('[3]Enrolled accounts Com'!$A25:$M25,MATCH(F$2,'[3]Enrolled accounts Com'!$A$2:$M$2,0)) -> 45761
A26: =INDEX('[3]Enrolled accounts Com'!$A26:$M26,MATCH(A25,'[3]Enrolled accounts Com'!$A25:$M25,0)) -> LUMPIA WRAPPER AROROY | B26: =INDEX('[3]Enrolled accounts Com'!$A26:$M26,MATCH(B$2,'[3]Enrolled accounts Com'!$A$2:$M$2,0)) -> 8.27 | C26: =INDEX('[3]Enrolled accounts Com'!$A26:$M26,MATCH(C$2,'[3]Enrolled accounts Com'!$A$2:$M$2,0)) -> 15.03 | D26: =INDEX('[3]Enrolled accounts Com'!$A26:$M26,MATCH(D$2,'[3]Enrolled accounts Com'!$A$2:$M$2,0)) -> 50 | E26: =INDEX('[3]Enrolled accounts Com'!$A26:$M26,MATCH(E$2,'[3]Enrolled accounts Com'!$A$2:$M$2,0)) -> 0 | F26: =INDEX('[3]Enrolled accounts Com'!$A26:$M26,MATCH(F$2,'[3]Enrolled accounts Com'!$A$2:$M$2,0)) -> 45195
A27: =INDEX('[3]Enrolled accounts Com'!$A27:$M27,MATCH(A26,'[3]Enrolled accounts Com'!$A26:$M26,0)) -> MARKY BIKOL RESTAURANT | B27: =INDEX('[3]Enrolled accounts Com'!$A27:$M27,MATCH(B$2,'[3]Enrolled accounts Com'!$A$2:$M$2,0)) -> 8.27 | C27: =INDEX('[3]Enrolled accounts Com'!$A27:$M27,MATCH(C$2,'[3]Enrolled accounts Com'!$A$2:$M$2,0)) -> 15.03 | D27: =INDEX('[3]Enrolled accounts Com'!$A27:$M27,MATCH(D$2,'[3]Enrolled accounts Com'!$A$2:$M$2,0)) -> 100 | E27: =INDEX('[3]Enrolled accounts Com'!$A27:$M27,MATCH(E$2,'[3]Enrolled accounts Com'!$A$2:$M$2,0)) -> 0 | F27: =INDEX('[3]Enrolled accounts Com'!$A27:$M27,MATCH(F$2,'[3]Enrolled accounts Com'!$A$2:$M$2,0)) -> 45501
A28: =INDEX('[3]Enrolled accounts Com'!$A28:$M28,MATCH(A27,'[3]Enrolled accounts Com'!$A27:$M27,0)) -> MASBATE LAUNDRY CENTER | B28: =INDEX('[3]Enrolled accounts Com'!$A28:$M28,MATCH(B$2,'[3]Enrolled accounts Com'!$A$2:$M$2,0)) -> 8.27 | C28: =INDEX('[3]Enrolled accounts Com'!$A28:$M28,MATCH(C$2,'[3]Enrolled accounts Com'!$A$2:$M$2,0)) -> 15.02 | D28: =INDEX('[3]Enrolled accounts Com'!$A28:$M28,MATCH(D$2,'[3]Enrolled accounts Com'!$A$2:$M$2,0)) -> 200 | E28: =INDEX('[3]Enrolled accounts Com'!$A28:$M28,MATCH(E$2,'[3]Enrolled accounts Com'!$A$2:$M$2,0)) -> 0 | F28: =INDEX('[3]Enrolled accounts Com'!$A28:$M28,MATCH(F$2,'[3]Enrolled accounts Com'!$A$2:$M$2,0)) -> 45412
... A1000: =INDEX('[3]Enrolled accounts Com'!$A1000:$M1000,MATCH(A999,'[3]Enrolled accounts Com'!$A999:$M999,0)) -> #N/A | B1000: =INDEX('[3]Enrolled accounts Com'!$A1000:$M1000,MATCH(B$2,'[3]Enrolled accounts Com'!$A$2:$M$2,0)) -> 0 | C1000: =INDEX('[3]Enrolled accounts Com'!$A1000:$M1000,MATCH(C$2,'[3]Enrolled accounts Com'!$A$2:$M$2,0)) -> 0 | D1000: =INDEX('[3]Enrolled accounts Com'!$A1000:$M1000,MATCH(D$2,'[3]Enrolled accounts Com'!$A$2:$M$2,0)) -> 0 | E1000: =INDEX('[3]Enrolled accounts Com'!$A1000:$M1000,MATCH(E$2,'[3]Enrolled accounts Com'!$A$2:$M$2,0)) -> 0 | F1000: =INDEX('[3]Enrolled accounts Com'!$A1000:$M1000,MATCH(F$2,'[3]Enrolled accounts Com'!$A$2:$M$2,0)) -> 0

Sheet Dom Enrolled Accounts
A2: Account Name | B2: GMS Rate | C2: Approved Support | D2: Volume per month (kg) | E2: Deadline for repair | F2: Date enrolled
A3: =INDEX('[3]Enrolled accounts Dom'!$A3:$M3,MATCH(A$2,'[3]Enrolled accounts Dom'!$A$2:$M$2,0)) -> ABAS DANIEL | B3: =INDEX('[3]Enrolled accounts Dom'!$A3:$M3,MATCH(B$2,'[3]Enrolled accounts Dom'!$A$2:$M$2,0)) -> 15.6 | C3: =INDEX('[3]Enrolled accounts Dom'!$A3:$M3,MATCH(C$2,'[3]Enrolled accounts Dom'!$A$2:$M$2,0)) -> 2.05 | D3: =INDEX('[3]Enrolled accounts Dom'!$A3:$M3,MATCH(D$2,'[3]Enrolled accounts Dom'!$A$2:$M$2,0)) -> 209 | E3: =IF(INDEX('[3]Enrolled accounts Dom'!$A3:$M3,MATCH(E$2,'[3]Enrolled accounts Dom'!$A$2:$M$2,0))=0,"",INDEX('[3]Enrolled accounts Dom'!$A3:$M3,MATCH(E$2,'[3]Enrolled accounts Dom'!$A$2:$M$2,0))) | F3: =IF(INDEX('[3]Enrolled accounts Dom'!$A3:$M3,MATCH(F$2,'[3]Enrolled accounts Dom'!$A$2:$M$2,0))=0,"",INDEX('[3]Enrolled accounts Dom'!$A3:$M3,MATCH(F$2,'[3]Enrolled accounts Dom'!$A$2:$M$2,0))) -> 45731
A4: =INDEX('[3]Enrolled accounts Dom'!$A4:$M4,MATCH(A$2,'[3]Enrolled accounts Dom'!$A$2:$M$2,0)) -> ABEJUELA LINDA | B4: =INDEX('[3]Enrolled accounts Dom'!$A4:$M4,MATCH(B$2,'[3]Enrolled accounts Dom'!$A$2:$M$2,0)) -> 15.6 | C4: =INDEX('[3]Enrolled accounts Dom'!$A4:$M4,MATCH(C$2,'[3]Enrolled accounts Dom'!$A$2:$M$2,0)) -> 2.05 | D4: =INDEX('[3]Enrolled accounts Dom'!$A4:$M4,MATCH(D$2,'[3]Enrolled accounts Dom'!$A$2:$M$2,0)) -> 22 | E4: =IF(INDEX('[3]Enrolled accounts Dom'!$A4:$M4,MATCH(E$2,'[3]Enrolled accounts Dom'!$A$2:$M$2,0))=0,"",INDEX('[3]Enrolled accounts Dom'!$A4:$M4,MATCH(E$2,'[3]Enrolled accounts Dom'!$A$2:$M$2,0))) -> 45991 | F4: =IF(INDEX('[3]Enrolled accounts Dom'!$A4:$M4,MATCH(F$2,'[3]Enrolled accounts Dom'!$A$2:$M$2,0))=0,"",INDEX('[3]Enrolled accounts Dom'!$A4:$M4,MATCH(F$2,'[3]Enrolled accounts Dom'!$A$2:$M$2,0))) -> 45731
A5: =INDEX('[3]Enrolled accounts Dom'!$A5:$M5,MATCH(A$2,'[3]Enrolled accounts Dom'!$A$2:$M$2,0)) -> ABSALON LOLITA | B5: =INDEX('[3]Enrolled accounts Dom'!$A5:$M5,MATCH(B$2,'[3]Enrolled accounts Dom'!$A$2:$M$2,0)) -> 15.6 | C5: =INDEX('[3]Enrolled accounts Dom'!$A5:$M5,MATCH(C$2,'[3]Enrolled accounts Dom'!$A$2:$M$2,0)) -> 2.05 | D5: =INDEX('[3]Enrolled accounts Dom'!$A5:$M5,MATCH(D$2,'[3]Enrolled accounts Dom'!$A$2:$M$2,0)) -> 44 | E5: =IF(INDEX('[3]Enrolled accounts Dom'!$A5:$M5,MATCH(E$2,'[3]Enrolled accounts Dom'!$A$2:$M$2,0))=0,"",INDEX('[3]Enrolled accounts Dom'!$A5:$M5,MATCH(E$2,'[3]Enrolled accounts Dom'!$A$2:$M$2,0))) -> 45991 | F5: =IF(INDEX('[3]Enrolled accounts Dom'!$A5:$M5,MATCH(F$2,'[3]Enrolled accounts Dom'!$A$2:$M$2,0))=0,"",INDEX('[3]Enrolled accounts Dom'!$A5:$M5,MATCH(F$2,'[3]Enrolled accounts Dom'!$A$2:$M$2,0))) -> 45731
A6: =INDEX('[3]Enrolled accounts Dom'!$A6:$M6,MATCH(A$2,'[3]Enrolled accounts Dom'!$A$2:$M$2,0)) -> ALFREDOS CARINDERIA VENUS PASION | B6: =INDEX('[3]Enrolled accounts Dom'!$A6:$M6,MATCH(B$2,'[3]Enrolled accounts Dom'!$A$2:$M$2,0)) -> 15.6 | C6: =INDEX('[3]Enrolled accounts Dom'!$A6:$M6,MATCH(C$2,'[3]Enrolled accounts Dom'!$A$2:$M$2,0)) -> 2.05 | D6: =INDEX('[3]Enrolled accounts Dom'!$A6:$M6,MATCH(D$2,'[3]Enrolled accounts Dom'!$A$2:$M$2,0)) -> 253 | E6: =IF(INDEX('[3]Enrolled accounts Dom'!$A6:$M6,MATCH(E$2,'[3]Enrolled accounts Dom'!$A$2:$M$2,0))=0,"",INDEX('[3]Enrolled accounts Dom'!$A6:$M6,MATCH(E$2,'[3]Enrolled accounts Dom'!$A$2:$M$2,0))) | F6: =IF(INDEX('[3]Enrolled accounts Dom'!$A6:$M6,MATCH(F$2,'[3]Enrolled accounts Dom'!$A$2:$M$2,0))=0,"",INDEX('[3]Enrolled accounts Dom'!$A6:$M6,MATCH(F$2,'[3]Enrolled accounts Dom'!$A$2:$M$2,0))) -> 45731
A7: =INDEX('[3]Enrolled accounts Dom'!$A7:$M7,MATCH(A$2,'[3]Enrolled accounts Dom'!$A$2:$M$2,0)) -> ANDALES BRIAN | B7: =INDEX('[3]Enrolled accounts Dom'!$A7:$M7,MATCH(B$2,'[3]Enrolled accounts Dom'!$A$2:$M$2,0)) -> 15.6 | C7: =INDEX('[3]Enrolled accounts Dom'!$A7:$M7,MATCH(C$2,'[3]Enrolled accounts Dom'!$A$2:$M$2,0)) -> 2.05 | D7: =INDEX('[3]Enrolled accounts Dom'!$A7:$M7,MATCH(D$2,'[3]Enrolled accounts Dom'!$A$2:$M$2,0)) -> 11 | E7: =IF(INDEX('[3]Enrolled accounts Dom'!$A7:$M7,MATCH(E$2,'[3]Enrolled accounts Dom'!$A$2:$M$2,0))=0,"",INDEX('[3]Enrolled accounts Dom'!$A7:$M7,MATCH(E$2,'[3]Enrolled accounts Dom'!$A$2:$M$2,0))) -> 45991 | F7: =IF(INDEX('[3]Enrolled accounts Dom'!$A7:$M7,MATCH(F$2,'[3]Enrolled accounts Dom'!$A$2:$M$2,0))=0,"",INDEX('[3]Enrolled accounts Dom'!$A7:$M7,MATCH(F$2,'[3]Enrolled accounts Dom'!$A$2:$M$2,0))) -> 45731
A8: =INDEX('[3]Enrolled accounts Dom'!$A8:$M8,MATCH(A$2,'[3]Enrolled accounts Dom'!$A$2:$M$2,0)) -> ANGEL AND MAE | B8: =INDEX('[3]Enrolled accounts Dom'!$A8:$M8,MATCH(B$2,'[3]Enrolled accounts Dom'!$A$2:$M$2,0)) -> 15.6 | C8: =INDEX('[3]Enrolled accounts Dom'!$A8:$M8,MATCH(C$2,'[3]Enrolled accounts Dom'!$A$2:$M$2,0)) -> 1.8115 | D8: =INDEX('[3]Enrolled accounts Dom'!$A8:$M8,MATCH(D$2,'[3]Enrolled accounts Dom'!$A$2:$M$2,0)) -> 176 | E8: =IF(INDEX('[3]Enrolled accounts Dom'!$A8:$M8,MATCH(E$2,'[3]Enrolled accounts Dom'!$A$2:$M$2,0))=0,"",INDEX('[3]Enrolled accounts Dom'!$A8:$M8,MATCH(E$2,'[3]Enrolled accounts Dom'!$A$2:$M$2,0))) | F8: =IF(INDEX('[3]Enrolled accounts Dom'!$A8:$M8,MATCH(F$2,'[3]Enrolled accounts Dom'!$A$2:$M$2,0))=0,"",INDEX('[3]Enrolled accounts Dom'!$A8:$M8,MATCH(F$2,'[3]Enrolled accounts Dom'!$A$2:$M$2,0))) -> 45761
A9: =INDEX('[3]Enrolled accounts Dom'!$A9:$M9,MATCH(A$2,'[3]Enrolled accounts Dom'!$A$2:$M$2,0)) -> ARCOS THELMA MIEKOYS PIZZA | B9: =INDEX('[3]Enrolled accounts Dom'!$A9:$M9,MATCH(B$2,'[3]Enrolled accounts Dom'!$A$2:$M$2,0)) -> 15.6 | C9: =INDEX('[3]Enrolled accounts Dom'!$A9:$M9,MATCH(C$2,'[3]Enrolled accounts Dom'!$A$2:$M$2,0)) -> 2.05 | D9: =INDEX('[3]Enrolled accounts Dom'!$A9:$M9,MATCH(D$2,'[3]Enrolled accounts Dom'!$A$2:$M$2,0)) -> 297 | E9: =IF(INDEX('[3]Enrolled accounts Dom'!$A9:$M9,MATCH(E$2,'[3]Enrolled accounts Dom'!$A$2:$M$2,0))=0,"",INDEX('[3]Enrolled accounts Dom'!$A9:$M9,MATCH(E$2,'[3]Enrolled accounts Dom'!$A$2:$M$2,0))) | F9: =IF(INDEX('[3]Enrolled accounts Dom'!$A9:$M9,MATCH(F$2,'[3]Enrolled accounts Dom'!$A$2:$M$2,0))=0,"",INDEX('[3]Enrolled accounts Dom'!$A9:$M9,MATCH(F$2,'[3]Enrolled accounts Dom'!$A$2:$M$2,0))) -> 45731
A10: =INDEX('[3]Enrolled accounts Dom'!$A10:$M10,MATCH(A$2,'[3]Enrolled accounts Dom'!$A$2:$M$2,0)) -> ASAULA BANA | B10: =INDEX('[3]Enrolled accounts Dom'!$A10:$M10,MATCH(B$2,'[3]Enrolled accounts Dom'!$A$2:$M$2,0)) -> 15.6 | C10: =INDEX('[3]Enrolled accounts Dom'!$A10:$M10,MATCH(C$2,'[3]Enrolled accounts Dom'!$A$2:$M$2,0)) -> 2.05 | D10: =INDEX('[3]Enrolled accounts Dom'!$A10:$M10,MATCH(D$2,'[3]Enrolled accounts Dom'!$A$2:$M$2,0)) -> 11 | E10: =IF(INDEX('[3]Enrolled accounts Dom'!$A10:$M10,MATCH(E$2,'[3]Enrolled accounts Dom'!$A$2:$M$2,0))=0,"",INDEX('[3]Enrolled accounts Dom'!$A10:$M10,MATCH(E$2,'[3]Enrolled accounts Dom'!$A$2:$M$2,0))) -> 45991 | F10: =IF(INDEX('[3]Enrolled accounts Dom'!$A10:$M10,MATCH(F$2,'[3]Enrolled accounts Dom'!$A$2:$M$2,0))=0,"",INDEX('[3]Enrolled accounts Dom'!$A10:$M10,MATCH(F$2,'[3]Enrolled accounts Dom'!$A$2:$M$2,0))) -> 45731
A11: =INDEX('[3]Enrolled accounts Dom'!$A11:$M11,MATCH(A$2,'[3]Enrolled accounts Dom'!$A$2:$M$2,0)) -> BADILLA MARY ROSE | B11: =INDEX('[3]Enrolled accounts Dom'!$A11:$M11,MATCH(B$2,'[3]Enrolled accounts Dom'!$A$2:$M$2,0)) -> 15.6 | C11: =INDEX('[3]Enrolled accounts Dom'!$A11:$M11,MATCH(C$2,'[3]Enrolled accounts Dom'!$A$2:$M$2,0)) -> 2.05 | D11: =INDEX('[3]Enrolled accounts Dom'!$A11:$M11,MATCH(D$2,'[3]Enrolled accounts Dom'!$A$2:$M$2,0)) -> 44 | E11: =IF(INDEX('[3]Enrolled accounts Dom'!$A11:$M11,MATCH(E$2,'[3]Enrolled accounts Dom'!$A$2:$M$2,0))=0,"",INDEX('[3]Enrolled accounts Dom'!$A11:$M11,MATCH(E$2,'[3]Enrolled accounts Dom'!$A$2:$M$2,0))) -> 45991 | F11: =IF(INDEX('[3]Enrolled accounts Dom'!$A11:$M11,MATCH(F$2,'[3]Enrolled accounts Dom'!$A$2:$M$2,0))=0,"",INDEX('[3]Enrolled accounts Dom'!$A11:$M11,MATCH(F$2,'[3]Enrolled accounts Dom'!$A$2:$M$2,0))) -> 45731
A12: =INDEX('[3]Enrolled accounts Dom'!$A12:$M12,MATCH(A$2,'[3]Enrolled accounts Dom'!$A$2:$M$2,0)) -> BALATUCAN NENE | B12: =INDEX('[3]Enrolled accounts Dom'!$A12:$M12,MATCH(B$2,'[3]Enrolled accounts Dom'!$A$2:$M$2,0)) -> 15.6 | C12: =INDEX('[3]Enrolled accounts Dom'!$A12:$M12,MATCH(C$2,'[3]Enrolled accounts Dom'!$A$2:$M$2,0)) -> 2.05 | D12: =INDEX('[3]Enrolled accounts Dom'!$A12:$M12,MATCH(D$2,'[3]Enrolled accounts Dom'!$A$2:$M$2,0)) -> 11 | E12: =IF(INDEX('[3]Enrolled accounts Dom'!$A12:$M12,MATCH(E$2,'[3]Enrolled accounts Dom'!$A$2:$M$2,0))=0,"",INDEX('[3]Enrolled accounts Dom'!$A12:$M12,MATCH(E$2,'[3]Enrolled accounts Dom'!$A$2:$M$2,0))) -> 45991 | F12: =IF(INDEX('[3]Enrolled accounts Dom'!$A12:$M12,MATCH(F$2,'[3]Enrolled accounts Dom'!$A$2:$M$2,0))=0,"",INDEX('[3]Enrolled accounts Dom'!$A12:$M12,MATCH(F$2,'[3]Enrolled accounts Dom'!$A$2:$M$2,0))) -> 45731
A13: =INDEX('[3]Enrolled accounts Dom'!$A13:$M13,MATCH(A$2,'[3]Enrolled accounts Dom'!$A$2:$M$2,0)) -> BANTAYAN MINDA | B13: =INDEX('[3]Enrolled accounts Dom'!$A13:$M13,MATCH(B$2,'[3]Enrolled accounts Dom'!$A$2:$M$2,0)) -> 15.6 | C13: =INDEX('[3]Enrolled accounts Dom'!$A13:$M13,MATCH(C$2,'[3]Enrolled accounts Dom'!$A$2:$M$2,0)) -> 2.05 | D13: =INDEX('[3]Enrolled accounts Dom'!$A13:$M13,MATCH(D$2,'[3]Enrolled accounts Dom'!$A$2:$M$2,0)) -> 110 | E13: =IF(INDEX('[3]Enrolled accounts Dom'!$A13:$M13,MATCH(E$2,'[3]Enrolled accounts Dom'!$A$2:$M$2,0))=0,"",INDEX('[3]Enrolled accounts Dom'!$A13:$M13,MATCH(E$2,'[3]Enrolled accounts Dom'!$A$2:$M$2,0))) | F13: =IF(INDEX('[3]Enrolled accounts Dom'!$A13:$M13,MATCH(F$2,'[3]Enrolled accounts Dom'!$A$2:$M$2,0))=0,"",INDEX('[3]Enrolled accounts Dom'!$A13:$M13,MATCH(F$2,'[3]Enrolled accounts Dom'!$A$2:$M$2,0))) -> 45731
A14: =INDEX('[3]Enrolled accounts Dom'!$A14:$M14,MATCH(A$2,'[3]Enrolled accounts Dom'!$A$2:$M$2,0)) -> BEGGS BAKERY SINNIOR | B14: =INDEX('[3]Enrolled accounts Dom'!$A14:$M14,MATCH(B$2,'[3]Enrolled accounts Dom'!$A$2:$M$2,0)) -> 15.6 | C14: =INDEX('[3]Enrolled accounts Dom'!$A14:$M14,MATCH(C$2,'[3]Enrolled accounts Dom'!$A$2:$M$2,0)) -> 2.05 | D14: =INDEX('[3]Enrolled accounts Dom'!$A14:$M14,MATCH(D$2,'[3]Enrolled accounts Dom'!$A$2:$M$2,0)) -> 55 | E14: =IF(INDEX('[3]Enrolled accounts Dom'!$A14:$M14,MATCH(E$2,'[3]Enrolled accounts Dom'!$A$2:$M$2,0))=0,"",INDEX('[3]Enrolled accounts Dom'!$A14:$M14,MATCH(E$2,'[3]Enrolled accounts Dom'!$A$2:$M$2,0))) -> 45991 | F14: =IF(INDEX('[3]Enrolled accounts Dom'!$A14:$M14,MATCH(F$2,'[3]Enrolled accounts Dom'!$A$2:$M$2,0))=0,"",INDEX('[3]Enrolled accounts Dom'!$A14:$M14,MATCH(F$2,'[3]Enrolled accounts Dom'!$A$2:$M$2,0))) -> 45731
... A1000: =INDEX('[3]Enrolled accounts Dom'!$A1000:$M1000,MATCH(A$2,'[3]Enrolled accounts Dom'!$A$2:$M$2,0)) -> 0 | B1000: =INDEX('[3]Enrolled accounts Dom'!$A1000:$M1000,MATCH(B$2,'[3]Enrolled accounts Dom'!$A$2:$M$2,0)) -> 0 | C1000: =INDEX('[3]Enrolled accounts Dom'!$A1000:$M1000,MATCH(C$2,'[3]Enrolled accounts Dom'!$A$2:$M$2,0)) -> 0 | D1000: =INDEX('[3]Enrolled accounts Dom'!$A1000:$M1000,MATCH(D$2,'[3]Enrolled accounts Dom'!$A$2:$M$2,0)) -> 0 | E1000: =IF(INDEX('[3]Enrolled accounts Dom'!$A1000:$M1000,MATCH(E$2,'[3]Enrolled accounts Dom'!$A$2:$M$2,0))=0,"",INDEX('[3]Enrolled accounts Dom'!$A1000:$M1000,MATCH(E$2,'[3]Enrolled accounts Dom'!$A$2:$M$2,0))) | F1000: =IF(INDEX('[3]Enrolled accounts Dom'!$A1000:$M1000,MATCH(F$2,'[3]Enrolled accounts Dom'!$A$2:$M$2,0))=0,"",INDEX('[3]Enrolled accounts Dom'!$A1000:$M1000,MATCH(F$2,'[3]Enrolled accounts Dom'!$A$2:$M$2,0)))
